Workbook

Sheet year summary
B1: First year | C1: Second Year
A2: No. of Students | B2: ='year 1'!C17 -> 8600000 | C2: 8600000 | D2: ='year 3'!B16 -> 7000000
A3: % of targeted students | B3: ='year 1'!B7 -> 0.02 | C3: 0.04 | D3: ='year 3'!O16 -> 0.25125
A4: No. of targeted student | B4: =B2*B3 -> 172000 | C4: =C2*C3 -> 344000 | D4: =D2*D3 -> 1758750
A5: Subscription price | B5: 300 | C5: 300 | D5: =D4*2 -> 3517500
A6: Sales in KSA | B6: =B4*B5 -> 51600000 | C6: =C4*C5 -> 103200000 | D6: .
B18: First year | C18: Second Year | D18: Third Year | E18: Total 3 years
B19: Aug 2024-July 2025 | C19: Aug 2025- July 2026 | D19: Aug 2024-July 2025
A20: sales | B20: ='year 1'!P18 -> 37152000 | C20: ='year 2'!P18 -> 103200000 | D20: ='year 3'!O19 -> 175875000 | E20: =SUM(B20:D20) -> 316227000
A22: Marketing Exp. | B22: ='year 1'!P23 -> 2515500 | C22: ='year 2'!P23 -> 6000000 | D22: ='year 3'!O24 -> 10000000 | E22: =SUM(B22:D22) -> 18515500
D23: ='year 3'!O26 -> 0 | E23: =SUM(B23:D23) -> 0
A24: Operation Exp. | B24: ='year 1'!P46-'year summary'!B22-'year summary'!B23 -> 8661303.7 | C24: ='year 2'!P46-'year summary'!C22-'year summary'!C23 -> 22348225 | D24: ='year 3'!O50-'year summary'!D22-'year summary'!D23 -> 6925246.2 | E24: =SUM(B24:D24) -> 37934775
A25: Total Exp. | B25: =SUM(B22:B24) -> 11176804 | C25: =SUM(C22:C24) -> 28348225 | D25: =SUM(D22:D24) -> 16925246 | E25: =SUM(B25:D25) -> 56450275
A27: Net Profit | B27: =B20-B25 -> 25975196 | C27: =C20-C25 -> 74851775 | D27: =D20-D25 -> 1.5894975e+08 | E27: =D27+C27+B27 -> 2.5977673e+08
A54: Marketing | B54: ='year 1'!P23 -> 2515500
A56: No. Of Students | B56: =B4 -> 172000
A58: % of Targeted students | B58: ='year 1'!P17 -> 0.0144
A60: Sales | B60: =B20 -> 37152000
A74: Sales

Sheet year 1
D4: 45505 | E4: 45536 | F4: 45566 | G4: 45597 | H4: 45627 | I4: 45658 | J4: 45689 | K4: 45717 | L4: 45748 | M4: 45778 | N4: 45809 | O4: 45839 | P4: Total
A5: Overall Budget
A6: 3-Years Budget Sheet | B6: % | C6: SAR
A7: Market share | B7: 0.02 | D7: 0 | E7: 0.01 | F7: 0.02 | G7: 0.015 | H7: 0.025 | I7: 0.05 | J7: 0.07 | K7: 0.1 | L7: 0.12 | M7: 0.16 | N7: 0.18 | O7: 0 | P7: =SUM(D7:O7) -> 0.75
A8: ELEMENTRY | B8: =B7*0.25 -> 0.005 | C8: 300 | D8: =$B8*D$7*$C$17 -> 0 | E8: 0 | F8: 0 | G8: =$B8*G$7*$C$17 -> 645 | H8: =$B8*H$7*$C$17 -> 1075 | I8: =$B8*I$7*$C$17 -> 2150 | J8: =$B8*J$7*$C$17 -> 3010 | K8: =$B8*K$7*$C$17 -> 4300 | L8: =$B8*L$7*$C$17 -> 5160 | M8: =$B8*M$7*$C$17 -> 6880 | N8: =$B8*N$7*$C$17 -> 7740 | O8: =$B8*O$7*$C$17 -> 0
A9: INTERMEDIATE | B9: =B7*0.5 -> 0.01 | C9: 300 | D9: =$B9*D$7*$C$17 -> 0 | E9: 0 | F9: 0 | G9: =$B9*G$7*$C$17 -> 1290 | H9: =$B9*H$7*$C$17 -> 2150 | I9: =$B9*I$7*$C$17 -> 4300 | J9: =$B9*J$7*$C$17 -> 6020 | K9: =$B9*K$7*$C$17 -> 8600 | L9: =$B9*L$7*$C$17 -> 10320 | M9: =$B9*M$7*$C$17 -> 13760 | N9: =$B9*N$7*$C$17 -> 15480 | O9: =$B9*O$7*$C$17 -> 0
A10: SECONDARY | B10: =B7*0.25 -> 0.005 | C10: 300 | D10: =$B10*D$7*$C$17 -> 0 | E10: 0 | F10: 0 | G10: =$B10*G$7*$C$17 -> 645 | H10: =$B10*H$7*$C$17 -> 1075 | I10: =$B10*I$7*$C$17 -> 2150 | J10: =$B10*J$7*$C$17 -> 3010 | K10: =$B10*K$7*$C$17 -> 4300 | L10: =$B10*L$7*$C$17 -> 5160 | M10: =$B10*M$7*$C$17 -> 6880 | N10: =$B10*N$7*$C$17 -> 7740 | O10: =$B10*O$7*$C$17 -> 0
A11: Total | D11: =SUM(D8:D10) -> 0 | E11: =SUM(E8:E10) -> 0 | F11: =SUM(F8:F10) -> 0 | G11: =SUM(G8:G10) -> 2580 | H11: =SUM(H8:H10) -> 4300 | I11: =SUM(I8:I10) -> 8600 | J11: =SUM(J8:J10) -> 12040 | K11: =SUM(K8:K10) -> 17200 | ... O11: =SUM(O8:O10) -> 0 | P11: =SUM(D11:O11) -> 123840
A12: 1- P&L
A13: Elementary ( Sales ) | D13: =D8*$C8 -> 0 | E13: =E8*$C8 -> 0 | F13: =F8*$C8 -> 0 | G13: =G8*$C8 -> 193500 | H13: =H8*$C8 -> 322500 | I13: =I8*$C8 -> 645000 | J13: =J8*$C8 -> 903000 | K13: =K8*$C8 -> 1290000 | ... O13: =O8*$C8 -> 0
A14: Intermediate ( Sales ) | D14: =D9*$C9 -> 0 | E14: =E9*$C9 -> 0 | F14: =F9*$C9 -> 0 | G14: =G9*$C9 -> 387000 | H14: =H9*$C9 -> 645000 | I14: =I9*$C9 -> 1290000 | J14: =J9*$C9 -> 1806000 | K14: =K9*$C9 -> 2580000 | ... O14: =O9*$C9 -> 0
A15: Secondary ( Sales ) | D15: =D10*$C10 -> 0 | E15: =E10*$C10 -> 0 | F15: =F10*$C10 -> 0 | G15: =G10*$C10 -> 193500 | H15: =H10*$C10 -> 322500 | I15: =I10*$C10 -> 645000 | J15: =J10*$C10 -> 903000 | K15: =K10*$C10 -> 1290000 | ... O15: =O10*$C10 -> 0
A16: Total sales | D16: =SUM(D13:D15) -> 0 | E16: =SUM(E13:E15) -> 0 | F16: =SUM(F13:F15) -> 0 | G16: =SUM(G13:G15) -> 774000 | H16: =SUM(H13:H15) -> 1290000 | I16: =SUM(I13:I15) -> 2580000 | J16: =SUM(J13:J15) -> 3612000 | K16: =SUM(K13:K15) -> 5160000 | ... O16: =SUM(O13:O15) -> 0 | P16: =SUM(D16:O16) -> 37152000
A17: Share % of students+teachers | C17: 8600000 | D17: =D11/$C$17 -> 0 | E17: =E11/$C$17 -> 0 | F17: =F11/$C$17 -> 0 | G17: =G11/$C$17 -> 0.0003 | H17: =H11/$C$17 -> 0.0005 | I17: =I11/$C$17 -> 0.001 | J17: =J11/$C$17 -> 0.0014 | K17: =K11/$C$17 -> 0.002 | ... O17: =O11/$C$17 -> 0 | P17: =P11/C17 -> 0.0144
A18: Total Income | D18: =SUM(D16:D17) -> 0 | E18: =E16 -> 0 | F18: =F16 -> 0 | G18: =G16 -> 774000 | H18: =H16 -> 1290000 | I18: =I16 -> 2580000 | J18: =J16 -> 3612000 | K18: =K16 -> 5160000 | L18: =L16 -> 6192000 | ... N18: =N16 -> 9288000 | O18: =SUM(O16:O17) -> 0 | P18: =SUM(D18:O18) -> 37152000
A20: Less Operating Expenses
A21: Salaries and Wages | D21: 211908.52 | E21: 246329.33 | F21: 234610.86 | G21: 200000 | H21: =G21 -> 200000 | I21: =H21 -> 200000 | J21: =I21 -> 200000 | K21: =J21 -> 200000 | L21: =K21 -> 200000 | M21: =L21 -> 200000 | N21: =M21 -> 200000 | O21: =N21 -> 200000 | P21: =SUM(D21:O21) -> 2492848.7
A22: Rent | D22: 0 | E22: 0 | F22: 0 | G22: 15000 | H22: =G22 -> 15000 | I22: =H22 -> 15000 | J22: =I22 -> 15000 | K22: =J22 -> 15000 | L22: =K22 -> 15000 | M22: =L22 -> 15000 | N22: =M22 -> 15000 | O22: =N22 -> 15000 | P22: =SUM(D22:O22) -> 135000
A23: Marketing & Advertising | D23: 0 | E23: 0 | F23: 0 | G23: 440000 | H23: =200000+75500 -> 275500 | I23: 300000 | J23: 300000 | K23: 300000 | L23: 300000 | M23: 300000 | N23: 300000 | O23: 0 | P23: =SUM(D23:O23) -> 2515500
A24: AI expenses (Hygen+Chatgpt) | B24: 250 Package | D24: 0 | E24: 0 | F24: 0 | G24: =_xlfn.XLOOKUP($B$24,'250 calc'!$A$83:$A$85,'250 calc'!$C$83:$C$85,0)*G11 -> 105094.69 | H24: =_xlfn.XLOOKUP($B$24,'250 calc'!$A$83:$A$85,'250 calc'!$C$83:$C$85,0)*H11 -> 175157.81 | I24: =_xlfn.XLOOKUP($B$24,'250 calc'!$A$83:$A$85,'250 calc'!$C$83:$C$85,0)*I11 -> 350315.62 | J24: =_xlfn.XLOOKUP($B$24,'250 calc'!$A$83:$A$85,'250 calc'!$C$83:$C$85,0)*J11 -> 490441.88 | K24: =_xlfn.XLOOKUP($B$24,'250 calc'!$A$83:$A$85,'250 calc'!$C$83:$C$85,0)*K11 -> 700631.25 | L24: =_xlfn.XLOOKUP($B$24,'250 calc'!$A$83:$A$85,'250 calc'!$C$83:$C$85,0)*L11 -> 840757.5 | M24: =_xlfn.XLOOKUP($B$24,'250 calc'!$A$83:$A$85,'250 calc'!$C$83:$C$85,0)*M11 -> 1121010 | N24: =_xlfn.XLOOKUP($B$24,'250 calc'!$A$83:$A$85,'250 calc'!$C$83:$C$85,0)*N11 -> 1261136.2 | O24: =_xlfn.XLOOKUP($B$24,'250 calc'!$A$83:$A$85,'250 calc'!$C$83:$C$85,0)*O11 -> 0 | P24: =SUM(D24:O24) -> 5044545 | Q24: =P24/P18 -> 0.13578125
A25: AI expenses (Chatgpt) | B25: 1000 Package | D25: 0 | E25: 0 | F25: 0 | G25: =_xlfn.XLOOKUP($B$25,'1000 calc'!$A$75:$A$77,'1000 calc'!$C$75:$C$77,0)*G11 -> 8707.5 | H25: =_xlfn.XLOOKUP($B$25,'1000 calc'!$A$75:$A$77,'1000 calc'!$C$75:$C$77,0)*H11 -> 14512.5 | I25: =_xlfn.XLOOKUP($B$25,'1000 calc'!$A$75:$A$77,'1000 calc'!$C$75:$C$77,0)*I11 -> 29025 | J25: =_xlfn.XLOOKUP($B$25,'1000 calc'!$A$75:$A$77,'1000 calc'!$C$75:$C$77,0)*J11 -> 40635 | K25: =_xlfn.XLOOKUP($B$25,'1000 calc'!$A$75:$A$77,'1000 calc'!$C$75:$C$77,0)*K11 -> 58050 | L25: =_xlfn.XLOOKUP($B$25,'1000 calc'!$A$75:$A$77,'1000 calc'!$C$75:$C$77,0)*L11 -> 69660 | M25: =_xlfn.XLOOKUP($B$25,'1000 calc'!$A$75:$A$77,'1000 calc'!$C$75:$C$77,0)*M11 -> 92880 | N25: =_xlfn.XLOOKUP($B$25,'1000 calc'!$A$75:$A$77,'1000 calc'!$C$75:$C$77,0)*N11 -> 104490 | O25: =_xlfn.XLOOKUP($B$25,'1000 calc'!$A$75:$A$77,'1000 calc'!$C$75:$C$77,0)*O11 -> 0 | P25: =SUM(D25:O25) -> 417960 | Q25: =P25/P18 -> 0.01125
A26: Qudorat (HeyGen) $20K | D26: 0 | E26: 0 | F26: 0 | G26: 0 | H26: 0 | I26: 0 | J26: 0 | K26: 0 | L26: 0 | M26: 0 | N26: 0 | O26: 0 | P26: =SUM(D26:O26) -> 0
A27: Other Oparating Expenses
A28: Consultation Fees | D28: 0 | E28: 0 | F28: 0 | G28: 10000 | H28: =G28 -> 10000 | I28: =H28 -> 10000 | J28: =I28 -> 10000 | K28: =J28 -> 10000 | L28: =K28 -> 10000 | M28: =L28 -> 10000 | N28: =M28 -> 10000 | O28: =N28 -> 10000 | P28: =SUM(D28:O28) -> 90000
A29: Depreciation Expense | D29: 0 | E29: 0 | F29: 0 | G29: 2500 | H29: =G29 -> 2500 | I29: =H29 -> 2500 | J29: =I29 -> 2500 | K29: =J29 -> 2500 | L29: =K29 -> 2500 | M29: =L29 -> 2500 | N29: =M29 -> 2500 | O29: =N29 -> 2500 | P29: =SUM(D29:O29) -> 22500
A30: Printing & Stationery | D30: 0 | E30: 0 | F30: 0 | G30: 500 | H30: =G30 -> 500 | I30: =H30 -> 500 | J30: =I30 -> 500 | K30: =J30 -> 500 | L30: =K30 -> 500 | M30: =L30 -> 500 | N30: =M30 -> 500 | O30: =N30 -> 500 | P30: =SUM(D30:O30) -> 4500
A31: Subscriptions ( Internet & Mobiles ) | D31: 0 | E31: 0 | F31: 0 | G31: 1000 | H31: 1000 | I31: 1000 | J31: 1000 | K31: 1000 | L31: 1000 | M31: 1000 | N31: 1000 | O31: 1000 | P31: =SUM(D31:O31) -> 9000
A32: Programming tools fees | D32: 0 | E32: 0 | F32: 0 | G32: 8000 | H32: 8000 | I32: 8000 | J32: 8000 | K32: 8000 | L32: 8000 | M32: 8000 | N32: 8000 | O32: 8000 | P32: =SUM(D32:O32) -> 72000
A33: Repairs and Maintenance | D33: 0 | E33: 0 | F33: 0 | G33: =15*30 -> 450 | H33: =15*30 -> 450 | I33: =15*30 -> 450 | J33: =15*30 -> 450 | K33: =15*30 -> 450 | L33: =15*30 -> 450 | M33: =15*30 -> 450 | N33: =15*30 -> 450 | O33: =15*30 -> 450 | P33: =SUM(D33:O33) -> 4050
A34: Hospitality | D34: 0 | E34: 0 | F34: 0 | G34: 1000 | H34: =G34 -> 1000 | I34: =H34 -> 1000 | J34: =I34 -> 1000 | K34: =J34 -> 1000 | L34: =K34 -> 1000 | M34: =L34 -> 1000 | N34: =M34 -> 1000 | O34: =N34 -> 1000 | P34: =SUM(D34:O34) -> 9000
A35: Insurance | D35: 0 | E35: 0 | F35: 0 | G35: 3000 | H35: 3000 | I35: 3000 | J35: 3000 | K35: 3000 | L35: 3000 | M35: 3000 | N35: 3000 | O35: 3000 | P35: =SUM(D35:O35) -> 27000
A36: Profesional Fees | D36: 0 | E36: 0 | F36: 0 | G36: =24000/12 -> 2000 | H36: =24000/12 -> 2000 | I36: =24000/12 -> 2000 | J36: =24000/12 -> 2000 | K36: =24000/12 -> 2000 | L36: =24000/12 -> 2000 | M36: =24000/12 -> 2000 | N36: =24000/12 -> 2000 | O36: =24000/12 -> 2000 | P36: =SUM(D36:O36) -> 18000
A37: Indemnity & leave | D37: 0 | E37: 0 | F37: 0 | G37: 8333.3333 | H37: =50000*(2/12) -> 8333.3333 | I37: =50000*(2/12) -> 8333.3333 | J37: =50000*(2/12) -> 8333.3333 | K37: =50000*(2/12) -> 8333.3333 | L37: =50000*(2/12) -> 8333.3333 | M37: =50000*(2/12) -> 8333.3333 | N37: =50000*(2/12) -> 8333.3333 | O37: =50000*(2/12) -> 8333.3333 | P37: =SUM(D37:O37) -> 75000
A38: Telephone & Internet | D38: 0 | E38: 0 | F38: 0 | G38: 1200 | H38: 1200 | I38: 1200 | J38: 1200 | K38: 1200 | L38: 1200 | M38: 1200 | N38: 1200 | O38: 1200 | P38: =SUM(D38:O38) -> 10800
A39: Travel | D39: 0 | E39: 0 | F39: 0 | G39: 0 | H39: 0 | I39: 0 | J39: 0 | K39: 0 | L39: 50000 | M39: 0 | N39: 0 | O39: 0 | P39: =SUM(D39:O39) -> 50000
A40: Governmental Expenses | D40: 0 | E40: 0 | F40: 0 | G40: 10000 | H40: 10000 | I40: 10000 | J40: 10000 | K40: 10000 | L40: 10000 | M40: 10000 | N40: 10000 | O40: 10000 | P40: =SUM(D40:O40) -> 90000
A41: Staff Residences Expenses | D41: 0 | E41: 0 | F41: 0 | G41: =(4*(50+50+10+10))/12*10 -> 400 | H41: =(4*(50+50+10+10))/12*10 -> 400 | I41: =(4*(50+50+10+10))/12*10 -> 400 | J41: =(4*(50+50+10+10))/12*10 -> 400 | K41: =(4*(50+50+10+10))/12*10 -> 400 | L41: =(4*(50+50+10+10))/12*10 -> 400 | M41: =(4*(50+50+10+10))/12*10 -> 400 | N41: =(4*(50+50+10+10))/12*10 -> 400 | O41: =(4*(50+50+10+10))/12*10 -> 400 | P41: =SUM(D41:O41) -> 3600
A42: Bank Charges | D42: 0 | E42: 0 | F42: 0 | G42: 2000 | H42: 2000 | I42: 2000 | J42: 2000 | K42: 2000 | L42: 2000 | M42: 2000 | N42: 2000 | O42: 2000 | P42: =SUM(D42:O42) -> 18000
A43: IT and Software | D43: 0 | E43: 0 | F43: 0 | G43: 2500 | H43: 2500 | I43: 2500 | J43: 2500 | K43: 2500 | L43: 2500 | M43: 2500 | N43: 2500 | O43: 2500 | P43: =SUM(D43:O43) -> 22500
A44: Miscellaneous Expenses | D44: 0 | E44: 0 | F44: 0 | G44: 2500 | H44: 2500 | I44: 2500 | J44: 2500 | K44: 2500 | L44: 2500 | M44: 2500 | N44: 2500 | O44: 2500 | P44: =SUM(D44:O44) -> 22500
A45: Cleaning Expenses | D45: 0 | E45: 0 | F45: 0 | G45: 2500 | H45: 2500 | I45: 2500 | J45: 2500 | K45: 2500 | L45: 2500 | M45: 2500 | N45: 2500 | O45: 2500 | P45: =SUM(D45:O45) -> 22500
A46: Total Operating Expenses | D46: =SUM(D19:D45) -> 211908.52 | E46: =SUM(E19:E45) -> 246329.33 | F46: =SUM(F19:F45) -> 234610.86 | G46: =SUM(G19:G45) -> 826685.52 | H46: =SUM(H19:H45) -> 738053.65 | I46: =SUM(I19:I45) -> 952223.96 | J46: =SUM(J19:J45) -> 1103960.2 | K46: =SUM(K19:K45) -> 1331564.6 | ... O46: =SUM(O19:O45) -> 272883.33 | P46: =SUM(D46:O46) -> 11176804
A48: Monthly - Net Profit / Loss | D48: =D18-D46 -> -211908.52 | E48: =E18-E46 -> -246329.33 | F48: =F18-F46 -> -234610.86 | G48: =G18-G46 -> -52685.521 | H48: =H18-H46 -> 551946.35 | I48: =I18-I46 -> 1627776 | J48: =J18-J46 -> 2508039.8 | K48: =K18-K46 -> 3828435.4 | ... O48: =O18-O46 -> -272883.33 | P48: =SUM(D48:O48) -> 25975196 | Q48: =P48/P18 -> 0.69916011
A51: Sales | D51: 0 | E51: =E18 -> 0 | F51: =F18 -> 0 | G51: =G18 -> 774000 | H51: =H18 -> 1290000 | I51: =I18 -> 2580000 | J51: =J18 -> 3612000 | K51: =K18 -> 5160000 | L51: =L18 -> 6192000 | ... O51: =O18 -> 0
A53: Cash Flow | D53: =D51+D48 -> -211908.52 | E53: =D53+E51-E46 -> -458237.85 | F53: =E53+F51-F46 -> -692848.71 | G53: =F53+G51-G46 -> -745534.24 | H53: =G53+H51-H46 -> -193587.88 | I53: =H53+I51-I46 -> 1434188.2 | J53: =I53+J51-J46 -> 3942228 | K53: =J53+K51-K46 -> 7770663.4 | L53: =K53+L51-L46 -> 12429363 | ... O53: =N53+O51-O46 -> 25975196

Sheet year 2
D4: 45870 | E4: 45901 | F4: 45931 | G4: 45962 | H4: 45992 | I4: 46023 | J4: 46054 | K4: 46082 | L4: 46113 | M4: 46143 | N4: 46174 | O4: 46204 | P4: Total
A5: Overall Budget
A6: 3-Years Budget Sheet | B6: % | C6: SAR
A7: Market share | B7: 0.04 | D7: 0 | E7: 0.01 | F7: 0.02 | G7: 0.04 | H7: 0.05 | I7: 0.07 | J7: 0.1 | K7: 0.14 | L7: 0.18 | M7: 0.18 | N7: 0.21 | O7: 0 | P7: =SUM(D7:O7) -> 1
A8: ELEMENTRY | B8: =B7*0.25 -> 0.01 | C8: 300 | D8: =$B8*D$7*$C$17 -> 0 | E8: =$B8*E$7*$C$17 -> 860 | F8: =$B8*F$7*$C$17 -> 1720 | G8: =$B8*G$7*$C$17 -> 3440 | H8: =$B8*H$7*$C$17 -> 4300 | I8: =$B8*I$7*$C$17 -> 6020 | J8: =$B8*J$7*$C$17 -> 8600 | K8: =$B8*K$7*$C$17 -> 12040 | ... O8: =$B8*O$7*$C$17 -> 0
A9: INTERMEDIATE | B9: =B7*0.5 -> 0.02 | C9: 300 | D9: =$B9*D$7*$C$17 -> 0 | E9: =$B9*E$7*$C$17 -> 1720 | F9: =$B9*F$7*$C$17 -> 3440 | G9: =$B9*G$7*$C$17 -> 6880 | H9: =$B9*H$7*$C$17 -> 8600 | I9: =$B9*I$7*$C$17 -> 12040 | J9: =$B9*J$7*$C$17 -> 17200 | K9: =$B9*K$7*$C$17 -> 24080 | ... O9: =$B9*O$7*$C$17 -> 0
A10: SECONDARY | B10: =B7*0.25 -> 0.01 | C10: 300 | D10: =$B10*D$7*$C$17 -> 0 | E10: =$B10*E$7*$C$17 -> 860 | F10: =$B10*F$7*$C$17 -> 1720 | G10: =$B10*G$7*$C$17 -> 3440 | H10: =$B10*H$7*$C$17 -> 4300 | I10: =$B10*I$7*$C$17 -> 6020 | J10: =$B10*J$7*$C$17 -> 8600 | K10: =$B10*K$7*$C$17 -> 12040 | ... O10: =$B10*O$7*$C$17 -> 0
A11: Total | D11: =SUM(D8:D10) -> 0 | E11: =SUM(E8:E10) -> 3440 | F11: =SUM(F8:F10) -> 6880 | G11: =SUM(G8:G10) -> 13760 | H11: =SUM(H8:H10) -> 17200 | I11: =SUM(I8:I10) -> 24080 | J11: =SUM(J8:J10) -> 34400 | K11: =SUM(K8:K10) -> 48160 | ... O11: =SUM(O8:O10) -> 0 | P11: =SUM(D11:O11) -> 344000
A12: 1- P&L
A13: Elementary ( Sales ) | D13: =D8*$C8 -> 0 | E13: =E8*$C8 -> 258000 | F13: =F8*$C8 -> 516000 | G13: =G8*$C8 -> 1032000 | H13: =H8*$C8 -> 1290000 | I13: =I8*$C8 -> 1806000 | J13: =J8*$C8 -> 2580000 | K13: =K8*$C8 -> 3612000 | ... O13: =O8*$C8 -> 0
A14: Intermediate ( Sales ) | D14: =D9*$C9 -> 0 | E14: =E9*$C9 -> 516000 | F14: =F9*$C9 -> 1032000 | G14: =G9*$C9 -> 2064000 | H14: =H9*$C9 -> 2580000 | I14: =I9*$C9 -> 3612000 | J14: =J9*$C9 -> 5160000 | K14: =K9*$C9 -> 7224000 | ... O14: =O9*$C9 -> 0
A15: Secondary ( Sales ) | D15: =D10*$C10 -> 0 | E15: =E10*$C10 -> 258000 | F15: =F10*$C10 -> 516000 | G15: =G10*$C10 -> 1032000 | H15: =H10*$C10 -> 1290000 | I15: =I10*$C10 -> 1806000 | J15: =J10*$C10 -> 2580000 | K15: =K10*$C10 -> 3612000 | ... O15: =O10*$C10 -> 0
A16: Total sales | D16: =SUM(D13:D15) -> 0 | E16: =SUM(E13:E15) -> 1032000 | F16: =SUM(F13:F15) -> 2064000 | G16: =SUM(G13:G15) -> 4128000 | H16: =SUM(H13:H15) -> 5160000 | I16: =SUM(I13:I15) -> 7224000 | J16: =SUM(J13:J15) -> 10320000 | K16: =SUM(K13:K15) -> 14448000 | ... O16: =SUM(O13:O15) -> 0 | P16: =SUM(D16:O16) -> 103200000
A17: Share % of students+teachers | C17: 8600000 | D17: =D11/$C$17 -> 0 | E17: =E11/$C$17 -> 0.0004 | F17: =F11/$C$17 -> 0.0008 | G17: =G11/$C$17 -> 0.0016 | H17: =H11/$C$17 -> 0.002 | I17: =I11/$C$17 -> 0.0028 | J17: =J11/$C$17 -> 0.004 | K17: =K11/$C$17 -> 0.0056 | ... O17: =O11/$C$17 -> 0 | P17: =P11/C17 -> 0.04
A18: Total Income | D18: =SUM(D16:D17) -> 0 | E18: =E16 -> 1032000 | F18: =F16 -> 2064000 | G18: =G16 -> 4128000 | H18: =H16 -> 5160000 | I18: =I16 -> 7224000 | J18: =J16 -> 10320000 | K18: =K16 -> 14448000 | L18: =L16 -> 18576000 | ... N18: =N16 -> 21672000 | O18: =SUM(O16:O17) -> 0 | P18: =SUM(D18:O18) -> 103200000
A20: Less Operating Expenses
A21: Salaries and Wages | D21: 500000 | E21: =D21 -> 500000 | F21: =E21 -> 500000 | G21: =F21 -> 500000 | H21: =G21 -> 500000 | I21: =H21 -> 500000 | J21: =I21 -> 500000 | K21: =J21 -> 500000 | L21: =K21 -> 500000 | ... O21: =N21 -> 500000 | P21: =SUM(D21:O21) -> 6000000
A22: Rent | D22: 25000 | E22: =D22 -> 25000 | F22: =E22 -> 25000 | G22: =F22 -> 25000 | H22: =G22 -> 25000 | I22: =H22 -> 25000 | J22: =I22 -> 25000 | K22: =J22 -> 25000 | L22: =K22 -> 25000 | ... O22: =N22 -> 25000 | P22: =SUM(D22:O22) -> 300000
A23: Marketing & Advertising | D23: 500000 | E23: 1000000 | F23: 500000 | G23: 500000 | H23: 500000 | I23: 500000 | J23: 500000 | K23: 500000 | L23: 500000 | M23: 500000 | N23: 500000 | O23: 0 | P23: =SUM(D23:O23) -> 6000000
A24: AI expenses (Hygen+Chatgpt) | B24: 250 Package | D24: =_xlfn.XLOOKUP($B$24,'250 calc'!$A$83:$A$85,'250 calc'!$C$83:$C$85,0)*D11 -> 0 | E24: =_xlfn.XLOOKUP($B$24,'250 calc'!$A$83:$A$85,'250 calc'!$C$83:$C$85,0)*E11 -> 140126.25 | F24: =_xlfn.XLOOKUP($B$24,'250 calc'!$A$83:$A$85,'250 calc'!$C$83:$C$85,0)*F11 -> 280252.5 | G24: =_xlfn.XLOOKUP($B$24,'250 calc'!$A$83:$A$85,'250 calc'!$C$83:$C$85,0)*G11 -> 560505 | H24: =_xlfn.XLOOKUP($B$24,'250 calc'!$A$83:$A$85,'250 calc'!$C$83:$C$85,0)*H11 -> 700631.25 | I24: =_xlfn.XLOOKUP($B$24,'250 calc'!$A$83:$A$85,'250 calc'!$C$83:$C$85,0)*I11 -> 980883.75 | J24: =_xlfn.XLOOKUP($B$24,'250 calc'!$A$83:$A$85,'250 calc'!$C$83:$C$85,0)*J11 -> 1401262.5 | K24: =_xlfn.XLOOKUP($B$24,'250 calc'!$A$83:$A$85,'250 calc'!$C$83:$C$85,0)*K11 -> 1961767.5 | ... O24: =_xlfn.XLOOKUP($B$24,'250 calc'!$A$83:$A$85,'250 calc'!$C$83:$C$85,0)*O11 -> 0 | P24: =SUM(D24:O24) -> 14012625
A25: AI expenses (Chatgpt) | B25: 1000 Package | D25: =_xlfn.XLOOKUP($B$25,'1000 calc'!$A$75:$A$77,'1000 calc'!$C$75:$C$77,0)*D11 -> 0 | E25: =_xlfn.XLOOKUP($B$25,'1000 calc'!$A$75:$A$77,'1000 calc'!$C$75:$C$77,0)*E11 -> 11610 | F25: =_xlfn.XLOOKUP($B$25,'1000 calc'!$A$75:$A$77,'1000 calc'!$C$75:$C$77,0)*F11 -> 23220 | G25: =_xlfn.XLOOKUP($B$25,'1000 calc'!$A$75:$A$77,'1000 calc'!$C$75:$C$77,0)*G11 -> 46440 | H25: =_xlfn.XLOOKUP($B$25,'1000 calc'!$A$75:$A$77,'1000 calc'!$C$75:$C$77,0)*H11 -> 58050 | I25: =_xlfn.XLOOKUP($B$25,'1000 calc'!$A$75:$A$77,'1000 calc'!$C$75:$C$77,0)*I11 -> 81270 | J25: =_xlfn.XLOOKUP($B$25,'1000 calc'!$A$75:$A$77,'1000 calc'!$C$75:$C$77,0)*J11 -> 116100 | K25: =_xlfn.XLOOKUP($B$25,'1000 calc'!$A$75:$A$77,'1000 calc'!$C$75:$C$77,0)*K11 -> 162540 | ... O25: =_xlfn.XLOOKUP($B$25,'1000 calc'!$A$75:$A$77,'1000 calc'!$C$75:$C$77,0)*O11 -> 0 | P25: =SUM(D25:O25) -> 1161000
A26: Qudorat (HeyGen) $20K | D26: 80000 | E26: 0 | F26: 0 | G26: 0 | H26: 0 | I26: 0 | J26: 0 | K26: 0 | L26: 0 | M26: 0 | N26: 0 | O26: 0 | P26: =SUM(D26:O26) -> 80000
A27: Other Oparating Expenses
A28: Consultation Fees | D28: 10000 | E28: =D28 -> 10000 | F28: =E28 -> 10000 | G28: =F28 -> 10000 | H28: =G28 -> 10000 | I28: =H28 -> 10000 | J28: =I28 -> 10000 | K28: =J28 -> 10000 | L28: =K28 -> 10000 | ... O28: =N28 -> 10000 | P28: =SUM(D28:O28) -> 120000
A29: Depreciation Expense | D29: 2500 | E29: =D29 -> 2500 | F29: =E29 -> 2500 | G29: =F29 -> 2500 | H29: =G29 -> 2500 | I29: =H29 -> 2500 | J29: =I29 -> 2500 | K29: =J29 -> 2500 | L29: =K29 -> 2500 | ... O29: =N29 -> 2500 | P29: =SUM(D29:O29) -> 30000
A30: Printing & Stationery | D30: 500 | E30: =D30 -> 500 | F30: =E30 -> 500 | G30: =F30 -> 500 | H30: =G30 -> 500 | I30: =H30 -> 500 | J30: =I30 -> 500 | K30: =J30 -> 500 | L30: =K30 -> 500 | ... O30: =N30 -> 500 | P30: =SUM(D30:O30) -> 6000
A31: Subscriptions ( Internet & Mobiles ) | D31: 1000 | E31: 1000 | F31: 1000 | G31: 1000 | H31: 1000 | I31: 1000 | J31: 1000 | K31: 1000 | L31: 1000 | M31: 1000 | N31: 1000 | O31: 1000 | P31: =SUM(D31:O31) -> 12000
A32: Programming tools fees | D32: 8000 | E32: 8000 | F32: 8000 | G32: 8000 | H32: 8000 | I32: 8000 | J32: 8000 | K32: 8000 | L32: 8000 | M32: 8000 | N32: 8000 | O32: 8000 | P32: =SUM(D32:O32) -> 96000
A33: Repairs and Maintenance | D33: =15*30 -> 450 | E33: =15*30 -> 450 | F33: =15*30 -> 450 | G33: =15*30 -> 450 | H33: =15*30 -> 450 | I33: =15*30 -> 450 | J33: =15*30 -> 450 | K33: =15*30 -> 450 | ... O33: =15*30 -> 450 | P33: =SUM(D33:O33) -> 5400
A34: Hospitality | D34: 1000 | E34: =D34 -> 1000 | F34: =E34 -> 1000 | G34: =F34 -> 1000 | H34: =G34 -> 1000 | I34: =H34 -> 1000 | J34: =I34 -> 1000 | K34: =J34 -> 1000 | L34: =K34 -> 1000 | ... O34: =N34 -> 1000 | P34: =SUM(D34:O34) -> 12000
A35: Insurance | D35: 3000 | E35: 3000 | F35: 3000 | G35: 3000 | H35: 3000 | I35: 3000 | J35: 3000 | K35: 3000 | L35: 3000 | M35: 3000 | N35: 3000 | O35: 3000 | P35: =SUM(D35:O35) -> 36000
A36: Profesional Fees | D36: =24000/12 -> 2000 | E36: =24000/12 -> 2000 | F36: =24000/12 -> 2000 | G36: =24000/12 -> 2000 | H36: =24000/12 -> 2000 | I36: =24000/12 -> 2000 | J36: =24000/12 -> 2000 | K36: =24000/12 -> 2000 | ... O36: =24000/12 -> 2000 | P36: =SUM(D36:O36) -> 24000
A37: Indemnity & leave | D37: =50000*(2/12) -> 8333.3333 | E37: =50000*(2/12) -> 8333.3333 | F37: =50000*(2/12) -> 8333.3333 | G37: =50000*(2/12) -> 8333.3333 | H37: =50000*(2/12) -> 8333.3333 | I37: =50000*(2/12) -> 8333.3333 | J37: =50000*(2/12) -> 8333.3333 | K37: =50000*(2/12) -> 8333.3333 | ... O37: =50000*(2/12) -> 8333.3333 | P37: =SUM(D37:O37) -> 100000
A38: Telephone & Internet | D38: 1200 | E38: 1200 | F38: 1200 | G38: 1200 | H38: 1200 | I38: 1200 | J38: 1200 | K38: 1200 | L38: 1200 | M38: 1200 | N38: 1200 | O38: 1200 | P38: =SUM(D38:O38) -> 14400
A39: Travel | E39: 50000 | F39: 0 | G39: 0 | H39: 0 | I39: 0 | J39: 0 | K39: 0 | L39: 50000 | M39: 0 | N39: 0 | O39: 0 | P39: =SUM(D39:O39) -> 100000
A40: Governmental Expenses | D40: 10000 | E40: 10000 | F40: 10000 | G40: 10000 | H40: 10000 | I40: 10000 | J40: 10000 | K40: 10000 | L40: 10000 | M40: 10000 | N40: 10000 | O40: 10000 | P40: =SUM(D40:O40) -> 120000
A41: Staff Residences Expenses | D41: =(4*(50+50+10+10))/12*10 -> 400 | E41: =(4*(50+50+10+10))/12*10 -> 400 | F41: =(4*(50+50+10+10))/12*10 -> 400 | G41: =(4*(50+50+10+10))/12*10 -> 400 | H41: =(4*(50+50+10+10))/12*10 -> 400 | I41: =(4*(50+50+10+10))/12*10 -> 400 | J41: =(4*(50+50+10+10))/12*10 -> 400 | K41: =(4*(50+50+10+10))/12*10 -> 400 | ... O41: =(4*(50+50+10+10))/12*10 -> 400 | P41: =SUM(D41:O41) -> 4800
A42: Bank Charges | D42: 2000 | E42: 2000 | F42: 2000 | G42: 2000 | H42: 2000 | I42: 2000 | J42: 2000 | K42: 2000 | L42: 2000 | M42: 2000 | N42: 2000 | O42: 2000 | P42: =SUM(D42:O42) -> 24000
A43: IT and Software | D43: 2500 | E43: 2500 | F43: 2500 | G43: 2500 | H43: 2500 | I43: 2500 | J43: 2500 | K43: 2500 | L43: 2500 | M43: 2500 | N43: 2500 | O43: 2500 | P43: =SUM(D43:O43) -> 30000
A44: Miscellaneous Expenses | D44: 2500 | E44: 2500 | F44: 2500 | G44: 2500 | H44: 2500 | I44: 2500 | J44: 2500 | K44: 2500 | L44: 2500 | M44: 2500 | N44: 2500 | O44: 2500 | P44: =SUM(D44:O44) -> 30000
A45: Cleaning Expenses | D45: 2500 | E45: 2500 | F45: 2500 | G45: 2500 | H45: 2500 | I45: 2500 | J45: 2500 | K45: 2500 | L45: 2500 | M45: 2500 | N45: 2500 | O45: 2500 | P45: =SUM(D45:O45) -> 30000
A46: Total Operating Expenses | D46: =SUM(D19:D45) -> 1162883.3 | E46: =SUM(E19:E45) -> 1784619.6 | F46: =SUM(F19:F45) -> 1386355.8 | G46: =SUM(G19:G45) -> 1689828.3 | H46: =SUM(H19:H45) -> 1841564.6 | I46: =SUM(I19:I45) -> 2145037.1 | J46: =SUM(J19:J45) -> 2600245.8 | K46: =SUM(K19:K45) -> 3207190.8 | ... O46: =SUM(O19:O45) -> 582883.33 | P46: =SUM(D46:O46) -> 28348225
A48: Monthly - Net Profit / Loss | D48: =D18-D46 -> -1162883.3 | E48: =E18-E46 -> -752619.58 | F48: =F18-F46 -> 677644.17 | G48: =G18-G46 -> 2438171.7 | H48: =H18-H46 -> 3318435.4 | I48: =I18-I46 -> 5078962.9 | J48: =J18-J46 -> 7719754.2 | K48: =K18-K46 -> 11240809 | ... O48: =O18-O46 -> -582883.33 | P48: =SUM(D48:O48) -> 74851775
A51: Sales | D51: 0 | E51: =E18 -> 1032000 | F51: =F18 -> 2064000 | G51: =G18 -> 4128000 | H51: =H18 -> 5160000 | I51: =I18 -> 7224000 | J51: =J18 -> 10320000 | K51: =K18 -> 14448000 | L51: =L18 -> 18576000 | ... O51: =O18 -> 0
A53: Cash Flow | D53: =D51+D48 -> -1162883.3 | E53: =D53+E51-E46 -> -1915502.9 | F53: =E53+F51-F46 -> -1237858.7 | G53: =F53+G51-G46 -> 1200312.9 | H53: =G53+H51-H46 -> 4518748.3 | I53: =H53+I51-I46 -> 9597711.3 | J53: =I53+J51-J46 -> 17317465 | K53: =J53+K51-K46 -> 28558275 | L53: =K53+L51-L46 -> 43270139 | ... O53: =N53+O51-O46 -> 74851775

Sheet KWT
D4: 45505 | E4: 45536 | F4: 45566 | G4: 45597 | H4: 45627 | I4: 45658 | J4: 45689 | K4: 45717 | L4: 45748 | M4: 45778 | N4: 45809 | O4: 45839 | P4: Total
A5: Overall Budget
A6: 3-Years Budget Sheet | B6: % | C6: KWD
A7: Market share | B7: 0.02 | D7: 0 | E7: 0.05 | F7: 0.1 | G7: 0.1 | H7: 0 | I7: 0 | J7: 0.2 | K7: 0.25 | L7: 0.3 | M7: 0 | N7: 0 | O7: 0 | P7: =SUM(D7:O7) -> 1
A8: ELEMENTRY | B8: =B7*0.25 -> 0.005 | C8: 40 | D8: =$B8*D$7*$C$17 -> 0 | E8: =$B8*E$7*$C$17 -> 150 | F8: =$B8*F$7*$C$17 -> 300 | G8: =$B8*G$7*$C$17 -> 300 | H8: =$B8*H$7*$C$17 -> 0 | I8: =$B8*I$7*$C$17 -> 0 | J8: =$B8*J$7*$C$17 -> 600 | K8: =$B8*K$7*$C$17 -> 750 | ... O8: =$B8*O$7*$C$17 -> 0
A9: INTERMEDIATE | B9: =B7*0.5 -> 0.01 | C9: 40 | D9: =$B9*D$7*$C$17 -> 0 | E9: =$B9*E$7*$C$17 -> 300 | F9: =$B9*F$7*$C$17 -> 600 | G9: =$B9*G$7*$C$17 -> 600 | H9: =$B9*H$7*$C$17 -> 0 | I9: =$B9*I$7*$C$17 -> 0 | J9: =$B9*J$7*$C$17 -> 1200 | K9: =$B9*K$7*$C$17 -> 1500 | ... O9: =$B9*O$7*$C$17 -> 0
A10: SECONDARY | B10: =B7*0.25 -> 0.005 | C10: 40 | D10: =$B10*D$7*$C$17 -> 0 | E10: =$B10*E$7*$C$17 -> 150 | F10: =$B10*F$7*$C$17 -> 300 | G10: =$B10*G$7*$C$17 -> 300 | H10: =$B10*H$7*$C$17 -> 0 | I10: =$B10*I$7*$C$17 -> 0 | J10: =$B10*J$7*$C$17 -> 600 | K10: =$B10*K$7*$C$17 -> 750 | ... O10: =$B10*O$7*$C$17 -> 0
A11: Total | D11: =SUM(D8:D10) -> 0 | E11: =SUM(E8:E10) -> 600 | F11: =SUM(F8:F10) -> 1200 | G11: =SUM(G8:G10) -> 1200 | H11: =SUM(H8:H10) -> 0 | I11: =SUM(I8:I10) -> 0 | J11: =SUM(J8:J10) -> 2400 | K11: =SUM(K8:K10) -> 3000 | ... O11: =SUM(O8:O10) -> 0 | P11: =SUM(D11:O11) -> 12000
A12: 1- P&L
A13: Elementary ( Sales ) | D13: =D8*$C8 -> 0 | E13: =E8*$C8 -> 6000 | F13: =F8*$C8 -> 12000 | G13: =G8*$C8 -> 12000 | H13: =H8*$C8 -> 0 | I13: =I8*$C8 -> 0 | J13: =J8*$C8 -> 24000 | K13: =K8*$C8 -> 30000 | ... O13: =O8*$C8 -> 0
A14: Intermediate ( Sales ) | D14: =D9*$C9 -> 0 | E14: =E9*$C9 -> 12000 | F14: =F9*$C9 -> 24000 | G14: =G9*$C9 -> 24000 | H14: =H9*$C9 -> 0 | I14: =I9*$C9 -> 0 | J14: =J9*$C9 -> 48000 | K14: =K9*$C9 -> 60000 | ... O14: =O9*$C9 -> 0
A15: Secondary ( Sales ) | D15: =D10*$C10 -> 0 | E15: =E10*$C10 -> 6000 | F15: =F10*$C10 -> 12000 | G15: =G10*$C10 -> 12000 | H15: =H10*$C10 -> 0 | I15: =I10*$C10 -> 0 | J15: =J10*$C10 -> 24000 | K15: =K10*$C10 -> 30000 | ... O15: =O10*$C10 -> 0
A16: Total sales | D16: =SUM(D13:D15) -> 0 | E16: =SUM(E13:E15) -> 24000 | F16: =SUM(F13:F15) -> 48000 | G16: =SUM(G13:G15) -> 48000 | H16: =SUM(H13:H15) -> 0 | I16: =SUM(I13:I15) -> 0 | J16: =SUM(J13:J15) -> 96000 | K16: =SUM(K13:K15) -> 120000 | ... O16: =SUM(O13:O15) -> 0 | P16: =SUM(D16:O16) -> 480000
A17: Share % of students+teachers | C17: 600000 | D17: =D11/$C$17 -> 0 | E17: =E11/$C$17 -> 0.001 | F17: =F11/$C$17 -> 0.002 | G17: =G11/$C$17 -> 0.002 | H17: =H11/$C$17 -> 0 | I17: =I11/$C$17 -> 0 | J17: =J11/$C$17 -> 0.004 | K17: =K11/$C$17 -> 0.005 | ... O17: =O11/$C$17 -> 0 | P17: =P11/C17 -> 0.02
A18: Total Income | D18: =SUM(D16:D17) -> 0 | E18: =E16 -> 24000 | F18: =F16 -> 48000 | G18: =G16 -> 48000 | H18: =H16 -> 0 | I18: =I16 -> 0 | J18: =J16 -> 96000 | K18: =K16 -> 120000 | L18: =L16 -> 144000 | ... N18: =N16 -> 0 | O18: =SUM(O16:O17) -> 0 | P18: =SUM(D18:O18) -> 480000
A20: Less Operating Expenses
A21: Salaries and Wages | D21: 9000 | E21: =D21 -> 9000 | F21: =E21 -> 9000 | G21: =F21 -> 9000 | H21: =G21 -> 9000 | I21: =H21 -> 9000 | J21: =I21 -> 9000 | K21: =J21 -> 9000 | L21: =K21 -> 9000 | ... O21: =N21 -> 9000 | P21: =SUM(D21:O21) -> 108000
A22: Rent | D22: 750 | E22: =D22 -> 750 | F22: =E22 -> 750 | G22: =F22 -> 750 | H22: =G22 -> 750 | I22: =H22 -> 750 | J22: =I22 -> 750 | K22: =J22 -> 750 | L22: =K22 -> 750 | ... O22: =N22 -> 750 | P22: =SUM(D22:O22) -> 9000
A23: Marketing & Advertising | D23: 0 | E23: 25000 | F23: 25000 | G23: 25000 | H23: 0 | I23: 0 | J23: 25000 | K23: 25000 | L23: 25000 | M23: 0 | N23: 0 | O23: 0 | P23: =SUM(D23:O23) -> 150000 | Q23: =P23/0.08 -> 1875000
A24: AI expenses (Hygen+Chatgpt) | B24: 250 Package | D24: =_xlfn.XLOOKUP($B$24,'250 calc'!$A$83:$A$85,'250 calc'!$D$83:$D$85,0)*D11 -> 0 | E24: =_xlfn.XLOOKUP($B$24,'250 calc'!$A$83:$A$85,'250 calc'!$D$83:$D$85,0)*E11 -> 2020.425 | F24: =_xlfn.XLOOKUP($B$24,'250 calc'!$A$83:$A$85,'250 calc'!$D$83:$D$85,0)*F11 -> 4040.85 | G24: =_xlfn.XLOOKUP($B$24,'250 calc'!$A$83:$A$85,'250 calc'!$D$83:$D$85,0)*G11 -> 4040.85 | H24: =_xlfn.XLOOKUP($B$24,'250 calc'!$A$83:$A$85,'250 calc'!$D$83:$D$85,0)*H11 -> 0 | I24: =_xlfn.XLOOKUP($B$24,'250 calc'!$A$83:$A$85,'250 calc'!$D$83:$D$85,0)*I11 -> 0 | J24: =_xlfn.XLOOKUP($B$24,'250 calc'!$A$83:$A$85,'250 calc'!$D$83:$D$85,0)*J11 -> 8081.7 | K24: =_xlfn.XLOOKUP($B$24,'250 calc'!$A$83:$A$85,'250 calc'!$D$83:$D$85,0)*K11 -> 10102.125 | ... O24: =_xlfn.XLOOKUP($B$24,'250 calc'!$A$83:$A$85,'250 calc'!$D$83:$D$85,0)*O11 -> 0 | P24: =SUM(D24:O24) -> 40408.5
A25: AI expenses (Chatgpt) | B25: 1000 Package | D25: =_xlfn.XLOOKUP($B$25,'1000 calc'!$A$75:$A$77,'1000 calc'!$D$75:$D$77,0)*D11 -> 0 | E25: =_xlfn.XLOOKUP($B$25,'1000 calc'!$A$75:$A$77,'1000 calc'!$D$75:$D$77,0)*E11 -> 167.4 | F25: =_xlfn.XLOOKUP($B$25,'1000 calc'!$A$75:$A$77,'1000 calc'!$D$75:$D$77,0)*F11 -> 334.8 | G25: =_xlfn.XLOOKUP($B$25,'1000 calc'!$A$75:$A$77,'1000 calc'!$D$75:$D$77,0)*G11 -> 334.8 | H25: =_xlfn.XLOOKUP($B$25,'1000 calc'!$A$75:$A$77,'1000 calc'!$D$75:$D$77,0)*H11 -> 0 | I25: =_xlfn.XLOOKUP($B$25,'1000 calc'!$A$75:$A$77,'1000 calc'!$D$75:$D$77,0)*I11 -> 0 | J25: =_xlfn.XLOOKUP($B$25,'1000 calc'!$A$75:$A$77,'1000 calc'!$D$75:$D$77,0)*J11 -> 669.6 | K25: =_xlfn.XLOOKUP($B$25,'1000 calc'!$A$75:$A$77,'1000 calc'!$D$75:$D$77,0)*K11 -> 837 | ... O25: =_xlfn.XLOOKUP($B$25,'1000 calc'!$A$75:$A$77,'1000 calc'!$D$75:$D$77,0)*O11 -> 0 | P25: =SUM(D25:O25) -> 3348
A26: Qudorat (HeyGen) $20K | D26: =20000*0.31 -> 6200 | E26: 0 | F26: 0 | G26: 0 | H26: 0 | I26: 0 | J26: 0 | K26: 0 | L26: 0 | M26: 0 | N26: 0 | O26: 0 | P26: =SUM(D26:O26) -> 6200
A27: Other Oparating Expenses
A28: Consultation Fees | D28: 50 | E28: =D28 -> 50 | F28: =E28 -> 50 | G28: =F28 -> 50 | H28: =G28 -> 50 | I28: =H28 -> 50 | J28: =I28 -> 50 | K28: =J28 -> 50 | L28: =K28 -> 50 | ... O28: =N28 -> 50 | P28: =SUM(D28:O28) -> 600
A29: Depreciation Expense | D29: 180 | E29: =D29 -> 180 | F29: =E29 -> 180 | G29: =F29 -> 180 | H29: =G29 -> 180 | I29: =H29 -> 180 | J29: =I29 -> 180 | K29: =J29 -> 180 | L29: =K29 -> 180 | ... O29: =N29 -> 180 | P29: =SUM(D29:O29) -> 2160
A30: Printing & Stationery | D30: 50 | E30: =D30 -> 50 | F30: =E30 -> 50 | G30: =F30 -> 50 | H30: =G30 -> 50 | I30: =H30 -> 50 | J30: =I30 -> 50 | K30: =J30 -> 50 | L30: =K30 -> 50 | ... O30: =N30 -> 50 | P30: =SUM(D30:O30) -> 600
A31: Subscriptions ( Internet & Mobiles ) | D31: 100 | E31: =D31 -> 100 | F31: =E31 -> 100 | G31: =F31 -> 100 | H31: =G31 -> 100 | I31: =H31 -> 100 | J31: =I31 -> 100 | K31: =J31 -> 100 | L31: =K31 -> 100 | ... O31: =N31 -> 100 | P31: =SUM(D31:O31) -> 1200
A32: Repairs and Maintenance | D32: 45 | E32: =D32 -> 45 | F32: =E32 -> 45 | G32: =F32 -> 45 | H32: =G32 -> 45 | I32: =H32 -> 45 | J32: =I32 -> 45 | K32: =J32 -> 45 | L32: =K32 -> 45 | ... O32: =N32 -> 45 | P32: =SUM(D32:O32) -> 540
A33: Hospitality | D33: 30 | E33: =D33 -> 30 | F33: =E33 -> 30 | G33: =F33 -> 30 | H33: =G33 -> 30 | I33: =H33 -> 30 | J33: =I33 -> 30 | K33: =J33 -> 30 | L33: =K33 -> 30 | ... O33: =N33 -> 30 | P33: =SUM(D33:O33) -> 360
A34: Profesional Fees | D34: 166.66667 | E34: =D34 -> 166.66667 | F34: =E34 -> 166.66667 | G34: =F34 -> 166.66667 | H34: =G34 -> 166.66667 | I34: =H34 -> 166.66667 | J34: =I34 -> 166.66667 | K34: =J34 -> 166.66667 | L34: =K34 -> 166.66667 | ... O34: =N34 -> 166.66667 | P34: =SUM(D34:O34) -> 2000
A35: Indemnity | D35: 432.69231 | E35: =D35 -> 432.69231 | F35: =E35 -> 432.69231 | G35: =F35 -> 432.69231 | H35: =G35 -> 432.69231 | I35: =H35 -> 432.69231 | J35: =I35 -> 432.69231 | K35: =J35 -> 432.69231 | L35: =K35 -> 432.69231 | ... O35: =N35 -> 432.69231 | P35: =SUM(D35:O35) -> 5192.3077
A36: Leave | D36: 865.38462 | E36: =D36 -> 865.38462 | F36: =E36 -> 865.38462 | G36: =F36 -> 865.38462 | H36: =G36 -> 865.38462 | I36: =H36 -> 865.38462 | J36: =I36 -> 865.38462 | K36: =J36 -> 865.38462 | L36: =K36 -> 865.38462 | ... O36: =N36 -> 865.38462 | P36: =SUM(D36:O36) -> 10384.615
A37: Telephone & Internet | D37: 120 | E37: =D37 -> 120 | F37: =E37 -> 120 | G37: =F37 -> 120 | H37: =G37 -> 120 | I37: =H37 -> 120 | J37: =I37 -> 120 | K37: =J37 -> 120 | L37: =K37 -> 120 | ... O37: =N37 -> 120 | P37: =SUM(D37:O37) -> 1440
A38: Travel | D38: 500 | E38: =D38 -> 500 | F38: =E38 -> 500 | G38: =F38 -> 500 | H38: =G38 -> 500 | I38: =H38 -> 500 | J38: =I38 -> 500 | K38: =J38 -> 500 | L38: =K38 -> 500 | ... O38: =N38 -> 500 | P38: =SUM(D38:O38) -> 6000
A39: Governmental Expenses | D39: 25 | E39: =D39 -> 25 | F39: =E39 -> 25 | G39: =F39 -> 25 | H39: =G39 -> 25 | I39: =H39 -> 25 | J39: =I39 -> 25 | K39: =J39 -> 25 | L39: =K39 -> 25 | ... O39: =N39 -> 25 | P39: =SUM(D39:O39) -> 300
... A44: Cleaning Expenses | D44: 25 | E44: =D44 -> 25 | F44: =E44 -> 25 | G44: =F44 -> 25 | H44: =G44 -> 25 | I44: =H44 -> 25 | J44: =I44 -> 25 | K44: =J44 -> 25 | L44: =K44 -> 25 | ... O44: =N44 -> 25 | P44: =SUM(D44:O44) -> 300
A46: Total Operating Expenses | D46: =SUM(D19:D44) -> 18667.744 | E46: =SUM(E19:E44) -> 39655.569 | F46: =SUM(F19:F44) -> 41843.394 | G46: =SUM(G19:G44) -> 41843.394 | H46: =SUM(H19:H44) -> 12467.744 | I46: =SUM(I19:I44) -> 12467.744 | J46: =SUM(J19:J44) -> 46219.044 | K46: =SUM(K19:K44) -> 48406.869 | ... O46: =SUM(O19:O44) -> 12467.744 | P46: =SUM(D46:O46) -> 349569.42
A48: Monthly - Net Profit / Loss | D48: =D18-D46 -> -18667.744 | E48: =E18-E46 -> -15655.569 | F48: =F18-F46 -> 6156.6064 | G48: =G18-G46 -> 6156.6064 | H48: =H18-H46 -> -12467.744 | I48: =I18-I46 -> -12467.744 | J48: =J18-J46 -> 49780.956 | K48: =K18-K46 -> 71593.131 | ... O48: =O18-O46 -> -12467.744 | P48: =SUM(D48:O48) -> 130430.58
A51: Sales | D51: 0 | E51: =E18 -> 24000 | F51: =F18 -> 48000 | G51: =G18 -> 48000 | H51: =H18 -> 0 | I51: =I18 -> 0 | J51: =J18 -> 96000 | K51: =K18 -> 120000 | L51: =L18 -> 144000 | ... O51: =O18 -> 0
A53: Cash Flow | D53: =D51+D48 -> -18667.744 | E53: =D53+E51-E46 -> -34323.312 | F53: =E53+F51-F46 -> -28166.706 | G53: =F53+G51-G46 -> -22010.099 | H53: =G53+H51-H46 -> -34477.843 | I53: =H53+I51-I46 -> -46945.587 | J53: =I53+J51-J46 -> 2835.3699 | K53: =J53+K51-K46 -> 74428.501 | L53: =K53+L51-L46 -> 167833.81 | ... O53: =N53+O51-O46 -> 130430.58
I55: =I53/0.08 -> -586819.83

Sheet 250 calc
E1: Support | J1: Min
B2: Q | C2: Word | E2: Token | F2: minut | G2: Ttl token | H2: $/minut | I2: Chracters | J2: $ per 1M
A3: Input Txt-Txt | B3: 250 | C3: 50 | E3: 6 | F3: 0 | G3: =B3*C3*E3 -> 75000 | J3: 0.5 | K3: =(J3/1000000)*G3 -> 0.0375
A4: Input Aud-Txt | B4: 250 | C4: 50 | E4: 0 | F4: 0.5 | G4: 0 | H4: 0.006 | J4: 0 | K4: =B4*F4*H4 -> 0.75
A7: output Txt-Txt | B7: 250 | C7: 50 | E7: 6 | F7: 0 | G7: =B7*C7*E7 -> 75000 | H7: 0 | I7: 0 | J7: 1.5 | K7: =(J7/1000000)*G7 -> 0.1125 | L7: =K7*10000 -> 1125 | M7: https://openai.com/pricing
A8: output Txt-Aud | B8: 250 | C8: 50 | E8: 0 | F8: 0 | G8: 0 | H8: 0 | I8: 8 | J8: 15 | K8: =B8*C8*I8*(J8/1000000) -> 1.5
A10: Avatar | B10: 250 | C10: 50 | E10: 0 | F10: 0.5 | G10: 0 | H10: 0.1 | J10: 0 | K10: =B10*F10*H10 -> 12.5
K12: =SUM(K3:K10) -> 14.9 | L12: =K12*3.75 -> 55.875
K13: =K12*2 -> 29.8 | L13: =K13*3.75 -> 111.75
K14: =K13*2 -> 59.6 | L14: =K14*3.75 -> 223.5
A15: Questions | B15: 250
A16: Input words (Ask) | B16: 25
A17: Output words (Reply) | B17: 25
A20: Input Text to Text
A21: Token per word | B21: 9
A22: Cost per token (.5$/1M) | B22: =0.5/1000000 -> 5e-07
A23: Cost per User $ | B23: =(B15*B16*B21*B22) -> 0.028125
M26: https://openai.com/api/pricing/
A29: Question finder
A30: Tokens per question | B30: 20000
A31: Cost per token (.5$/1M) | B31: =0.5/1000000 -> 5e-07
A32: Cost per User $ | B32: =B30*B15*B31 -> 2.5
A39: Input Audio to Text
A40: ="Minutes per"&" "&B16&" words" -> Minutes per 25 words | B40: =((30/60)/B16)*B16 -> 0.5
A41: Cost per minute | B41: 0.006
A42: Cost per User $ | B42: =B15*B40*B41 -> 0.75
A50: Output Text to Text
A51: Token per word | B51: =B21 -> 9
A52: Cost per token (1.5$/1M) | B52: =1.5/1000000 -> 1.5e-06
A53: Cost per User $ | B53: =B15*B17*B51*B52 -> 0.084375
A61: Output Text to Audio (After consuming Avatar)
A62: Characters per word | B62: 10
A63: Cost per character (15$/1M) | B63: =15/1000000 -> 1.5e-05
A64: Cost per User $
A72: Avatar
A73: ="Minutes per"&" "&B17&" words" -> Minutes per 25 words | B73: =20/60 -> 0.33333333
A74: Cost per minute | B74: 0.09
A75: Cost per User $ | B75: =B15*B73*B74 -> 7.5
N76: expected discount
C81: =C83/B15 -> 0.1629375 | D81: =5/C81 -> 30.686613
A82: Total costs for :- | B82: USD | C82: SAR | D82: KWD | E82: % from fees
A83: 250 Package | B83: =B23+B32+B42+B53+B64+B75 -> 10.8625 | C83: =B83*3.75 -> 40.734375 | D83: =B83*0.31 -> 3.367375 | E83: =C83/300 -> 0.13578125 | F83: =C83+'1000 calc'!C75 -> 44.109375 | G83: ='year 1'!P24 -> 5044545 | H83: ='year 2'!P24 -> 14012625 | I83: =KWT!P24 -> 40408.5
A84: 500 Package | B84: =B83*2 -> 21.725 | C84: =B84*3.75 -> 81.46875 | D84: =B84*0.31 -> 6.73475 | E84: =C84/300 -> 0.2715625 | F84: =C84+'1000 calc'!C76 -> 88.21875 | G84: ='year 1'!P25 -> 417960 | H84: ='year 2'!P25 -> 1161000 | I84: =KWT!P25 -> 3348
A85: 1000 Package | B85: =B84*2 -> 43.45 | C85: =B85*3.75 -> 162.9375 | D85: =B85*0.31 -> 13.4695 | E85: =C85/300 -> 0.543125 | F85: =C85+'1000 calc'!C77 -> 176.4375

Sheet 1000 calc
E1: Support | J1: Min
B2: Q | C2: Word | E2: Token | F2: minut | G2: Ttl token | H2: $/minut | I2: Chracters | J2: $ per 1M
A3: Input Txt-Txt | B3: 250 | C3: 50 | E3: 6 | F3: 0 | G3: =B3*C3*E3 -> 75000 | J3: 0.5 | K3: =(J3/1000000)*G3 -> 0.0375
A4: Input Aud-Txt | B4: 250 | C4: 50 | E4: 0 | F4: 0.5 | G4: 0 | H4: 0.006 | J4: 0 | K4: =B4*F4*H4 -> 0.75
A7: output Txt-Txt | B7: 250 | C7: 50 | E7: 6 | F7: 0 | G7: =B7*C7*E7 -> 75000 | H7: 0 | I7: 0 | J7: 1.5 | K7: =(J7/1000000)*G7 -> 0.1125 | L7: =K7*10000 -> 1125 | M7: https://openai.com/pricing
A8: output Txt-Aud | B8: 250 | C8: 50 | E8: 0 | F8: 0 | G8: 0 | H8: 0 | I8: 8 | J8: 15 | K8: =B8*C8*I8*(J8/1000000) -> 1.5
A10: Avatar | B10: 250 | C10: 50 | E10: 0 | F10: 0.5 | G10: 0 | H10: 0.1 | J10: 0 | K10: =B10*F10*H10 -> 12.5
K12: =SUM(K3:K10) -> 14.9 | L12: =K12*3.75 -> 55.875
K13: =K12*2 -> 29.8 | L13: =K13*3.75 -> 111.75
K14: =K13*2 -> 59.6 | L14: =K14*3.75 -> 223.5
A15: Questions | B15: 1000
A16: Input words (Ask) | B16: 50
A17: Output words (Reply) | B17: 50
A20: Input Text to Text
A21: Token per word | B21: 9
A22: Cost per token (.5$/1M) | B22: =0.5/1000000 -> 5e-07
A23: Cost per User $ | B23: =B15*B16*B21*B22 -> 0.225
A31: Input Audio to Text
A32: ="Minutes per"&" "&B16&" words" -> Minutes per 50 words | B32: =(0.5/50)*B16 -> 0.5
A33: Cost per minute | B33: 0.006
A34: Cost per User $
A42: Output Text to Text
A43: Token per word | B43: =B21 -> 9
A44: Cost per token (1.5$/1M) | B44: =1.5/1000000 -> 1.5e-06
A45: Cost per User $ | B45: =B15*B17*B43*B44 -> 0.675
A53: Output Text to Audio (After consuming Avatar)
A54: Characters per word | B54: 10
A55: Cost per character (15$/1M) | B55: =15/1000000 -> 1.5e-05
A56: Cost per User $
A64: Avatar
A65: ="Minutes per"&" "&B17&" words" -> Minutes per 50 words | B65: =(0.5/50)*B17 -> 0.5
A66: Cost per minute | B66: 0.1
A67: Cost per User $
N68: expected discount
A74: Total costs for :- | B74: USD | C74: SAR | D74: KWD | E74: % from fees
A75: 1000 Package | B75: =B23+B34+B45+B56+B67 -> 0.9 | C75: =B75*3.75 -> 3.375 | D75: =B75*0.31 -> 0.279 | E75: =C75/300 -> 0.01125
A76: 2000 Package | B76: =B75*2 -> 1.8 | C76: =B76*3.75 -> 6.75 | D76: =B76*0.31 -> 0.558 | E76: =C76/300 -> 0.0225
A77: 4000 Package | B77: =B76*2 -> 3.6 | C77: =B77*3.75 -> 13.5 | D77: =B77*0.31 -> 1.116 | E77: =C77/300 -> 0.045

Sheet Discount
D3: Per 1 student | E3: Year 1
C4: No discount
C5: Targeted student | D5: 1 | E5: ='year 1'!P11 -> 123840
C6: Fees | D6: 300 | E6: 300
C7: Revenues | D7: =D6*D5 -> 300 | E7: =E6*E5 -> 37152000
C8: Total Costs | D8: =E8/E5 -> 90.251968 | E8: ='year 1'!P46 -> 11176804
C9: Profits | D9: =D7-D8 -> 209.74803 | E9: =E7-E8 -> 25975196
C10: Profit margin % | D10: =D9/D7 -> 0.69916011 | E10: =E9/E7 -> 0.69916011
H11: Per 1 student | I11: Year 1
C12: Discount | D12: 0.1 | G12: Discount | H12: 0.3
C13: Revenues | D13: =D7*(1-D12) -> 270 | E13: =E7*(1-D12) -> 33436800 | G13: Revenues | H13: =D7*(1-H12) -> 210 | I13: =E7*(1-H12) -> 26006400
C14: Total Costs | D14: =D8 -> 90.251968 | E14: =E8 -> 11176804 | G14: Total Costs | H14: =D8 -> 90.251968 | I14: =E8 -> 11176804
C15: Profits | D15: =D13-D14 -> 179.74803 | E15: =E13-E14 -> 22259996 | G15: Profits | H15: =H13-H14 -> 119.74803 | I15: =I13-I14 -> 14829596
C16: Profit margin % | D16: =D15/D13 -> 0.66573345 | E16: =E15/E13 -> 0.66573345 | G16: Profit margin % | H16: =H15/H13 -> 0.57022872 | I16: =I15/I13 -> 0.57022872
C18: Discount | D18: 0.2 | G18: Discount | H18: 0.4
C19: Revenues | D19: =D7*(1-D18) -> 240 | E19: =E7*(1-D18) -> 29721600 | G19: Revenues | H19: =D7*(1-H18) -> 180 | I19: =E7*(1-H18) -> 22291200
C20: Total Costs | D20: =D8 -> 90.251968 | E20: =E8 -> 11176804 | G20: Total Costs | H20: =D8 -> 90.251968 | I20: =E8 -> 11176804
C21: Profits | D21: =D19-D20 -> 149.74803 | E21: =E19-E20 -> 18544796 | G21: Profits | H21: =H19-H20 -> 89.748032 | I21: =I19-I20 -> 11114396
C22: Profit margin % | D22: =D21/D19 -> 0.62395013 | E22: =E21/E19 -> 0.62395013 | G22: Profit margin % | H22: =H21/H19 -> 0.49860018 | I22: =I21/I19 -> 0.49860018
D25: Lost revenues in Riyal | F25: Total lost revenues | H25: Total profit | I25: Margin %
C26: No discount | D26: 0 | F26: 0 | H26: =E9 -> 25975196 | I26: =D10 -> 0.69916011
C27: =C12&" "& D12 -> Discount 0.1 | D27: 30 | F27: =H27-$H$26 -> -3715200 | H27: =E15 -> 22259996 | I27: =D16 -> 0.66573345
C28: =C18&" "& D18 -> Discount 0.2 | D28: 60 | F28: =H28-$H$26 -> -7430400 | H28: =E21 -> 18544796 | I28: =D22 -> 0.62395013
C29: =G12&" "& H12 -> Discount 0.3 | D29: 90 | F29: =H29-$H$26 -> -11145600 | H29: =I15 -> 14829596 | I29: =H16 -> 0.57022872
C30: =G18&" "& H18 -> Discount 0.4 | D30: 120 | F30: =H30-$H$26 -> -14860800 | H30: =I21 -> 11114396 | I30: =H22 -> 0.49860018

Sheet Sheet1
N1: All figures in SAR
A3: Forecast 2024
C5: 45292 | D5: 45323 | E5: 45352 | F5: 45383 | G5: 45413 | H5: 45444 | I5: 45474 | J5: 45505 | K5: 45536 | L5: 45566 | M5: 45597 | N5: 45627 | O5: Total
A6: Cash balance | B6: =69447.62+(413*12.2) -> 74486.22 | C6: =B6 -> 74486.22 | D6: =C34 -> 44825.97 | E6: =D34 -> 157260.72 | F6: =E34 -> -19285.13 | G6: =F34 -> 795656.34 | H6: =G34 -> 597356.56 | I6: =H34 -> 1387520.4 | J6: =I34 -> 2675611.9 | K6: =J34 -> 1089727.6 | ... O6: =N34 -> 146526.33
A7: Ahmed Al Homaid | C7: =10000*12.2 -> 122000 | D7: =22000*12.2 -> 268400 | E7: 0 | F7: 0 | G7: 0 | H7: 0 | I7: 0 | J7: 0 | K7: 0 | L7: 0 | M7: 0 | N7: 0 | O7: =SUM(B7:N7) -> 390400
A8: Al Majed Company | C8: 0 | D8: 0 | E8: 0 | F8: 1000000 | G8: 0 | H8: 1000000 | I8: =1000000+500000 -> 1500000 | J8: 0 | K8: 0 | L8: 0 | M8: 0 | N8: 0 | O8: =SUM(B8:N8) -> 3500000
A9: Khalid Al Hamlan | C9: 0 | D9: 0 | E9: 0 | F9: 0 | G9: 0 | H9: 0 | I9: 0 | J9: 0 | K9: 0 | L9: 0 | M9: 0 | N9: 0 | O9: =SUM(B9:N9) -> 0
C10: 0 | D10: 0 | E10: 0 | F10: 0 | G10: 0 | H10: 0 | I10: 0 | J10: 0 | K10: 0 | L10: 0 | M10: 0 | N10: 0 | O10: =SUM(B10:N10) -> 0
C11: 0 | D11: 0 | E11: 0 | F11: 0 | G11: 0 | H11: 0 | I11: 0 | J11: 0 | K11: 0 | L11: 0 | M11: 0 | N11: 0 | O11: =SUM(B11:N11) -> 0
A12: Cash inflow | B12: =SUM(B6:B11) -> 74486.22 | C12: =SUM(C7:C11) -> 122000 | D12: =SUM(D7:D11) -> 268400 | E12: =SUM(E7:E11) -> 0 | F12: =SUM(F7:F11) -> 1000000 | G12: =SUM(G7:G11) -> 0 | H12: =SUM(H7:H11) -> 1000000 | I12: =SUM(I7:I11) -> 1500000 | J12: =SUM(J7:J11) -> 0 | ... N12: =SUM(N7:N11) -> 0 | O12: =SUM(B12:N12) -> 3964886.2
A13: Revenues 1 | C13: 0 | D13: 0 | E13: 0 | F13: 0 | G13: 0 | H13: 0 | I13: 0 | J13: 0 | K13: 0 | L13: 0 | M13: 0 | N13: 0 | O13: =SUM(C13:N13) -> 0
A14: Revenues 2 | C14: 0 | D14: 0 | E14: 0 | F14: 0 | G14: 0 | H14: 0 | I14: 0 | J14: 0 | K14: 0 | L14: 0 | M14: 0 | N14: 0 | O14: =SUM(C14:N14) -> 0
A15: Total Revenues | C15: =SUM(C13:C14) -> 0 | D15: =SUM(D13:D14) -> 0 | E15: =SUM(E13:E14) -> 0 | F15: =SUM(F13:F14) -> 0 | G15: =SUM(G13:G14) -> 0 | H15: =SUM(H13:H14) -> 0 | I15: =SUM(I13:I14) -> 0 | J15: =SUM(J13:J14) -> 0 | ... N15: =SUM(N13:N14) -> 0 | O15: =SUM(C15:N15) -> 0
A16: Expenses | C16: =C17+C23 -> 151660.25 | D16: =D17+D23 -> 155965.25 | E16: =E17+E23 -> 176545.85 | F16: =F17+F23 -> 185058.53 | G16: =G17+G23 -> 198299.78 | H16: =H17+H23 -> 209836.12 | I16: =I17+I23 -> 211908.52 | J16: =J17+J23 -> 1585884.3 | ... N16: =N17+N23 -> 286590.4 | O16: =SUM(C16:N16) -> 3818359.9
A17: Staff & Admin Costs | C17: =SUM(C18:C22) -> 151660.25 | D17: =SUM(D18:D22) -> 155965.25 | E17: =SUM(E18:E22) -> 161545.85 | F17: =SUM(F18:F22) -> 185058.53 | G17: =SUM(G18:G22) -> 198299.78 | H17: =SUM(H18:H22) -> 209836.12 | I17: =SUM(I18:I22) -> 211908.52 | J17: =SUM(J18:J22) -> 246329.33 | ... N17: =SUM(N18:N22) -> 211000 | O17: =SUM(C17:N17) -> 2388214.5
A18: KSA | C18: =9279+46000 -> 55279 | D18: =46000+9279 -> 55279 | E18: =46000+9279 -> 55279 | F18: =46000+15464 -> 61464 | G18: =46000+20472 -> 66472 | H18: =46000+25926 -> 71926 | I18: =46000+18168 -> 64168 | J18: =46000+21635 -> 67635 | K18: =46000+26615 -> 72615 | L18: 32000 | M18: 32000 | N18: 32000 | O18: =SUM(C18:N18) -> 666117
A19: Kuwait | C19: =(3450+375+600)*12.3 -> 54427.5 | D19: =(3580+375+700)*12.3 -> 57256.5 | E19: =(3350+375+700)*12.3 -> 54427.5 | F19: =(4484+375+800)*12.3 -> 69605.7 | G19: =(4269+400+700)*12.3 -> 66038.7 | H19: =(4150+400+700)*12.3 -> 64575 | I19: =(4350+400+700)*12.3 -> 67035 | J19: =(5649+400+700)*12.3 -> 83012.7 | K19: =(5631+400+700)*12.3 -> 82791.3 | L19: 83000 | M19: 83000 | N19: 83000 | O19: =SUM(C19:N19) -> 848169.9
A20: Egypt | C20: =(450750*0.085)+3640 -> 41953.75 | D20: =(450750*0.085)+3640 -> 41953.75 | E20: =(474150*0.085)+3640 -> 43942.75 | F20: =(523763*0.083) -> 43472.329 | G20: =(565460*0.083) -> 46933.18 | H20: =(605240*0.083) -> 50234.92 | I20: =((667040+27000)*0.083) -> 57605.32 | J20: =((846651+27000)*0.083) -> 72513.033 | K20: =((778614+27000)*0.083) -> 66865.962 | L20: 73000 | M20: 73000 | N20: 73000 | O20: =SUM(C20:N20) -> 684474.99
A21: India | C21: 0 | D21: =(120)*12.3 -> 1476 | E21: =(642)*12.3 -> 7896.6 | F21: =(855)*12.3 -> 10516.5 | G21: =(1533)*12.3 -> 18855.9 | H21: =(6079)*3.8 -> 23100.2 | I21: =(6079)*3.8 -> 23100.2 | J21: =(6097)*3.8 -> 23168.6 | K21: =(6097-2850)*3.8 -> 12338.6 | L21: 23000 | M21: 23000 | N21: 23000 | O21: =SUM(C21:N21) -> 189452.6
A22: … | C22: 0 | D22: 0 | E22: 0 | F22: 0 | G22: 0 | H22: 0 | I22: 0 | J22: 0 | K22: 0 | L22: 0 | M22: 0 | N22: 0 | O22: =SUM(C22:N22) -> 0
A23: Marketing expenses | C23: =SUM(C24:C28) -> 0 | D23: =SUM(D24:D28) -> 0 | E23: =SUM(E24:E28) -> 15000 | F23: =SUM(F24:F28) -> 0 | G23: =SUM(G24:G28) -> 0 | H23: =SUM(H24:H28) -> 0 | I23: =SUM(I24:I28) -> 0 | J23: =SUM(J24:J28) -> 1339555 | ... N23: =SUM(N24:N28) -> 75590.4 | O23: =SUM(C23:N23) -> 1430145.4
A24: KSA | C24: 0 | D24: 0 | E24: 15000 | F24: 0 | G24: 0 | H24: 0 | I24: 0 | J24: 1000000 | K24: 0 | L24: 0 | M24: 0 | N24: 0 | O24: =SUM(C24:N24) -> 1015000
A25: Kuwait | C25: 0 | D25: 0 | E25: 0 | F25: 0 | G25: 0 | H25: 0 | I25: 0 | J25: 339555 | K25: 0 | L25: 0 | M25: 0 | N25: =6096*12.4 -> 75590.4 | O25: =SUM(C25:N25) -> 415145.4
A26: … | C26: 0 | D26: 0 | E26: 0 | F26: 0 | G26: 0 | H26: 0 | I26: 0 | J26: 0 | K26: 0 | L26: 0 | M26: 0 | N26: 0 | O26: =SUM(C26:N26) -> 0
A27: … | C27: 0 | D27: 0 | E27: 0 | F27: 0 | G27: 0 | H27: 0 | I27: 0 | J27: 0 | K27: 0 | L27: 0 | M27: 0 | N27: 0 | O27: =SUM(C27:N27) -> 0
A28: … | C28: 0 | D28: 0 | E28: 0 | F28: 0 | G28: 0 | H28: 0 | I28: 0 | J28: 0 | K28: 0 | L28: 0 | M28: 0 | N28: 0 | O28: =SUM(C28:N28) -> 0
A30: Net Profit | C30: =C15-C16 -> -151660.25 | D30: =D15-D16 -> -155965.25 | E30: =E15-E16 -> -176545.85 | F30: =F15-F16 -> -185058.53 | G30: =G15-G16 -> -198299.78 | H30: =H15-H16 -> -209836.12 | I30: =I15-I16 -> -211908.52 | J30: =J15-J16 -> -1585884.3 | ... N30: =N15-N16 -> -286590.4 | O30: =O13+O14-O16 -> -3818359.9
A32: Accumulated net profit | C32: =C30 -> -151660.25 | D32: =C32+D30 -> -307625.5 | E32: =D32+E30 -> -484171.35 | F32: =E32+F30 -> -669229.88 | G32: =F32+G30 -> -867529.66 | H32: =G32+H30 -> -1077365.8 | I32: =H32+I30 -> -1289274.3 | J32: =I32+J30 -> -2875158.6 | K32: =J32+K30 -> -3109769.5 | ... N32: =M32+N30 -> -3818359.9 | O32: =O15-O16 -> -3818359.9
A34: Cash position | C34: =B12+C12+C30 -> 44825.97 | D34: =C34+D12+D30 -> 157260.72 | E34: =D34+E12+E30 -> -19285.13 | F34: =E34+F12+F30 -> 795656.34 | G34: =F34+G12+G30 -> 597356.56 | H34: =G34+H12+H30 -> 1387520.4 | I34: =H34+I12+I30 -> 2675611.9 | J34: =I34+J12+J30 -> 1089727.6 | K34: =J34+K12+K30 -> 855116.73 | ... N34: =M34+N12+N30 -> 146526.33 | O34: =O12+O15-O16 -> 146526.33

Sheet year 3
C4: 45505 | D4: 45536 | E4: 45566 | F4: 45597 | G4: 45627 | H4: 45658 | I4: 45689 | J4: 45717 | K4: 45748 | L4: 45778 | M4: 45809 | N4: 45839 | O4: Total
A5: Overall Budget
A6: 3-Years Budget Sheet | B6: SR
A7: Total No. of Booking - ELEMENTRY SCHOOL | B7: 50 | C7: 0 | D7: =$B$16*1.5% -> 105000 | E7: =$B$16*1.5% -> 105000 | F7: =$B$16*1.5% -> 105000 | G7: =$B$16*1.75% -> 122500 | H7: =$B$16*1.75% -> 122500 | I7: =$B$16*1.75% -> 122500 | J7: =$B$16*1.75% -> 122500 | K7: =$B$16*1.75% -> 122500 | L7: =$B$16*1.75% -> 122500 | M7: =$B$16*1.75% -> 122500
A8: Total No. of Booking - INTERMEDIATE SCHOOL | B8: 50 | C8: 0 | D8: =$B$16*1.5% -> 105000 | E8: =$B$16*1.5% -> 105000 | F8: =$B$16*1.5% -> 105000 | G8: =$B$16*1.75% -> 122500 | H8: =$B$16*1.75% -> 122500 | I8: =$B$16*1.75% -> 122500 | J8: =$B$16*1.75% -> 122500 | K8: =$B$16*1.75% -> 122500 | L8: =$B$16*1.75% -> 122500 | M8: =$B$16*1.75% -> 122500 | N8: 0 | O8: =SUM(C8:N8) -> 1172500
A9: Total No. of Booking - SECONDARY SCHOOL | B9: 50 | C9: 0 | D9: =$B$16*1.5% -> 105000 | E9: =$B$16*1.5% -> 105000 | F9: =$B$16*1.5% -> 105000 | G9: =$B$16*1.75% -> 122500 | H9: =$B$16*1.75% -> 122500 | I9: =$B$16*1.75% -> 122500 | J9: =$B$16*1.75% -> 122500 | K9: =$B$16*1.75% -> 122500 | L9: =$B$16*1.75% -> 122500 | M9: =$B$16*1.75% -> 122500 | N9: 0
A10: Total ( No. of Studnets x 2 Subjects) | C10: =SUM(C7:C9) -> 0 | D10: =SUM(D7:D9) -> 315000 | E10: =SUM(E7:E9) -> 315000 | F10: =SUM(F7:F9) -> 315000 | G10: =SUM(G7:G9) -> 367500 | H10: =SUM(H7:H9) -> 367500 | I10: =SUM(I7:I9) -> 367500 | J10: =SUM(J7:J9) -> 367500 | ... N10: =SUM(N7:N9) -> 0 | O10: =SUM(C10:N10) -> 3517500
A11: 1- P&L
A12: Elementary ( Sales ) | C12: =C7*5 -> 0 | D12: =D7*$B$7 -> 5250000 | E12: =E7*$B$7 -> 5250000 | F12: =F7*$B$7 -> 5250000 | G12: =G7*$B$7 -> 6125000 | H12: =H7*$B$7 -> 6125000 | I12: =I7*$B$7 -> 6125000 | J12: =J7*$B$7 -> 6125000 | K12: =K7*$B$7 -> 6125000 | ... M12: =M7*$B$7 -> 6125000 | N12: =N7*5 -> 0
A13: Intermediate ( Sales ) | C13: =C8*5 -> 0 | D13: =D8*$B$7 -> 5250000 | E13: =E8*$B$7 -> 5250000 | F13: =F8*$B$7 -> 5250000 | G13: =G8*$B$7 -> 6125000 | H13: =H8*$B$7 -> 6125000 | I13: =I8*$B$7 -> 6125000 | J13: =J8*$B$7 -> 6125000 | K13: =K8*$B$7 -> 6125000 | ... M13: =M8*$B$7 -> 6125000 | N13: =N8*5 -> 0
A14: Secondary ( Sales ) | C14: =C9*5 -> 0 | D14: =D9*$B$7 -> 5250000 | E14: =E9*$B$7 -> 5250000 | F14: =F9*$B$7 -> 5250000 | G14: =G9*$B$7 -> 6125000 | H14: =H9*$B$7 -> 6125000 | I14: =I9*$B$7 -> 6125000 | J14: =J9*$B$7 -> 6125000 | K14: =K9*$B$7 -> 6125000 | ... M14: =M9*$B$7 -> 6125000 | N14: =N9*5 -> 0
A15: Income ( Sales ) - On line K.D. | C15: =SUM(C12:C14) -> 0 | D15: =SUM(D12:D14) -> 15750000 | E15: =SUM(E12:E14) -> 15750000 | F15: =SUM(F12:F14) -> 15750000 | G15: =SUM(G12:G14) -> 18375000 | H15: =SUM(H12:H14) -> 18375000 | I15: =SUM(I12:I14) -> 18375000 | J15: =SUM(J12:J14) -> 18375000 | ... N15: =SUM(N12:N14) -> 0 | O15: =SUM(C15:N15) -> 175875000
A16: Share % of 7 million students+teachers | B16: 7000000 | D16: =(D10/2)/$B$16 -> 0.0225 | E16: =(E10/2)/$B$16 -> 0.0225 | F16: =(F10/2)/$B$16 -> 0.0225 | G16: =(G10/2)/$B$16 -> 0.02625 | H16: =(H10/2)/$B$16 -> 0.02625 | I16: =(I10/2)/$B$16 -> 0.02625 | J16: =(J10/2)/$B$16 -> 0.02625 | K16: =(K10/2)/$B$16 -> 0.02625 | ... M16: =(M10/2)/$B$16 -> 0.02625 | O16: =(O10/2)/$B$16 -> 0.25125
A17: No. Of Students & Teachers | D17: =$B$16*D16 -> 157500 | E17: =$B$16*E16 -> 157500 | F17: =$B$16*F16 -> 157500 | G17: =$B$16*G16 -> 183750 | H17: =$B$16*H16 -> 183750 | I17: =$B$16*I16 -> 183750 | J17: =$B$16*J16 -> 183750 | K17: =$B$16*K16 -> 183750 | ... M17: =$B$16*M16 -> 183750 | N17: 0 | O17: =SUM(C17:N17) -> 1758750 | P17: =O17/B16 -> 0.25125
A18: Growth (New Students) | C18: 0 | D18: =D17-0 -> 157500 | E18: =E17-0 -> 157500 | F18: =F17-0 -> 157500 | G18: =G17-F17 -> 26250 | H18: =H17-E17 -> 26250 | I18: =I17-F17 -> 26250 | J18: =J17-G17 -> 0 | K18: =K17-H17 -> 0 | L18: =L17-I17 -> 0 | M18: =M17-I17 -> 0 | N18: 0 | O18: =SUM(C18:N18) -> 551250 | P18: =O18/B16 -> 0.07875
A19: Total Income | C19: =SUM(C15:C18) -> 0 | D19: =D15 -> 15750000 | E19: =E15 -> 15750000 | F19: =F15 -> 15750000 | G19: =G15 -> 18375000 | H19: =H15 -> 18375000 | I19: =I15 -> 18375000 | J19: =J15 -> 18375000 | K19: =K15 -> 18375000 | ... M19: =M15 -> 18375000 | N19: =SUM(N15:N18) -> 0 | O19: =SUM(C19:N19) -> 175875000
A21: Less Operating Expenses
A22: Salaries and Wages | C22: 320000 | D22: 320000 | E22: =D22 -> 320000 | F22: =E22 -> 320000 | G22: =F22 -> 320000 | H22: =G22 -> 320000 | I22: =H22 -> 320000 | J22: =I22 -> 320000 | K22: =J22 -> 320000 | L22: =K22 -> 320000 | ... N22: =M22 -> 320000 | O22: =SUM(C22:N22) -> 3840000
A23: Rent | C23: 50000 | D23: 50000 | E23: 50000 | F23: 50000 | G23: 50000 | H23: 50000 | I23: 50000 | J23: 50000 | K23: 50000 | L23: 50000 | M23: 50000 | N23: 50000 | O23: =SUM(C23:N23) -> 600000
A24: Marketing & Advertising & gifts | C24: 0 | D24: 1000000 | E24: 1000000 | F24: 1000000 | G24: 1000000 | H24: 1000000 | I24: 1000000 | J24: 1000000 | K24: 1000000 | L24: 1000000 | M24: 1000000 | N24: 0 | O24: =SUM(C24:N24) -> 10000000
A25: Other Oparating Expenses | O25: =SUM(C25:N25) -> 0
A26: Gifts | C26: 0 | D26: - | F26: - | G26: - | H26: 0 | I26: - | J26: - | K26: 0 | L26: 0 | M26: 0 | N26: 0 | O26: =SUM(C26:N26) -> 0
A27: Consultation Fees | C27: 5000 | D27: =C27 -> 5000 | E27: =D27 -> 5000 | F27: =E27 -> 5000 | G27: =F27 -> 5000 | H27: =G27 -> 5000 | I27: =H27 -> 5000 | J27: =I27 -> 5000 | K27: =J27 -> 5000 | ... N27: =M27 -> 5000 | O27: =SUM(C27:N27) -> 60000
A28: Depreciation Expense | C28: 1800 | D28: 1800 | E28: 1800 | F28: 1800 | G28: 1800 | H28: 1800 | I28: 1800 | J28: 1800 | K28: 1800 | L28: 1800 | M28: 1800 | N28: 1800 | O28: =SUM(C28:N28) -> 21600
A29: Printing & Stationery | C29: 500 | D29: =C29 -> 500 | E29: =D29 -> 500 | F29: =E29 -> 500 | G29: =F29 -> 500 | H29: =G29 -> 500 | I29: =H29 -> 500 | J29: =I29 -> 500 | K29: =J29 -> 500 | ... N29: =M29 -> 500 | O29: =SUM(C29:N29) -> 6000
A30: Subscriptions ( Internet & Mobiles ) | C30: 1000 | D30: 1000 | E30: 1000 | F30: 1000 | G30: 1000 | H30: 1000 | I30: 1000 | J30: 1000 | K30: 1000 | L30: 1000 | M30: 1000 | N30: 1000 | O30: =SUM(C30:N30) -> 12000
A31: Vehicle Expenses | C31: 0 | D31: 0 | E31: 0 | F31: 0 | G31: 0 | H31: 0 | I31: 0 | J31: 0 | K31: 0 | L31: 0 | M31: 0 | N31: 0 | O31: =SUM(C31:N31) -> 0
A32: Repairs and Maintenance | C32: 450 | D32: 450 | E32: 450 | F32: 450 | G32: 450 | H32: 450 | I32: 450 | J32: 450 | K32: 450 | L32: 450 | M32: 450 | N32: 450 | O32: =SUM(C32:N32) -> 5400
A33: Hospitality | C33: 3000 | D33: =C33 -> 3000 | E33: =D33 -> 3000 | F33: =E33 -> 3000 | G33: 3000 | H33: =G33 -> 3000 | I33: =H33 -> 3000 | J33: =I33 -> 3000 | K33: =J33 -> 3000 | L33: =K33 -> 3000 | M33: =L33 -> 3000 | N33: =M33 -> 3000 | O33: =SUM(C33:N33) -> 36000
A34: Insurance | C34: 9000 | D34: 9000 | E34: 9000 | F34: 9000 | G34: 9000 | H34: 9000 | I34: 9000 | J34: 9000 | K34: 9000 | L34: 9000 | M34: 9000 | N34: 9000 | O34: =SUM(C34:N34) -> 108000
A35: Profesional Fees | C35: 5000 | D35: 5000 | E35: 5000 | F35: 5000 | G35: 5000 | H35: 5000 | I35: 5000 | J35: 5000 | K35: 5000 | L35: 5000 | M35: 5000 | N35: 5000 | O35: =SUM(C35:N35) -> 60000
A36: Indemnity | C36: =(C22*(15/12)/26) -> 15384.615 | D36: =(D22*(15/12)/26) -> 15384.615 | E36: =(E22*(15/12)/26) -> 15384.615 | F36: =(F22*(15/12)/26) -> 15384.615 | G36: =(G22*(15/12)/26) -> 15384.615 | H36: =(H22*(15/12)/26) -> 15384.615 | I36: =(I22*(15/12)/26) -> 15384.615 | J36: =(J22*(15/12)/26) -> 15384.615 | ... N36: =(N22*(15/12)/26) -> 15384.615 | O36: =SUM(C36:N36) -> 184615.38
A37: Leave | C37: =(C22*(30/12)/26) -> 30769.231 | D37: =(D22*(30/12)/26) -> 30769.231 | E37: =(E22*(30/12)/26) -> 30769.231 | F37: =(F22*(30/12)/26) -> 30769.231 | G37: =(G22*(30/12)/26) -> 30769.231 | H37: =(H22*(30/12)/26) -> 30769.231 | I37: =(I22*(30/12)/26) -> 30769.231 | J37: =(J22*(30/12)/26) -> 30769.231 | ... N37: =(N22*(30/12)/26) -> 30769.231 | O37: =SUM(C37:N37) -> 369230.77
A38: Telephone & Internet | C38: 1200 | D38: 1200 | E38: 1200 | F38: 1200 | G38: 1200 | H38: 1200 | I38: 1200 | J38: 1200 | K38: 1200 | L38: 1200 | M38: 1200 | N38: 1200 | O38: =SUM(C38:N38) -> 14400
A39: Travel | C39: 300000 | D39: 0 | E39: 0 | F39: 0 | G39: 0 | H39: 0 | I39: 0 | J39: 0 | K39: 300000 | L39: 0 | M39: 0 | N39: 0 | O39: =SUM(C39:N39) -> 600000
A40: Governmental Expenses | C40: 20000 | D40: 20000 | E40: 20000 | F40: 20000 | G40: 20000 | H40: 20000 | I40: 20000 | J40: 20000 | K40: 20000 | L40: 20000 | M40: 20000 | N40: 20000 | O40: =SUM(C40:N40) -> 240000
A41: Transportation | C41: 0 | D41: 0 | E41: 0 | F41: 0 | G41: 0 | H41: 0 | I41: 0 | J41: 0 | K41: 0 | L41: 0 | M41: 0 | N41: 0 | O41: =SUM(C41:N41) -> 0
A42: Staff Residences Expenses | C42: 4000 | D42: 4000 | E42: 4000 | F42: 4000 | G42: 4000 | H42: 4000 | I42: 4000 | J42: 4000 | K42: 4000 | L42: 4000 | M42: 4000 | N42: 4000 | O42: =SUM(C42:N42) -> 48000
A43: Bank Charges | C43: 20000 | D43: 20000 | E43: 20000 | F43: 20000 | G43: 20000 | H43: 20000 | I43: 20000 | J43: 20000 | K43: 20000 | L43: 20000 | M43: 20000 | N43: 20000 | O43: =SUM(C43:N43) -> 240000
A44: Finance (Interest) Charges | C44: 0 | D44: 0 | E44: 0 | F44: 0 | G44: 0 | H44: 0 | I44: 0 | J44: 0 | K44: 0 | L44: 0 | M44: 0 | N44: 0 | O44: =SUM(C44:N44) -> 0
A45: IT and Software | C45: 20000 | D45: 20000 | E45: 20000 | F45: 20000 | G45: 20000 | H45: 20000 | I45: 20000 | J45: 20000 | K45: 20000 | L45: 20000 | M45: 20000 | N45: 20000 | O45: =SUM(C45:N45) -> 240000
A46: Miscellaneous Expenses | C46: 10000 | D46: 10000 | E46: 10000 | F46: 10000 | G46: 10000 | H46: 10000 | I46: 10000 | J46: 10000 | K46: 10000 | L46: 10000 | M46: 10000 | N46: 10000 | O46: =SUM(C46:N46) -> 120000
A47: Cleaning Expenses | C47: 10000 | D47: 10000 | E47: 10000 | F47: 10000 | G47: 10000 | H47: 10000 | I47: 10000 | J47: 10000 | K47: 10000 | L47: 10000 | M47: 10000 | N47: 10000 | O47: =SUM(C47:N47) -> 120000
A48: Zakat Expenses | C48: 0 | D48: 0 | E48: 0 | F48: 0 | G48: 0 | H48: 0 | I48: 0 | J48: 0 | K48: 0 | L48: 0 | M48: 0 | N48: =V79 -> 0
A49: Social Security | C49: 0 | D49: =C49 -> 0 | E49: =D49 -> 0 | F49: =E49 -> 0 | G49: =F49 -> 0 | H49: =G49 -> 0 | I49: =H49 -> 0 | J49: =I49 -> 0 | K49: =J49 -> 0 | ... N49: =M49 -> 0
A50: Total Operating Expenses | C50: =SUM(C22:C49) -> 827103.85 | D50: =SUM(D22:D49) -> 1527103.8 | E50: =SUM(E22:E49) -> 1527103.8 | F50: =SUM(F22:F49) -> 1527103.8 | G50: =SUM(G22:G49) -> 1527103.8 | H50: =SUM(H22:H49) -> 1527103.8 | I50: =SUM(I22:I49) -> 1527103.8 | J50: =SUM(J22:J49) -> 1527103.8 | ... N50: =SUM(N22:N49) -> 527103.85 | O50: =SUM(C50:N50) -> 16925246
A52: Monthly - Net Profit / Loss | C52: =C19-C50 -> -827103.85 | D52: =D19-D50 -> 14222896 | E52: =E19-E50 -> 14222896 | F52: =F19-F50 -> 14222896 | G52: =G19-G50 -> 16847896 | H52: =H19-H50 -> 16847896 | I52: =I19-I50 -> 16847896 | J52: =J19-J50 -> 16847896 | ... N52: =N19-N50 -> -527103.85 | O52: =SUM(C52:N52) -> 1.5894975e+08

Sheet Total
C1: Year - 1 | O1: Year - 2 | AA1: Year -3
C2: 44044 | D2: 44075 | E2: 44105 | F2: 44136 | G2: 44166 | H2: 44197 | I2: 44228 | J2: 44256 | K2: 44287 | L2: 44317 | M2: 44348 | N2: 44378 | O2: 44410 | P2: 44440 | Q2: 44470 | R2: 44501 | S2: 44531 | T2: 44562 | U2: 44593 | V2: 44621 | W2: 44652 | X2: 44682 | Y2: 44713 | Z2: 44743 | AA2: 44774 | AB2: 44805 | AC2: 44835 | AD2: 44866 | AE2: 44896 | AF2: 44927 | AG2: 44958 | AH2: 44986 | AI2: 45017 | AJ2: 45047 | AK2: 45078 | AL2: 45108 | AM2: Total
A3: Overall Budget
A4: 3-Years Budget Sheet | B4: KD
A5: Total No. of Booking - ELEMENTRY SCHOOL | B5: 5 | C5: 50 | D5: 50 | E5: 50 | F5: 50 | G5: 50 | H5: 50 | I5: 50 | J5: 50 | K5: 50 | L5: 50 | M5: 0 | N5: 0 | O5: 0 | P5: 1500 | Q5: 4500 | R5: 6500 | S5: 0 | T5: 0 | U5: 6500 | V5: 10000 | W5: 10000 | X5: 0 | Y5: 0 | Z5: 0 | AA5: 0 | AB5: 5000 | AC5: 7500 | AD5: 10000 | AE5: 0 | AF5: 0 | AG5: 7500 | AH5: 10000 | AI5: 10000 | AJ5: 0 | AK5: 0 | AL5: 0 | AM5: =SUM(C5:AL5) -> 89500 | AN5: =SUM(C5:N5) -> 500 | AO5: =SUM(O5:Z5) -> 39000 | AP5: =SUM(AA5:AL5) -> 50000
A6: Total No. of Booking - INTERMEDIATE SCHOOL | B6: 5 | C6: 50 | D6: 50 | E6: 50 | F6: 50 | G6: 50 | H6: 50 | I6: 50 | J6: 50 | K6: 50 | L6: 50 | M6: 0 | N6: 0 | O6: 0 | P6: 1500 | Q6: 4500 | R6: 6500 | S6: 0 | T6: 0 | U6: 6500 | V6: 10000 | W6: 10000 | X6: 0 | Y6: 0 | Z6: 0 | AA6: 0 | AB6: 5000 | AC6: 7500 | AD6: 10000 | AE6: 0 | AF6: 0 | AG6: 7500 | AH6: 10000 | AI6: 10000 | AJ6: 0 | AK6: 0 | AL6: 0 | AM6: =SUM(C6:AL6) -> 89500 | AN6: =SUM(C6:N6) -> 500 | AO6: =SUM(O6:Z6) -> 39000 | AP6: =SUM(AA6:AL6) -> 50000
A7: Total No. of Booking - SECONDARY SCHOOL | B7: 5 | C7: 50 | D7: 50 | E7: 50 | F7: 50 | G7: 50 | H7: 50 | I7: 50 | J7: 50 | K7: 50 | L7: 50 | M7: 0 | N7: 0 | O7: 0 | P7: 1500 | Q7: 4500 | R7: 6500 | S7: 0 | T7: 0 | U7: 6500 | V7: 10000 | W7: 10000 | X7: 0 | Y7: 0 | Z7: 0 | AA7: 0 | AB7: 5000 | AC7: 7500 | AD7: 10000 | AE7: 0 | AF7: 0 | AG7: 7500 | AH7: 10000 | AI7: 10000 | AJ7: 0 | AK7: 0 | AL7: 0 | AM7: =SUM(C7:AL7) -> 89500 | AN7: =SUM(C7:N7) -> 500 | AO7: =SUM(O7:Z7) -> 39000 | AP7: =SUM(AA7:AL7) -> 50000
A8: Totals No. of Booking | C8: =SUM(C5:C7) -> 150 | D8: =SUM(D5:D7) -> 150 | E8: =SUM(E5:E7) -> 150 | F8: =SUM(F5:F7) -> 150 | G8: =SUM(G5:G7) -> 150 | H8: =SUM(H5:H7) -> 150 | I8: =SUM(I5:I7) -> 150 | J8: =SUM(J5:J7) -> 150 | ... AM8: =SUM(AM5:AM7) -> 268500 | AN8: =SUM(C8:N8) -> 1500 | AO8: =SUM(O8:Z8) -> 117000 | AP8: =SUM(AA8:AL8) -> 150000
A9: 1- P&L | N9: =SUM(C8:N8) -> 1500
A10: From August 2020 to July 2023 ( 36 Months ) | C10: 1 | D10: 2 | E10: 3 | F10: 4 | G10: 5 | H10: 6 | I10: 7 | J10: 8 | K10: 9 | L10: 10 | M10: 11 | N10: 12 | O10: 13 | P10: 14 | Q10: 15 | R10: 16 | S10: 17 | T10: 18 | U10: 19 | V10: 20 | W10: 21 | X10: 22 | Y10: 23 | Z10: 24 | AA10: 25 | AB10: 26 | AC10: 27 | AD10: 28 | AE10: 29 | AF10: 30 | AG10: 31 | AH10: 32 | AI10: 33 | AJ10: 34 | AK10: 35 | AL10: 36
A13: Elementary ( Sales ) | C13: =C5*5 -> 250 | D13: =D5*5 -> 250 | E13: =E5*5 -> 250 | F13: =F5*5 -> 250 | G13: =G5*5 -> 250 | H13: =H5*5 -> 250 | I13: =I5*5 -> 250 | J13: =J5*5 -> 250 | ... AL13: =AL5*5 -> 0 | AM13: =SUM(C13:AL13) -> 447500 | AN13: =SUM(C13:N13) -> 2500 | AO13: =SUM(O13:Z13) -> 195000 | AP13: =SUM(AA13:AL13) -> 250000 | AQ13: =AN13+AO13+AP13-AM13 -> 0 | AS13: =AM13/AM16 -> 0.33333333 | AT13: =AP13+(AP13*20%) -> 300000 | AU13: =AT13+(AT13*20%) -> 360000
A14: Intermediate ( Sales ) | C14: =C6*5 -> 250 | D14: =D6*5 -> 250 | E14: =E6*5 -> 250 | F14: =F6*5 -> 250 | G14: =G6*5 -> 250 | H14: =H6*5 -> 250 | I14: =I6*5 -> 250 | J14: =J6*5 -> 250 | ... AL14: =AL6*5 -> 0 | AM14: =SUM(C14:AL14) -> 447500 | AN14: =SUM(C14:N14) -> 2500 | AO14: =SUM(O14:Z14) -> 195000 | AP14: =SUM(AA14:AL14) -> 250000 | AQ14: =AN14+AO14+AP14-AM14 -> 0 | AS14: =AM14/AM16 -> 0.33333333 | AT14: =AP14+(AP14*20%) -> 300000 | AU14: =AT14+(AT14*20%) -> 360000
A15: Secondary ( Sales ) | C15: =C7*5 -> 250 | D15: =D7*5 -> 250 | E15: =E7*5 -> 250 | F15: =F7*5 -> 250 | G15: =G7*5 -> 250 | H15: =H7*5 -> 250 | I15: =I7*5 -> 250 | J15: =J7*5 -> 250 | ... AL15: =AL7*5 -> 0 | AM15: =SUM(C15:AL15) -> 447500 | AN15: =SUM(C15:N15) -> 2500 | AO15: =SUM(O15:Z15) -> 195000 | AP15: =SUM(AA15:AL15) -> 250000 | AQ15: =AN15+AO15+AP15-AM15 -> 0 | AS15: =AM15/AM16 -> 0.33333333 | AT15: =AP15+(AP15*20%) -> 300000 | AU15: =AT15+(AT15*20%) -> 360000
A16: Income ( Sales ) - Details | C16: =SUM(C13:C15) -> 750 | D16: =SUM(D13:D15) -> 750 | E16: =SUM(E13:E15) -> 750 | F16: =SUM(F13:F15) -> 750 | G16: =SUM(G13:G15) -> 750 | H16: =SUM(H13:H15) -> 750 | I16: =SUM(I13:I15) -> 750 | J16: =SUM(J13:J15) -> 750 | ... AM16: =SUM(AM13:AM15) -> 1342500 | AN16: =(AM5*B5)+(AM6*B6)+(AM7*B7)-AM17 -> 0 | AO16: =AO21-AN21 -> 605726 | AP16: =AP21-AO21 -> 249000 | AS16: =SUM(AS13:AS15) -> 1
A17: Sales from ONLINE ( APPLICATION ) | C17: =C16 -> 750 | D17: =D16 -> 750 | E17: =E16 -> 750 | F17: =F16 -> 750 | G17: =G16 -> 750 | H17: =H16 -> 750 | I17: =I16 -> 750 | J17: =J16 -> 750 | ... AL17: =AL16 -> 0 | AM17: =SUM(C17:AL17) -> 1342500 | AN17: =SUM(C17:N17) -> 7500 | AO17: =SUM(O17:Z17) -> 585000 | AP17: =SUM(AA17:AL17) -> 750000
A18: Cards Sales Through ( Libraries & Cooperative Socities ) - Recharge Cards | C18: 1050 | D18: 12500 | E18: 34004 | F18: 1000 | G18: 0 | H18: 0 | I18: 490 | J18: 1730 | K18: 68000 | L18: 16000 | M18: 0 | N18: 0 | O18: 0 | P18: 60000 | Q18: 12000 | R18: 0 | S18: 0 | T18: 0 | U18: 60000 | V18: 24000 | W18: 0 | X18: 0 | Y18: 0 | Z18: 0 | AA18: 0 | AB18: 60000 | AC18: 24000 | AD18: 24000 | AE18: 24000 | AF18: 0 | AG18: 60000 | AH18: 24000 | AI18: 24000 | AJ18: 0 | AK18: 0 | AL18: 0 | AM18: =SUM(C18:AL18) -> 530774 | AN18: =SUM(C18:N18) -> 134774 | AO18: =SUM(O18:Z18) -> 156000 | AP18: =SUM(AA18:AL18) -> 240000
A19: Other income ( SPONSERS " AL SAYER & KFH ) | C19: 0 | D19: 0 | E19: 0 | F19: 0 | G19: 0 | H19: 0 | I19: 0 | J19: 0 | K19: 0 | L19: 0 | M19: 0 | N19: 0 | O19: 0 | P19: 7000 | Q19: 0 | R19: 0 | S19: 0 | T19: 0 | U19: 0 | V19: 0 | W19: 0 | X19: 0 | Y19: 0 | Z19: 0 | AA19: 0 | AB19: 7000 | AC19: 0 | AD19: 0 | AE19: 0 | AF19: 0 | AG19: 0 | AH19: 0 | AI19: 0 | AJ19: 0 | AK19: 0 | AL19: 0 | AM19: =SUM(C19:AL19) -> 14000 | AN19: =SUM(C19:N19) -> 0 | AO19: =SUM(O19:Z19) -> 7000 | AP19: =SUM(AA19:AL19) -> 7000
A20: Total Income | C20: =SUM(C17:C19) -> 1800 | D20: =SUM(D17:D19) -> 13250 | E20: =SUM(E17:E19) -> 34754 | F20: =SUM(F17:F19) -> 1750 | G20: =SUM(G17:G19) -> 750 | H20: =SUM(H17:H19) -> 750 | I20: =SUM(I17:I19) -> 1240 | J20: =SUM(J17:J19) -> 2480 | ... AL20: =SUM(AL17:AL19) -> 0 | AM20: =SUM(C20:AL20) -> 1887274 | AN20: 1St Year | AO20: 2nd Year | AP20: 3rd Year | AQ20: =(AN21+AO21+AP21)-AM20 -> 0
AN21: =SUM(C20:N20) -> 142274 | AO21: =SUM(O20:Z20) -> 748000 | AP21: =SUM(AA20:AL20) -> 997000
A22: Less Cost Of Sales | AO22: =AO21-AN21 -> 605726 | AP22: =AP21-AO21 -> 249000
A23: Cost of Sales (Direct) - Amendement in Educations Subjects | C23: 1500 | D23: 1500 | E23: 1500 | F23: 1500 | G23: 1500 | H23: 5000 | I23: 0 | J23: 0 | K23: 0 | L23: 0 | M23: 0 | N23: 0 | O23: 5000 | P23: 0 | Q23: 0 | R23: 0 | S23: 0 | T23: 5000 | U23: 0 | V23: 0 | W23: 0 | X23: 0 | Y23: 0 | Z23: 0 | AA23: 5000 | AB23: 0 | AC23: 0 | AD23: 0 | AE23: 0 | AF23: 5000 | AG23: 0 | AH23: 0 | AI23: 0 | AJ23: 0 | AK23: 0 | AL23: 0 | AM23: =SUM(C23:AL23) -> 32500 | AO23: =AO22/AN21 -> 4.257461 | AP23: =AP22/AO21 -> 0.3328877 | AS23: GP | AT23: GP | AU23: GP
A24: Cost of Sales (Direct) - Augmented Reality ( for Application Development ) | C24: 0 | D24: 0 | E24: 0 | F24: 0 | G24: 0 | H24: 0 | I24: 0 | J24: 0 | K24: 0 | L24: 0 | M24: =(M21/3)*33% -> 0 | N24: 0 | O24: 0 | P24: =(P21/3)*33% -> 0 | Q24: =(Q21/3)*33% -> 0 | R24: =(R21/3)*33% -> 0 | S24: =(S21/3)*33% -> 0 | T24: =(T21/3)*33% -> 0 | U24: =(U21/3)*33% -> 0 | V24: =(V21/3)*33% -> 0 | W24: =(W21/3)*33% -> 0 | ... AL24: =(AL21/3)*33% -> 0 | AM24: =SUM(C24:AL24) -> 0 | AN24: 1St Year | AO24: 2nd Year | AP24: 3rd Year | AQ24: =(AN25+AO25+AP25)-AM24-AM23 -> 0 | AS24: 1St Year | AT24: 2nd Year | AU24: 3rd Year
AM25: =AM23+AM24 -> 32500 | AN25: =SUM(C23:N23)+SUM(C24:N24) -> 12500 | AO25: =SUM(O23:Z23)+SUM(O24:Z24) -> 10000 | AP25: =SUM(AA23:AL23)+SUM(AA24:AL24) -> 10000 | AQ25: =(AM23+AM24)/409847 -> 0.079297884 | AS25: =AN21-AN25 -> 129774 | AT25: =AO21-AO25 -> 738000 | AU25: =AP21-AP25 -> 987000
A26: Gross Profit | C26: =(0+(C20))-((C24)+(C23)) -> 300 | D26: =(0+(D20))-((D24)+(D23)) -> 11750 | E26: =(0+(E20))-((E24)+(E23)) -> 33254 | F26: =(0+(F20))-((F24)+(F23)) -> 250 | G26: =(0+(G20))-((G24)+(G23)) -> -750 | H26: =(0+(H20))-((H24)+(H23)) -> -4250 | I26: =(0+(I20))-((I24)+(I23)) -> 1240 | J26: =(0+(J20))-((J24)+(J23)) -> 2480 | ... AM26: =(0+(AM20))-((AM24)+(AM23)) -> 1854774 | AO26: =AO25-AN25 -> -2500 | AP26: =AP25-AO25 -> 0
AN27: =AM20-AM23-AM24-AM26 -> 0 | AO27: =AO26/AN25 -> -0.2 | AP27: =AP26/AO25 -> 0
AN28: 1St Year | AO28: 2nd Year | AP28: 3rd Year
A29: Less Operating Expenses
A30: Salaries and Wages in Kuwait | C30: 3500 | D30: =C30 -> 3500 | E30: =D30 -> 3500 | F30: =E30 -> 3500 | G30: =F30 -> 3500 | H30: =G30 -> 3500 | I30: =H30 -> 3500 | J30: =I30 -> 3500 | K30: =J30 -> 3500 | L30: 3500 | M30: 3500 | N30: =M30 -> 3500 | O30: 9000 | P30: =O30 -> 9000 | Q30: =P30 -> 9000 | R30: =Q30 -> 9000 | S30: =R30 -> 9000 | T30: =S30 -> 9000 | U30: =T30 -> 9000 | V30: =U30 -> 9000 | W30: =V30 -> 9000 | ... Z30: =Y30 -> 9000 | AA30: 12000 | AB30: =AA30 -> 12000 | AC30: =AB30 -> 12000 | AD30: =AC30 -> 12000 | AE30: =AD30 -> 12000 | AF30: =AE30 -> 12000 | AG30: =AF30 -> 12000 | AH30: =AG30 -> 12000 | AI30: =AH30 -> 12000 | ... AL30: =AK30 -> 12000 | AM30: =SUM(C30:AL30) -> 294000 | AN30: =SUM(C26:N26) -> 129774 | AO30: =SUM(O26:Z26) -> 738000 | AP30: =SUM(AA26:AL26) -> 987000 | AQ30: =AN31+AO31+AP31-AM30 -> 0 | AT30: =SUM(C30:AB30) -> 174000
AM31: =SUM(C31:AL31) -> 0 | AN31: =SUM(C30:N30) -> 42000 | AO31: =SUM(O30:Z30) -> 108000 | AP31: =SUM(AA30:AL30) -> 144000 | AQ31: =AN32+AO32+AP32-AM31 -> 0 | AT31: =SUM(C31:AB31) -> 0
A32: Rent | C32: 450 | D32: =C32 -> 450 | E32: =D32 -> 450 | F32: =E32 -> 450 | G32: =F32 -> 450 | H32: =G32 -> 450 | I32: =H32 -> 450 | J32: =I32 -> 450 | K32: =J32 -> 450 | ... N32: =M32 -> 450 | O32: 750 | P32: =O32 -> 750 | Q32: =P32 -> 750 | R32: =Q32 -> 750 | S32: =R32 -> 750 | T32: =S32 -> 750 | U32: =T32 -> 750 | V32: =U32 -> 750 | W32: =V32 -> 750 | ... Z32: =Y32 -> 750 | AA32: 1200 | AB32: 1200 | AC32: 1200 | AD32: 1200 | AE32: 1200 | AF32: 1200 | AG32: 1200 | AH32: 1200 | AI32: 1200 | AJ32: 1200 | AK32: 1200 | AL32: 1200 | AM32: =SUM(C32:AL32) -> 28800 | AN32: =SUM(C31:N31) -> 0 | AO32: =SUM(O31:Z31) -> 0 | AP32: =SUM(AA31:AL31) -> 0 | AQ32: =AN33+AO33+AP33-AM32 -> 0
A33: Marketing & Advertising & gifts | C33: 0 | D33: 0 | E33: 0 | F33: 0 | G33: =F33 -> 0 | H33: =G33 -> 0 | I33: =H33 -> 0 | J33: =I33 -> 0 | K33: 0 | L33: 0 | M33: 0 | N33: 0 | O33: 0 | P33: 50000 | Q33: 50000 | R33: 50000 | S33: 0 | T33: 0 | U33: 50000 | V33: 50000 | W33: 50000 | X33: 0 | Y33: 0 | Z33: 0 | AA33: 0 | AB33: 75000 | AC33: 50000 | AD33: 50000 | AE33: 0 | AF33: 0 | AG33: 50000 | AH33: 50000 | AI33: 50000 | AJ33: 0 | AK33: 0 | AL33: 0 | AM33: =SUM(C33:AL33) -> 625000 | AN33: =SUM(C32:N32) -> 5400 | AO33: =SUM(O32:Z32) -> 9000 | AP33: =SUM(AA32:AL32) -> 14400 | AQ33: =AN34+AO34+AP34-AM33 -> 0 | AT33: =SUM(C33:AB33) -> 375000
A34: Other Oparating Expenses | AN34: =SUM(C33:N33) -> 0 | AO34: =SUM(O33:Z33) -> 300000 | AP34: =SUM(AA33:AL33) -> 325000 | AQ34: =AN35+AO35+AP35-AM34 -> 0 | AS34: =AM33/36 -> 17361.111
A35: Gifts | C35: 0 | D35: 0 | E35: 9000 | F35: 0 | G35: 0 | H35: 0 | I35: 0 | J35: 0 | K35: 20000 | L35: 4000 | M35: 0 | N35: =M35 -> 0 | O35: 0 | P35: 16000 | Q35: 3000 | R35: 0 | S35: 0 | T35: 0 | U35: 16000 | V35: 6000 | W35: 0 | X35: 0 | Y35: 0 | Z35: 0 | AA35: 0 | AB35: 16000 | AC35: 6000 | AD35: 6000 | AE35: 6000 | AF35: 0 | AG35: 16000 | AH35: 6000 | AI35: 6000 | AJ35: 0 | AK35: 0 | AL35: 0 | AM35: =SUM(C35:AL35) -> 136000 | AQ35: =AN36+AO36+AP36-AM35 -> 0
A36: Consultation Fees | C36: 0 | D36: =C36 -> 0 | E36: =D36 -> 0 | F36: =E36 -> 0 | G36: =F36 -> 0 | H36: =G36 -> 0 | I36: =H36 -> 0 | J36: =I36 -> 0 | K36: =J36 -> 0 | ... N36: =M36 -> 0 | O36: 500 | P36: =O36 -> 500 | Q36: =P36 -> 500 | R36: =Q36 -> 500 | S36: =R36 -> 500 | T36: =S36 -> 500 | U36: =T36 -> 500 | V36: =U36 -> 500 | W36: =V36 -> 500 | ... AL36: =AK36 -> 500 | AM36: =SUM(C36:AL36) -> 12000 | AN36: =SUM(C35:N35) -> 33000 | AO36: =SUM(O35:Z35) -> 41000 | AP36: =SUM(AA35:AL35) -> 62000 | AQ36: =AN37+AO37+AP37-AM36 -> 0 | AR36: =B36*2%-AM36 -> -12000
A37: Depreciation Expense | C37: =(0/36) -> 0 | D37: =C37 -> 0 | E37: =D37 -> 0 | F37: =E37 -> 0 | G37: =F37 -> 0 | H37: =G37 -> 0 | I37: =H37 -> 0 | J37: =I37 -> 0 | K37: =J37 -> 0 | ... N37: =M37 -> 0 | O37: =6480/3/12*1 -> 180 | P37: =6480/3/12*1 -> 180 | Q37: =6480/3/12*1 -> 180 | R37: =6480/3/12*1 -> 180 | S37: =6480/3/12*1 -> 180 | T37: =6480/3/12*1 -> 180 | U37: =6480/3/12*1 -> 180 | V37: =6480/3/12*1 -> 180 | ... AL37: =6480/3/12*1 -> 180 | AM37: =SUM(C37:AL37) -> 4320 | AN37: =SUM(C36:N36) -> 0 | AO37: =SUM(O36:Z36) -> 6000 | AP37: =SUM(AA36:AL36) -> 6000 | AQ37: =AN38+AO38+AP38-AM37 -> 0
A38: Printing & Stationery | C38: 50 | D38: =C38 -> 50 | E38: =D38 -> 50 | F38: =E38 -> 50 | G38: =F38 -> 50 | H38: =G38 -> 50 | I38: =H38 -> 50 | J38: =I38 -> 50 | K38: =J38 -> 50 | ... AL38: =AK38 -> 50 | AM38: =SUM(C38:AL38) -> 1800 | AN38: =SUM(C37:N37) -> 0 | AO38: =SUM(O37:Z37) -> 2160 | AP38: =SUM(AA37:AL37) -> 2160 | AQ38: =AN39+AO39+AP39-AM38 -> 0
A39: Subscriptions ( Internet & Mobiles ) | C39: 75 | D39: =C39 -> 75 | E39: =D39 -> 75 | F39: =E39 -> 75 | G39: =F39 -> 75 | H39: =G39 -> 75 | I39: =H39 -> 75 | J39: =I39 -> 75 | K39: =J39 -> 75 | ... N39: =M39 -> 75 | O39: 100 | P39: 100 | Q39: 100 | R39: 100 | S39: 100 | T39: 100 | U39: 100 | V39: 100 | W39: 100 | X39: 100 | Y39: 100 | Z39: 100 | AA39: 125 | AB39: 125 | AC39: 125 | AD39: 125 | AE39: 125 | AF39: 125 | AG39: 125 | AH39: 125 | AI39: 125 | AJ39: 125 | AK39: 125 | AL39: 125 | AM39: =SUM(C39:AL39) -> 3600 | AN39: =SUM(C38:N38) -> 600 | AO39: =SUM(O38:Z38) -> 600 | AP39: =SUM(AA38:AL38) -> 600 | AQ39: =AN40+AO40+AP40-AM39 -> 0
A40: Vehicle Expenses | C40: 0 | D40: =C40 -> 0 | E40: =D40 -> 0 | F40: =E40 -> 0 | G40: =F40 -> 0 | H40: =G40 -> 0 | I40: =H40 -> 0 | J40: =I40 -> 0 | K40: =J40 -> 0 | ... N40: =M40 -> 0 | O40: 0 | P40: 0 | Q40: 0 | R40: 0 | S40: 0 | T40: 0 | U40: 0 | V40: 0 | W40: 0 | X40: 0 | Y40: 0 | Z40: 0 | AA40: 0 | AB40: 0 | AC40: 0 | AD40: 0 | AE40: 0 | AF40: 0 | AG40: 0 | AH40: 0 | AI40: 0 | AJ40: 0 | AK40: 0 | AL40: 0 | AM40: =SUM(C40:AL40) -> 0 | AN40: =SUM(C39:N39) -> 900 | AO40: =SUM(O39:Z39) -> 1200 | AP40: =SUM(AA39:AL39) -> 1500 | AQ40: =AN41+AO41+AP41-AM40 -> 0
A41: Repairs and Maintenance | C41: =15*3 -> 45 | D41: =C41 -> 45 | E41: =D41 -> 45 | F41: =E41 -> 45 | G41: =F41 -> 45 | H41: =G41 -> 45 | I41: =H41 -> 45 | J41: =I41 -> 45 | K41: =J41 -> 45 | ... N41: =M41 -> 45 | O41: =15*3 -> 45 | P41: =15*3 -> 45 | Q41: =15*3 -> 45 | R41: =15*3 -> 45 | S41: =15*3 -> 45 | T41: =15*3 -> 45 | U41: =15*3 -> 45 | V41: =15*3 -> 45 | ... AL41: =15*3 -> 45 | AM41: =SUM(C41:AL41) -> 1620 | AN41: =SUM(C40:N40) -> 0 | AO41: =SUM(O40:Z40) -> 0 | AP41: =SUM(AA40:AL40) -> 0 | AQ41: =AN42+AO42+AP42-AM41 -> 0
A42: Hospitality | C42: 30 | D42: =C42 -> 30 | E42: =D42 -> 30 | F42: =E42 -> 30 | G42: =F42 -> 30 | H42: =G42 -> 30 | I42: =H42 -> 30 | J42: =I42 -> 30 | K42: =J42 -> 30 | ... AL42: =AK42 -> 30 | AM42: =SUM(C42:AL42) -> 1080 | AN42: =SUM(C41:N41) -> 540 | AO42: =SUM(O41:Z41) -> 540 | AP42: =SUM(AA41:AL41) -> 540 | AQ42: =AN43+AO43+AP43-AM42 -> 0
A43: Insurance | C43: 0 | D43: =C43 -> 0 | E43: =D43 -> 0 | F43: =E43 -> 0 | G43: =F43 -> 0 | H43: =G43 -> 0 | I43: =H43 -> 0 | J43: =I43 -> 0 | K43: =J43 -> 0 | ... N43: =M43 -> 0 | O43: 0 | P43: 0 | Q43: 0 | R43: 0 | S43: 0 | T43: 0 | U43: 0 | V43: 0 | W43: 0 | X43: 0 | Y43: 0 | Z43: 0 | AA43: 0 | AB43: 0 | AC43: 0 | AD43: 0 | AE43: 0 | AF43: 0 | AG43: 0 | AH43: 0 | AI43: 0 | AJ43: 0 | AK43: 0 | AL43: 0 | AM43: =SUM(C43:AL43) -> 0 | AN43: =SUM(C42:N42) -> 360 | AO43: =SUM(O42:Z42) -> 360 | AP43: =SUM(AA42:AL42) -> 360 | AQ43: =AN44+AO44+AP44-AM43 -> 0
A44: Profesional Fees | C44: =2000/12 -> 166.66667 | D44: =C44 -> 166.66667 | E44: =D44 -> 166.66667 | F44: =E44 -> 166.66667 | G44: =F44 -> 166.66667 | H44: =G44 -> 166.66667 | I44: =H44 -> 166.66667 | J44: =I44 -> 166.66667 | K44: =J44 -> 166.66667 | ... N44: =M44 -> 166.66667 | O44: =2000/12 -> 166.66667 | P44: =2000/12 -> 166.66667 | Q44: =2000/12 -> 166.66667 | R44: =2000/12 -> 166.66667 | S44: =2000/12 -> 166.66667 | T44: =2000/12 -> 166.66667 | U44: =2000/12 -> 166.66667 | V44: =2000/12 -> 166.66667 | ... AL44: =2000/12 -> 166.66667 | AM44: =SUM(C44:AL44) -> 6000 | AN44: =SUM(C43:N43) -> 0 | AO44: =SUM(O43:Z43) -> 0 | AP44: =SUM(AA43:AL43) -> 0 | AQ44: =AN45+AO45+AP45-AM44 -> 0
A45: Indemnity | C45: =(C30*(15/12)/26) -> 168.26923 | D45: =C45 -> 168.26923 | E45: =D45 -> 168.26923 | F45: =E45 -> 168.26923 | G45: =F45 -> 168.26923 | H45: =G45 -> 168.26923 | I45: =H45 -> 168.26923 | J45: =I45 -> 168.26923 | K45: =J45 -> 168.26923 | ... N45: =M45 -> 168.26923 | O45: =(O30*(15/12)/26) -> 432.69231 | P45: =(P30*(15/12)/26) -> 432.69231 | Q45: =(Q30*(15/12)/26) -> 432.69231 | R45: =(R30*(15/12)/26) -> 432.69231 | S45: =(S30*(15/12)/26) -> 432.69231 | T45: =(T30*(15/12)/26) -> 432.69231 | U45: =(U30*(15/12)/26) -> 432.69231 | V45: =(V30*(15/12)/26) -> 432.69231 | ... AL45: =(AL30*(15/12)/26) -> 576.92308 | AM45: =SUM(C45:AL45) -> 14134.615 | AN45: =SUM(C44:N44) -> 2000 | AO45: =SUM(O44:Z44) -> 2000 | AP45: =SUM(AA44:AL44) -> 2000 | AQ45: =AN46+AO46+AP46-AM45 -> 0
A46: Leave | C46: =(C30*(30/12)/26) -> 336.53846 | D46: =C46 -> 336.53846 | E46: =D46 -> 336.53846 | F46: =E46 -> 336.53846 | G46: =F46 -> 336.53846 | H46: =G46 -> 336.53846 | I46: =H46 -> 336.53846 | J46: =I46 -> 336.53846 | K46: =J46 -> 336.53846 | ... N46: =M46 -> 336.53846 | O46: =(O30*(30/12)/26) -> 865.38462 | P46: =(P30*(30/12)/26) -> 865.38462 | Q46: =(Q30*(30/12)/26) -> 865.38462 | R46: =(R30*(30/12)/26) -> 865.38462 | S46: =(S30*(30/12)/26) -> 865.38462 | T46: =(T30*(30/12)/26) -> 865.38462 | U46: =(U30*(30/12)/26) -> 865.38462 | V46: =(V30*(30/12)/26) -> 865.38462 | ... AL46: =(AL30*(30/12)/26) -> 1153.8462 | AM46: =SUM(C46:AL46) -> 28269.231 | AN46: =SUM(C45:N45) -> 2019.2308 | AO46: =SUM(O45:Z45) -> 5192.3077 | AP46: =SUM(AA45:AL45) -> 6923.0769 | AQ46: =AN47+AO47+AP47-AM46 -> 0
A47: Telephone & Internet | C47: =120+6.507 -> 126.507 | D47: =C47 -> 126.507 | E47: =D47 -> 126.507 | F47: =E47 -> 126.507 | G47: =F47 -> 126.507 | H47: =G47 -> 126.507 | I47: =H47 -> 126.507 | J47: =I47 -> 126.507 | K47: =J47 -> 126.507 | ... N47: =M47 -> 126.507 | O47: 120 | P47: 120 | Q47: 120 | R47: 120 | S47: 120 | T47: 120 | U47: 120 | V47: 120 | W47: 120 | X47: 120 | Y47: 120 | Z47: 120 | AA47: 120 | AB47: 120 | AC47: 120 | AD47: 120 | AE47: 120 | AF47: 120 | AG47: 120 | AH47: 120 | AI47: 120 | AJ47: 120 | AK47: 120 | AL47: 120 | AM47: =SUM(C47:AL47) -> 4398.084 | AN47: =SUM(C46:N46) -> 4038.4615 | AO47: =SUM(O46:Z46) -> 10384.615 | AP47: =SUM(AA46:AL46) -> 13846.154 | AQ47: =AN48+AO48+AP48-AM47 -> 0
A48: Travel | C48: 0 | D48: =C48 -> 0 | E48: =D48 -> 0 | F48: =E48 -> 0 | G48: =F48 -> 0 | H48: =G48 -> 0 | I48: =H48 -> 0 | J48: =I48 -> 0 | K48: =J48 -> 0 | ... N48: =M48 -> 0 | O48: 1000 | P48: 0 | Q48: 0 | R48: 0 | S48: 0 | T48: 0 | U48: 0 | V48: 0 | W48: 1000 | X48: 0 | Y48: 0 | Z48: 0 | AA48: 1000 | AB48: 0 | AC48: 0 | AD48: 0 | AE48: 0 | AF48: 0 | AG48: 0 | AH48: 0 | AI48: 1000 | AJ48: 0 | AK48: 0 | AL48: 0 | AM48: =SUM(C48:AL48) -> 4000 | AN48: =SUM(C47:N47) -> 1518.084 | AO48: =SUM(O47:Z47) -> 1440 | AP48: =SUM(AA47:AL47) -> 1440 | AQ48: =AN49+AO49+AP49-AM48 -> 0
A49: Governmental Expenses | C49: 25 | D49: =C49 -> 25 | E49: =D49 -> 25 | F49: =E49 -> 25 | G49: =F49 -> 25 | H49: =G49 -> 25 | I49: =H49 -> 25 | J49: =I49 -> 25 | K49: =J49 -> 25 | ... N49: =M49 -> 25 | O49: 25 | P49: 25 | Q49: 25 | R49: 25 | S49: 25 | T49: 25 | U49: 25 | V49: 25 | W49: 25 | X49: 25 | Y49: 25 | Z49: 25 | AA49: 25 | AB49: 25 | AC49: 25 | AD49: 25 | AE49: 25 | AF49: 25 | AG49: 25 | AH49: 25 | AI49: 25 | AJ49: 25 | AK49: 25 | AL49: 25 | AM49: =SUM(C49:AL49) -> 900 | AN49: =SUM(C48:N48) -> 0 | AO49: =SUM(O48:Z48) -> 2000 | AP49: =SUM(AA48:AL48) -> 2000 | AQ49: =AN50+AO50+AP50-AM49 -> 0
A50: Transportation | C50: 0 | D50: =C50 -> 0 | E50: =D50 -> 0 | F50: =E50 -> 0 | G50: =F50 -> 0 | H50: =G50 -> 0 | I50: =H50 -> 0 | J50: =I50 -> 0 | K50: =J50 -> 0 | ... N50: =M50 -> 0 | O50: 0 | P50: 0 | Q50: 0 | R50: 0 | S50: 0 | T50: 0 | U50: 0 | V50: 0 | W50: 0 | X50: 0 | Y50: 0 | Z50: 0 | AA50: 0 | AB50: 0 | AC50: 0 | AD50: 0 | AE50: 0 | AF50: 0 | AG50: 0 | AH50: 0 | AI50: 0 | AJ50: 0 | AK50: 0 | AL50: 0 | AM50: =SUM(C50:AL50) -> 0 | AN50: =SUM(C49:N49) -> 300 | AO50: =SUM(O49:Z49) -> 300 | AP50: =SUM(AA49:AL49) -> 300 | AQ50: =AN51+AO51+AP51-AM50 -> 0
A51: Staff Residences Expenses | C51: =(4*(50+50+10+10))/12 -> 40 | D51: =C51 -> 40 | E51: =D51 -> 40 | F51: =E51 -> 40 | G51: =F51 -> 40 | H51: =G51 -> 40 | I51: =H51 -> 40 | J51: =I51 -> 40 | K51: =J51 -> 40 | ... N51: =M51 -> 40 | O51: =(4*(50+50+10+10))/12 -> 40 | P51: =(4*(50+50+10+10))/12 -> 40 | Q51: =(4*(50+50+10+10))/12 -> 40 | R51: =(4*(50+50+10+10))/12 -> 40 | S51: =(4*(50+50+10+10))/12 -> 40 | T51: =(4*(50+50+10+10))/12 -> 40 | U51: =(4*(50+50+10+10))/12 -> 40 | V51: =(4*(50+50+10+10))/12 -> 40 | ... AL51: =(4*(50+50+10+10))/12 -> 40 | AM51: =SUM(C51:AL51) -> 1440 | AN51: =SUM(C50:N50) -> 0 | AO51: =SUM(O50:Z50) -> 0 | AP51: =SUM(AA50:AL50) -> 0 | AQ51: =AN52+AO52+AP52-AM51 -> 0
A52: Bank Charges | C52: =6+5+(C20*1.5%) -> 38 | D52: =C52 -> 38 | E52: =D52 -> 38 | F52: =E52 -> 38 | G52: =F52 -> 38 | H52: =G52 -> 38 | I52: =H52 -> 38 | J52: =I52 -> 38 | K52: =J52 -> 38 | ... N52: =M52 -> 38 | O52: =6+5+(O20*1.5%) -> 11 | P52: =6+5+(P20*1.5%) -> 1353.5 | Q52: =6+5+(Q20*1.5%) -> 1203.5 | R52: =6+5+(R20*1.5%) -> 1473.5 | S52: =6+5+(S20*1.5%) -> 11 | T52: =6+5+(T20*1.5%) -> 11 | U52: =6+5+(U20*1.5%) -> 2373.5 | V52: =6+5+(V20*1.5%) -> 2621 | ... AL52: =6+5+(AL20*1.5%) -> 11 | AM52: =SUM(C52:AL52) -> 26895 | AN52: =SUM(C51:N51) -> 480 | AO52: =SUM(O51:Z51) -> 480 | AP52: =SUM(AA51:AL51) -> 480 | AQ52: =AN53+AO53+AP53-AM52 -> 0
A53: Finance (Interest) Charges | C53: 0 | D53: =C53 -> 0 | E53: =D53 -> 0 | F53: =E53 -> 0 | G53: =F53 -> 0 | H53: =G53 -> 0 | I53: =H53 -> 0 | J53: =I53 -> 0 | K53: =J53 -> 0 | ... N53: =M53 -> 0 | O53: 0 | P53: 0 | Q53: 0 | R53: 0 | S53: 0 | T53: 0 | U53: 0 | V53: 0 | W53: 0 | X53: 0 | Y53: 0 | Z53: 0 | AA53: 0 | AB53: 0 | AC53: 0 | AD53: 0 | AE53: 0 | AF53: 0 | AG53: 0 | AH53: 0 | AI53: 0 | AJ53: 0 | AK53: 0 | AL53: 0 | AM53: =SUM(C53:AL53) -> 0 | AN53: =SUM(C52:N52) -> 456 | AO53: =SUM(O52:Z52) -> 11352 | AP53: =SUM(AA52:AL52) -> 15087 | AQ53: =AN54+AO54+AP54-AM53 -> 0 | AS53: =AN36+AN37+AN39+AN40+AN42+AN43+AN45+AN47+AN48+AN50+AN52+AN55+AN56+AN58 -> 44636.546 | AT53: =AO36+AO37+AO39+AO40+AO42+AO43+AO45+AO47+AO48+AO49+AO50+AO52+AO55+AO56+AO58 -> 67204.615 | AU53: =AP36+AP37+AP39+AP40+AP42+AP43+AP45+AP47+AP48+AP49+AP50+AP52+AP55+AP56+AP58 -> 91966.154
A54: IT and Software | C54: 25 | D54: =C54 -> 25 | E54: =D54 -> 25 | F54: =E54 -> 25 | G54: =F54 -> 25 | H54: =G54 -> 25 | I54: =H54 -> 25 | J54: =I54 -> 25 | K54: =J54 -> 25 | ... N54: =M54 -> 25 | O54: 25 | P54: 25 | Q54: 25 | R54: 25 | S54: 25 | T54: 25 | U54: 25 | V54: 25 | W54: 25 | X54: 25 | Y54: 25 | Z54: 25 | AA54: 25 | AB54: 25 | AC54: 25 | AD54: 25 | AE54: 25 | AF54: 25 | AG54: 25 | AH54: 25 | AI54: 25 | AJ54: 25 | AK54: 25 | AL54: 25 | AM54: =SUM(C54:AL54) -> 900 | AN54: =SUM(C53:N53) -> 0 | AO54: =SUM(O53:Z53) -> 0 | AP54: =SUM(AA53:AL53) -> 0 | AQ54: =AN55+AO55+AP55-AM54 -> 0
A55: Miscellaneous Expenses | C55: 25 | D55: =C55 -> 25 | E55: =D55 -> 25 | F55: =E55 -> 25 | G55: =F55 -> 25 | H55: =G55 -> 25 | I55: =H55 -> 25 | J55: =I55 -> 25 | K55: =J55 -> 25 | ... N55: =M55 -> 25 | O55: 25 | P55: 25 | Q55: 25 | R55: 25 | S55: 25 | T55: 25 | U55: 25 | V55: 25 | W55: 25 | X55: 25 | Y55: 25 | Z55: 25 | AA55: 25 | AB55: 25 | AC55: 25 | AD55: 25 | AE55: 25 | AF55: 25 | AG55: 25 | AH55: 25 | AI55: 25 | AJ55: 25 | AK55: 25 | AL55: 25 | AM55: =SUM(C55:AL55) -> 900 | AN55: =SUM(C54:N54) -> 300 | AO55: =SUM(O54:Z54) -> 300 | AP55: =SUM(AA54:AL54) -> 300 | AQ55: =AN56+AO56+AP56-AM55 -> 0 | AS55: Profit & Loss ( 3 Years )
A56: Cleaning Expenses | C56: 25 | D56: =C56 -> 25 | E56: =D56 -> 25 | F56: =E56 -> 25 | G56: =F56 -> 25 | H56: =G56 -> 25 | I56: =H56 -> 25 | J56: =I56 -> 25 | K56: =J56 -> 25 | ... N56: =M56 -> 25 | O56: 25 | P56: 25 | Q56: 25 | R56: 25 | S56: 25 | T56: 25 | U56: 25 | V56: 25 | W56: 25 | X56: 25 | Y56: 25 | Z56: 25 | AA56: 25 | AB56: 25 | AC56: 25 | AD56: 25 | AE56: 25 | AF56: 25 | AG56: 25 | AH56: 25 | AI56: 25 | AJ56: 25 | AK56: 25 | AL56: 25 | AM56: =SUM(C56:AL56) -> 900 | AN56: =SUM(C55:N55) -> 300 | AO56: =SUM(O55:Z55) -> 300 | AP56: =SUM(AA55:AL55) -> 300 | AQ56: =AN58+AO58+AP58-AM56 -> 0 | AS56: P&L | AT56: P&L | AU56: P&L
A57: Zakat Expenses | C57: 0 | D57: =C57 -> 0 | E57: =D57 -> 0 | F57: =E57 -> 0 | G57: =F57 -> 0 | H57: =G57 -> 0 | I57: =H57 -> 0 | J57: =I57 -> 0 | K57: =J57 -> 0 | ... N57: =M57 -> 0 | O57: 0 | P57: 0 | Q57: 0 | R57: 0 | S57: 0 | T57: 0 | U57: 0 | V57: 0 | W57: 0 | X57: 0 | Y57: 0 | Z57: 0 | AA57: 0 | AB57: 0 | AC57: 0 | AD57: 0 | AE57: 0 | AF57: 0 | AG57: 0 | AH57: 0 | AI57: 0 | AJ57: 0 | AK57: 0 | AL57: =AU89 -> 3874.6377 | AM57: =SUM(C57:AL57) -> 3874.6377 | AN57: =SUM(C57:N57) -> 0 | AO57: =SUM(O57:Z57) -> 0 | AP57: =SUM(AA57:AL57) -> 3874.6377 | AQ57: =AN59+AO59+AP59-AM57 -> -3874.6377
A58: Social Security | C58: =(0)*11% -> 0 | D58: =C58 -> 0 | E58: =D58 -> 0 | F58: =E58 -> 0 | G58: =F58 -> 0 | H58: =G58 -> 0 | I58: =H58 -> 0 | J58: =I58 -> 0 | K58: =J58 -> 0 | ... AL58: =AK58 -> 0 | AM58: =SUM(C58:AL58) -> 0 | AN58: =SUM(C56:N56) -> 300 | AO58: =SUM(O56:Z56) -> 300 | AP58: =SUM(AA56:AL56) -> 300 | AQ58: =AN59+AO59+AP59-AM58 -> 0 | AS58: 1St Year | AT58: 2nd Year | AU58: 3rd Year
A59: Total Operating Expenses | C59: =SUM(C30:C58) -> 5125.9814 | D59: =SUM(D30:D58) -> 5125.9814 | E59: =SUM(E30:E58) -> 14125.981 | F59: =SUM(F30:F58) -> 5125.9814 | G59: =SUM(G30:G58) -> 5125.9814 | H59: =SUM(H30:H58) -> 5125.9814 | I59: =SUM(I30:I58) -> 5125.9814 | J59: =SUM(J30:J58) -> 5125.9814 | ... AM59: =SUM(AM30:AM58) -> 1200831.6 | AN59: =SUM(C58:N58) -> 0 | AO59: =SUM(O58:Z58) -> 0 | AP59: =SUM(AA58:AL58) -> 0 | AQ59: =(AN60+AO60+AP60)-AM59 -> 0 | AS59: =AN21 -> 142274 | AT59: =AO21 -> 748000 | AU59: =AP21 -> 997000
AN60: =SUM(C59:N59) -> 94511.776 | AO60: =SUM(O59:Z59) -> 502908.92 | AP60: =SUM(AA59:AL59) -> 603410.87 | AS60: =-AN25 -> -12500 | AT60: =-AO25 -> -10000 | AU60: =-AP25 -> -10000
A61: Monthly - Net Profit / Loss | C61: =C26-C59 -> -4825.9814 | D61: =D26-D59 -> 6624.0186 | E61: =E26-E59 -> 19128.019 | F61: =F26-F59 -> -4875.9814 | G61: =G26-G59 -> -5875.9814 | H61: =H26-H59 -> -9375.9814 | I61: =I26-I59 -> -3885.9814 | J61: =J26-J59 -> -2645.9814 | ... AM61: =AM26-AM59 -> 653942.43 | AO61: =AO60-AN60 -> 408397.15 | AP61: =AP60-AO60 -> 100501.95 | AS61: =SUM(AS59:AS60) -> 129774 | AT61: =SUM(AT59:AT60) -> 738000 | AU61: =SUM(AU59:AU60) -> 987000
A62: Accumulated Net Profit / Loss | C62: =C61 -> -4825.9814 | D62: =C62+D61 -> 1798.0373 | E62: =D62+E61 -> 20926.056 | F62: =E62+F61 -> 16050.075 | G62: =F62+G61 -> 10174.093 | H62: =G62+H61 -> 798.11185 | I62: =H62+I61 -> -3087.8695 | J62: =I62+J61 -> -5733.8509 | K62: =J62+K61 -> 37890.168 | ... AL62: =AK62+AL61 -> 653942.43 | AN62: =AM26-AM59-AM61 -> 0 | AO62: =AO61/AN60 -> 4.3211244 | AP62: =AP61/AO60 -> 0.19984125 | AS62: =-AN31+-AN32 -> -42000 | AT62: =-AO31+-AO32 -> -108000 | AU62: =-AP31+-AP32 -> -144000
AC63: Working Capital | AM63: =AM61/AD65 -> #DIV/0! | AN63: =AN36+AN38+AN41+AN42+AN43+AN44+AN50+AN51+AN53+AN54+AN55+AN56+AN58 -> 35556 | AO63: =AO36+AO38+AO41+AO42+AO43+AO44+AO50+AO51+AO53+AO54+AO55+AO56+AO58 -> 56612 | AP63: =AP36+AP38+AP41+AP42+AP43+AP44+AP50+AP51+AP53+AP54+AP55+AP56+AP58 -> 81347 | AS63: =-AN66 -> -17492.546 | AT63: =-AO66 -> -46556.615 | AU63: =-AP66 -> -59453.154
AA64: KNF | AB64: =-AC64 -> -68772 | AC64: 68772 | AD64: 7th Month | AN64: =AN21-AN25-AN60 -> 35262.224 | AO64: =AO21-AO25-AO60 -> 235091.08 | AP64: =AP21-AP25-AP60 -> 383589.13 | AS64: =-AN34 -> 0 | AT64: =-AO34 -> -300000 | AU64: =-AP34 -> -325000
AA65: INVESTOR | AB65: =-AC65 -> -17139 | AC65: 17139 | AE65: =E65+C79 -> 6480 | AN65: =AN21/AN64 -> 4.0347427 | AO65: =-AO21/AO64 -> -3.1817456 | AP65: =AP21/AP64 -> 2.5991352 | AS65: =-AN36 -> -33000 | AT65: =-AO36 -> -41000 | AU65: =-AP36 -> -62000
A66: 2- Capital Expenditures | AN66: =AN37+AN33+AN39+AN40+AN41+AN42+AN43+AN44+AN45+AN47+AN48+AN49+AN50+AN51+AN52+AN53+AN54+AN55+AN56+AN58+AN59 -> 17492.546 | AO66: =AO37+AO33+AO39+AO40+AO41+AO42+AO43+AO44+AO45+AO47+AO48+AO49+AO50+AO51+AO52+AO53+AO54+AO55+AO56+AO58+AO59 -> 46556.615 | AP66: =AP37+AP33+AP39+AP40+AP41+AP42+AP43+AP44+AP45+AP47+AP48+AP49+AP50+AP51+AP52+AP53+AP54+AP55+AP56+AP58+AP59 -> 59453.154 | AS66: =SUM(AS61:AS65) -> 37281.454 | AT66: =SUM(AT61:AT65) -> 242443.38 | AU66: =SUM(AU61:AU65) -> 396546.85
A67: Construction of Buildings | AM67: =SUM(C67:AL67) -> 0 | AO67: =AN64-AO64 -> -199828.85 | AP67: =AO64-AP64 -> -148498.05 | AS67: =-AN38 -> 0 | AT67: =-AO38 -> -2160 | AU67: =-AP38 -> -2160
A68: Expansion in building | AM68: =SUM(C68:AL68) -> 0 | AS68: =-AN46 -> -2019.2308 | AT68: =-AO46 -> -5192.3077 | AU68: =-AP46 -> -6923.0769
A69: Computer equipment | C69: 2970 | D69: 0 | E69: 0 | F69: 0 | G69: 0 | H69: 0 | I69: 0 | J69: 0 | K69: 0 | L69: 0 | M69: 0 | N69: 0 | O69: 0 | P69: 0 | Q69: 0 | R69: 0 | S69: 0 | T69: 0 | U69: 0 | V69: 0 | W69: 0 | X69: 0 | Y69: 0 | Z69: 0 | AA69: 0 | AB69: 0 | AC69: 0 | AD69: 0 | AE69: 0 | AF69: 0 | AG69: 0 | AH69: 0 | AI69: 0 | AJ69: 0 | AK69: 0 | AL69: 0 | AM69: =SUM(C69:AL69) -> 2970 | AS69: =SUM(AS66:AS68) -> 35262.224 | AT69: =SUM(AT66:AT68) -> 235091.08 | AU69: =SUM(AU66:AU68) -> 387463.77
A70: Office Equipment | C70: =380+1185 -> 1565 | D70: 0 | E70: 0 | F70: 0 | G70: 0 | H70: 0 | I70: 0 | J70: 0 | K70: 0 | L70: 0 | M70: 0 | N70: 0 | O70: 0 | P70: 0 | Q70: 0 | R70: 0 | S70: 0 | T70: 0 | U70: 0 | V70: 0 | W70: 0 | X70: 0 | Y70: 0 | Z70: 0 | AA70: 0 | AB70: 0 | AC70: 0 | AD70: 0 | AE70: 0 | AF70: 0 | AG70: 0 | AH70: 0 | AI70: 0 | AJ70: 0 | AK70: 0 | AL70: 0 | AM70: =SUM(C70:AL70) -> 1565
A71: Purchase of Furnitures | C71: 1945 | D71: 0 | E71: 0 | F71: 0 | G71: 0 | H71: 0 | I71: 0 | J71: 0 | K71: 0 | L71: 0 | M71: 0 | N71: 0 | O71: 0 | P71: 0 | Q71: 0 | R71: 0 | S71: 0 | T71: 0 | U71: 0 | V71: 0 | W71: 0 | X71: 0 | Y71: 0 | Z71: 0 | AA71: 0 | AB71: 0 | AC71: 0 | AD71: 0 | AE71: 0 | AF71: 0 | AG71: 0 | AH71: 0 | AI71: 0 | AJ71: 0 | AK71: 0 | AL71: 0 | AM71: =SUM(C71:AL71) -> 1945 | AS71: =SUM(AS69:AS70) -> 35262.224 | AT71: =SUM(AT69:AT70) -> 235091.08 | AU71: =SUM(AU69:AU70) -> 387463.77
A72: Intangible assets ( copy rights- trade marks- patents- franchises ) | C72: 0 | D72: 0 | E72: 0 | F72: 0 | G72: 0 | H72: 0 | I72: 0 | J72: 0 | K72: 0 | L72: 0 | M72: 0 | N72: 0 | O72: 0 | P72: 0 | Q72: 0 | R72: 0 | S72: 0 | T72: 0 | U72: 0 | V72: 0 | W72: 0 | X72: 0 | Y72: 0 | Z72: 0 | AA72: 0 | AB72: 0 | AC72: 0 | AD72: 0 | AE72: 0 | AF72: 0 | AG72: 0 | AH72: 0 | AI72: 0 | AJ72: 0 | AK72: 0 | AL72: 0 | AM72: =SUM(C72:AL72) -> 0 | AN72: =AM79+AD65 -> 6480 | AR72: Zakat Exp. | AS72: 0 | AT72: 0 | AU72: =-AP57 -> -3874.6377
A73: Machinery | C73: 0 | D73: 0 | E73: 0 | F73: 0 | G73: 0 | H73: 0 | I73: 0 | J73: 0 | K73: 0 | L73: 0 | M73: 0 | N73: 0 | O73: 0 | P73: 0 | Q73: 0 | R73: 0 | S73: 0 | T73: 0 | U73: 0 | V73: 0 | W73: 0 | X73: 0 | Y73: 0 | Z73: 0 | AA73: 0 | AB73: 0 | AC73: 0 | AD73: 0 | AE73: 0 | AF73: 0 | AG73: 0 | AH73: 0 | AI73: 0 | AJ73: 0 | AK73: 0 | AL73: 0 | AM73: =SUM(C73:AL73) -> 0 | AS73: =SUM(AS71:AS72) -> 35262.224 | AT73: =SUM(AT71:AT72) -> 235091.08 | AU73: =SUM(AU71:AU72) -> 383589.13 | AW73: =SUM(AS73:AU73) -> 653942.43
A74: Software upgrades | C74: 0 | D74: 0 | E74: 0 | F74: 0 | G74: 0 | H74: 0 | I74: 0 | J74: 0 | K74: 0 | L74: 0 | M74: 0 | N74: 0 | O74: 0 | P74: 0 | Q74: 0 | R74: 0 | S74: 0 | T74: 0 | U74: 0 | V74: 0 | W74: 0 | X74: 0 | Y74: 0 | Z74: 0 | AA74: 0 | AB74: 0 | AC74: 0 | AD74: 0 | AE74: 0 | AF74: 0 | AG74: 0 | AH74: 0 | AI74: 0 | AJ74: 0 | AK74: 0 | AL74: 0 | AM74: =SUM(C74:AL74) -> 0 | AS74: =AS73-AN64 -> 0 | AT74: =AT73-AO64 -> 0 | AU74: =AU73-AP64 -> 0 | AV74: =AU73-AT73 -> 148498.05
A75: Vehicles | C75: 0 | D75: 0 | E75: 0 | F75: 0 | G75: 0 | H75: 0 | I75: 0 | J75: 0 | K75: 0 | L75: 0 | M75: 0 | N75: 0 | O75: 0 | P75: 0 | Q75: 0 | R75: 0 | S75: 0 | T75: 0 | U75: 0 | V75: 0 | W75: 0 | X75: 0 | Y75: 0 | Z75: 0 | AA75: 0 | AB75: 0 | AC75: 0 | AD75: 0 | AE75: 0 | AF75: 0 | AG75: 0 | AH75: 0 | AI75: 0 | AJ75: 0 | AK75: 0 | AL75: 0 | AM75: =SUM(C75:AL75) -> 0 | AS75: =AN21/AS73 -> 4.0347427 | AT75: =AO21/AT73 -> 3.1817456 | AU75: =AP21/AU73 -> 2.5991352
A76: Other Capital Expenditures #1 | C76: 0 | D76: 0 | E76: 0 | F76: 0 | G76: 0 | H76: 0 | I76: 0 | J76: 0 | K76: 0 | L76: 0 | M76: 0 | N76: 0 | O76: 0 | P76: 0 | Q76: 0 | R76: 0 | S76: 0 | T76: 0 | U76: 0 | V76: 0 | W76: 0 | X76: 0 | Y76: 0 | Z76: 0 | AA76: 0 | AB76: 0 | AC76: 0 | AD76: 0 | AE76: 0 | AF76: 0 | AG76: 0 | AH76: 0 | AI76: 0 | AJ76: 0 | AK76: 0 | AL76: 0 | AM76: =SUM(C76:AL76) -> 0 | AR76: =AS76-AT76 -> 408397.15 | AS76: =AS62+AS63+AS64+AS65+AS67+AS68 -> -94511.776 | AT76: =AT62+AT63+AT64+AT65+AT67+AT68 -> -502908.92 | AU76: =AU62+AU63+AU64+AU65+AU67+AU68 -> -599536.23 | AV76: =AU76-AT76 -> -96627.308
A77: Other Capital Expenditures #2 | C77: 0 | D77: 0 | E77: 0 | F77: 0 | G77: 0 | H77: 0 | I77: 0 | J77: 0 | K77: 0 | L77: 0 | M77: 0 | N77: 0 | O77: 0 | P77: 0 | Q77: 0 | R77: 0 | S77: 0 | T77: 0 | U77: 0 | V77: 0 | W77: 0 | X77: 0 | Y77: 0 | Z77: 0 | AA77: 0 | AB77: 0 | AC77: 0 | AD77: 0 | AE77: 0 | AF77: 0 | AG77: 0 | AH77: 0 | AI77: 0 | AJ77: 0 | AK77: 0 | AL77: 0 | AM77: =SUM(C77:AL77) -> 0 | AS77: =AS60+AS62+AS63+AS64+AS65+AS67+AS68 -> -107011.78 | AT77: =AT60+AT62+AT63+AT64+AT65+AT67+AT68 -> -512908.92 | AU77: =AU60+AU62+AU63+AU64+AU65+AU67+AU68 -> -609536.23
A78: Other Capital Expenditures #3 | C78: 0 | D78: 0 | E78: 0 | F78: 0 | G78: 0 | H78: 0 | I78: 0 | J78: 0 | K78: 0 | L78: 0 | M78: 0 | N78: 0 | O78: 0 | P78: 0 | Q78: 0 | R78: 0 | S78: 0 | T78: 0 | U78: 0 | V78: 0 | W78: 0 | X78: 0 | Y78: 0 | Z78: 0 | AA78: 0 | AB78: 0 | AC78: 0 | AD78: 0 | AE78: 0 | AF78: 0 | AG78: 0 | AH78: 0 | AI78: 0 | AJ78: 0 | AK78: 0 | AL78: 0 | AM78: =SUM(C78:AL78) -> 0 | AT78: =AT77-AS77 -> -405897.15 | AU78: =AU77-AT77 -> -96627.308
A79: Total Capital Expenditures | C79: =SUM(C69:C78) -> 6480 | D79: =SUM(D69:D78) -> 0 | E79: =SUM(E69:E78) -> 0 | F79: =SUM(F69:F78) -> 0 | G79: =SUM(G69:G78) -> 0 | H79: =SUM(H69:H78) -> 0 | I79: =SUM(I69:I78) -> 0 | J79: =SUM(J69:J78) -> 0 | ... AL79: =SUM(AL69:AL78) -> 0 | AM79: =SUM(AM67:AM75) -> 6480 | AT79: =AT73-AS73 -> 199828.85 | AU79: =AU73-AT73 -> 148498.05
AT80: =AS73+AT73 -> 270353.3 | AU80: =AT73+AU73 -> 618680.21
AS81: =AS73/AS59 -> 0.24784728 | AT81: =AT73/AT59 -> 0.31429288 | AU81: =AU73/AU59 -> 0.38474336
N82: =L85/O85-1 -> -0.80979412 | Q82: =O85/R85-1 -> -0.24974925 | AU82: Zakat
L83: First Year | N83: Second Year
Q84: Third Year | AU84: =AU59 -> 997000
K85: sales | L85: =SUM(C20:N20) -> 142274 | N85: =K85 -> sales | O85: =SUM(O20:Z20) -> 748000 | Q85: =N85 -> sales | R85: =SUM(AA20:AL20) -> 997000 | AU85: =AU60+AU62+AU63+AU64+AU65+AU67+AU68 -> -609536.23
K86: Cost of Sales | L86: =(SUM(C23:N23)+SUM(C24:N24)) -> 12500 | N86: =K86 -> Cost of Sales | O86: =(SUM(O23:Z23)+SUM(O24:Z24)) -> 10000 | Q86: =N86 -> Cost of Sales | R86: =(SUM(AA23:AL23)+SUM(AA24:AL24)) -> 10000 | AU86: =AU84+AU85 -> 387463.77
K87: Staff Costs | L87: =SUM(C30:N30)+SUM(C31:N31)+SUM(C45:N45)+SUM(C46:N46) -> 48057.692 | N87: =K87 -> Staff Costs | O87: =SUM(O30:Z30)+SUM(O31:Z31)+SUM(O45:Z45)+SUM(O46:Z46) -> 123576.92 | Q87: =N87 -> Staff Costs | R87: =SUM(AA30:AL30)+SUM(AA31:AL31)+SUM(AA45:AL45)+SUM(AA46:AL46) -> 164769.23 | AU87: =4171-4171 -> 0 | AV87: Indm. Prov. Current Year ( - ) Indm. Prov. Last Year
K88: Rent Exp. | L88: =SUM(C32:N32) -> 5400 | N88: =K88 -> Rent Exp. | O88: =SUM(O32:Z32) -> 9000 | Q88: =N88 -> Rent Exp. | R88: =SUM(AA32:AL32) -> 14400 | AU88: =AU86+AU87 -> 387463.77
K89: Marketing Exp. | L89: =SUM(C33:N33) -> 0 | N89: =K89 -> Marketing Exp. | O89: =SUM(O33:Z33) -> 300000 | Q89: =N89 -> Marketing Exp. | R89: =SUM(AA33:AL33) -> 325000 | AR89: 8240 | AS89: =AR89/500000 -> 0.01648 | AU89: =AU88*1% -> 3874.6377
K90: =A35 -> Gifts | L90: =SUM(C35:N35) -> 33000 | N90: =K90 -> Gifts | O90: =SUM(O35:Z35) -> 41000 | Q90: =N90 -> Gifts | R90: =SUM(AA35:AL35) -> 62000 | AO90: 4120 | AP90: =AO90/500000 -> 0.00824 | AR90: 44820 | AS90: =AR90/500000 -> 0.08964
K91: =A36 -> Consultation Fees | L91: =SUM(C36:N36) -> 0 | N91: =K91 -> Consultation Fees | O91: =SUM(O36:Z36) -> 6000 | Q91: =N91 -> Consultation Fees | R91: =SUM(AA36:AL36) -> 6000 | AO91: 22410 | AP91: =AO91/500000 -> 0.04482 | AR91: 89548 | AS91: =AR91/500000 -> 0.179096
K92: =A37 -> Depreciation Expense | L92: =SUM(C37:N37) -> 0 | N92: =K92 -> Depreciation Expense | O92: =SUM(O37:Z37) -> 2160 | Q92: =N92 -> Depreciation Expense | R92: =SUM(AA37:AL37) -> 2160 | AO92: 44774 | AP92: =AO92/500000 -> 0.089548
K93: =A38 -> Printing & Stationery | L93: =SUM(C38:N38) -> 600 | N93: =K93 -> Printing & Stationery | O93: =SUM(O38:Z38) -> 600 | Q93: =N93 -> Printing & Stationery | R93: =SUM(AA38:AL38) -> 600
K94: =A39 -> Subscriptions ( Internet & Mobiles ) | L94: =SUM(C39:N39) -> 900 | N94: =K94 -> Subscriptions ( Internet & Mobiles ) | O94: =SUM(O39:Z39) -> 1200 | Q94: =N94 -> Subscriptions ( Internet & Mobiles ) | R94: =SUM(AA39:AL39) -> 1500
A95: 3- Number of Kuwaitis to be hiring during those years | C95: 2019 | D95: 2020 | E95: =1+D95 -> 2021 | F95: =1+E95 -> 2022 | K95: =A40 -> Vehicle Expenses | L95: =SUM(C40:N40) -> 0 | N95: =K95 -> Vehicle Expenses | O95: =SUM(O40:Z40) -> 0 | Q95: =N95 -> Vehicle Expenses | R95: =SUM(AA40:AL40) -> 0
C96: 9 | D96: 0 | E96: 0 | K96: =A41 -> Repairs and Maintenance | L96: =SUM(C41:N41) -> 540 | N96: =K96 -> Repairs and Maintenance | O96: =SUM(O41:Z41) -> 540 | Q96: =N96 -> Repairs and Maintenance | R96: =SUM(AA41:AL41) -> 540
K97: =A42 -> Hospitality | L97: =SUM(C42:N42) -> 360 | N97: =K97 -> Hospitality | O97: =SUM(O42:Z42) -> 360 | Q97: =N97 -> Hospitality | R97: =SUM(AA42:AL42) -> 360
A98: Manpower for Kashcool Project ( 3 Years ) | K98: =A43 -> Insurance | L98: =SUM(C43:N43) -> 0 | N98: =K98 -> Insurance | O98: =SUM(O43:Z43) -> 0 | Q98: =N98 -> Insurance | R98: =SUM(AA43:AL43) -> 0
A99: Staff Salaries for First Year ( April 2020 ) | K99: =A44 -> Profesional Fees | L99: =SUM(C44:N44) -> 2000 | N99: =K99 -> Profesional Fees | O99: =SUM(O44:Z44) -> 2000 | Q99: =N99 -> Profesional Fees | R99: =SUM(AA44:AL44) -> 2000
H100: =C102+C107+C108+C109+C110+C111 -> 3 | I100: =C119+C120+C121 -> 0 | J100: =C128+C129+C130 -> 0 | K100: =A45 -> Indemnity | L100: 0 | N100: =K100 -> Indemnity | O100: 0 | Q100: =N100 -> Indemnity
A101: Position / Title | B101: Monthly Salary | C101: No. of Employees | D101: Total Monthly Salary | E101: Total Yearly Salary | F101: Nationality | G101: First Year Salary | H101: Social Security 1st Year | I101: Social Security 2nd Year | J101: Social Security 3rd Year | K101: =A46 -> Leave | L101: 0 | N101: =K101 -> Leave | O101: 0 | Q101: =N101 -> Leave | V101: =SUM(C33:AC33) -> 425000 | W101: =V101/V105 -> 0.75710709 | X101: =-H64 -> 0 | Y101: =X101/X105 -> 0 | Z101: =X101+X102 -> 0
A102: General Manager | B102: 2230 | C102: 1 | D102: =B102*C102 -> 2230 | E102: =D102*12 -> 26760 | F102: Kuwaiti | G102: =B102*7 -> 15610 | H102: =D102+D107+D109+D110 -> 2530 | I102: =H102+D119+D120+D121 -> 2530 | J102: =I102+D128+D129+D130 -> 2530 | K102: =A47 -> Telephone & Internet | L102: =SUM(C47:N47) -> 1518.084 | N102: =K102 -> Telephone & Internet | O102: =SUM(O47:Z47) -> 1440 | Q102: =N102 -> Telephone & Internet | R102: =SUM(AA47:AL47) -> 1440 | V102: =SUM(C30:L30) -> 35000 | W102: =V102/V105 -> 0.062349996 | X102: =-O64 -> 0 | Y102: =X102/X105 -> 0
...

Sheet General
A1: Overall Budget
A2: 3-Years Budget Sheet | B2: KD
A3: Total No. of Booking - ELEMENTRY SCHOOL | B3: 5 | C3: 50 | D3: 50 | E3: 50 | F3: 50 | G3: 50 | H3: 50 | I3: 50 | J3: 50 | K3: 50 | L3: 50 | M3: 0 | N3: 0 | O3: 0 | P3: 1500 | Q3: 4500 | R3: 6500 | S3: 0 | T3: 0 | U3: 6500 | V3: 10000 | W3: 10000 | X3: 0 | Y3: 0 | Z3: 0 | AA3: 0 | AB3: 5000 | AC3: 7500 | AD3: 10000 | AE3: 0 | AF3: 0 | AG3: 7500 | AH3: 10000 | AI3: 10000 | AJ3: 0 | AK3: 0 | AL3: 0 | AM3: =SUM(C3:AL3) -> 89500 | AN3: =SUM(C3:N3) -> 500 | AO3: =SUM(O3:Z3) -> 39000 | AP3: =SUM(AA3:AL3) -> 50000
A4: Total No. of Booking - INTERMEDIATE SCHOOL | B4: 5 | C4: 50 | D4: 50 | E4: 50 | F4: 50 | G4: 50 | H4: 50 | I4: 50 | J4: 50 | K4: 50 | L4: 50 | M4: 0 | N4: 0 | O4: 0 | P4: 1500 | Q4: 4500 | R4: 6500 | S4: 0 | T4: 0 | U4: 6500 | V4: 10000 | W4: 10000 | X4: 0 | Y4: 0 | Z4: 0 | AA4: 0 | AB4: 5000 | AC4: 7500 | AD4: 10000 | AE4: 0 | AF4: 0 | AG4: 7500 | AH4: 10000 | AI4: 10000 | AJ4: 0 | AK4: 0 | AL4: 0 | AM4: =SUM(C4:AL4) -> 89500 | AN4: =SUM(C4:N4) -> 500 | AO4: =SUM(O4:Z4) -> 39000 | AP4: =SUM(AA4:AL4) -> 50000
A5: Total No. of Booking - SECONDARY SCHOOL | B5: 5 | C5: 50 | D5: 50 | E5: 50 | F5: 50 | G5: 50 | H5: 50 | I5: 50 | J5: 50 | K5: 50 | L5: 50 | M5: 0 | N5: 0 | O5: 0 | P5: 1500 | Q5: 4500 | R5: 6500 | S5: 0 | T5: 0 | U5: 6500 | V5: 10000 | W5: 10000 | X5: 0 | Y5: 0 | Z5: 0 | AA5: 0 | AB5: 5000 | AC5: 7500 | AD5: 10000 | AE5: 0 | AF5: 0 | AG5: 7500 | AH5: 10000 | AI5: 10000 | AJ5: 0 | AK5: 0 | AL5: 0 | AM5: =SUM(C5:AL5) -> 89500 | AN5: =SUM(C5:N5) -> 500 | AO5: =SUM(O5:Z5) -> 39000 | AP5: =SUM(AA5:AL5) -> 50000
A6: Totals No. of Booking | C6: =SUM(C3:C5) -> 150 | D6: =SUM(D3:D5) -> 150 | E6: =SUM(E3:E5) -> 150 | F6: =SUM(F3:F5) -> 150 | G6: =SUM(G3:G5) -> 150 | H6: =SUM(H3:H5) -> 150 | I6: =SUM(I3:I5) -> 150 | J6: =SUM(J3:J5) -> 150 | ... AM6: =SUM(AM3:AM5) -> 268500 | AN6: =SUM(C6:N6) -> 1500 | AO6: =SUM(O6:Z6) -> 117000 | AP6: =SUM(AA6:AL6) -> 150000
A7: 1- P&L | N7: =SUM(C6:N6) -> 1500 | AO7: =AN8/AO8-1 -> -0.98733108 | AP7: =AO8/AP8-1 -> -0.21796565
A8: From August 2020 to July 2023 ( 36 Months ) | C8: 1 | D8: 2 | E8: 3 | F8: 4 | G8: 5 | H8: 6 | I8: 7 | J8: 8 | K8: 9 | L8: 10 | M8: 11 | N8: 12 | O8: 13 | P8: 14 | Q8: 15 | R8: 16 | S8: 17 | T8: 18 | U8: 19 | V8: 20 | W8: 21 | X8: 22 | Y8: 23 | Z8: 24 | AA8: 25 | AB8: 26 | AC8: 27 | AD8: 28 | AE8: 29 | AF8: 30 | AG8: 31 | AH8: 32 | AI8: 33 | AJ8: 34 | AK8: 35 | AL8: 36 | AN8: =AN9/5 -> 1500 | AO8: =AO9/5 -> 118400 | AP8: =AP9/5 -> 151400
C9: Year - 1 | O9: Year - 2 | AA9: Year -3 | AN9: =AN19-AN16 -> 7500 | AO9: =AO19-AO16 -> 592000 | AP9: =AP19-AP16 -> 757000
C10: 44044 | D10: 44075 | E10: 44105 | F10: 44136 | G10: 44166 | H10: 44197 | I10: 44228 | J10: 44256 | K10: 44287 | L10: 44317 | M10: 44348 | N10: 44378 | O10: 44409 | P10: 44440 | Q10: 44470 | R10: 44501 | S10: 44531 | T10: 44562 | U10: 44593 | V10: 44621 | W10: 44652 | X10: 44682 | Y10: 44713 | Z10: 44743 | AA10: 44774 | AB10: 44805 | AC10: 44835 | AD10: 44866 | AE10: 44896 | AF10: 44927 | AG10: 44958 | AH10: 44986 | AI10: 45017 | AJ10: 45047 | AK10: 45078 | AL10: 45108 | AM10: 45139
A11: Elementary ( Sales ) | C11: =C3*5 -> 250 | D11: =D3*5 -> 250 | E11: =E3*5 -> 250 | F11: =F3*5 -> 250 | G11: =G3*5 -> 250 | H11: =H3*5 -> 250 | I11: =I3*5 -> 250 | J11: =J3*5 -> 250 | ... AL11: =AL3*5 -> 0 | AM11: =SUM(C11:AL11) -> 447500 | AN11: =SUM(C11:N11) -> 2500 | AO11: =SUM(O11:Z11) -> 195000 | AP11: =SUM(AA11:AL11) -> 250000 | AQ11: =AN11+AO11+AP11-AM11 -> 0 | AS11: =AM11/AM14 -> 0.33333333 | AT11: =AP11+(AP11*20%) -> 300000 | AU11: =AT11+(AT11*20%) -> 360000
A12: Intermediate ( Sales ) | C12: =C4*5 -> 250 | D12: =D4*5 -> 250 | E12: =E4*5 -> 250 | F12: =F4*5 -> 250 | G12: =G4*5 -> 250 | H12: =H4*5 -> 250 | I12: =I4*5 -> 250 | J12: =J4*5 -> 250 | ... AL12: =AL4*5 -> 0 | AM12: =SUM(C12:AL12) -> 447500 | AN12: =SUM(C12:N12) -> 2500 | AO12: =SUM(O12:Z12) -> 195000 | AP12: =SUM(AA12:AL12) -> 250000 | AQ12: =AN12+AO12+AP12-AM12 -> 0 | AS12: =AM12/AM14 -> 0.33333333 | AT12: =AP12+(AP12*20%) -> 300000 | AU12: =AT12+(AT12*20%) -> 360000
A13: Secondary ( Sales ) | C13: =C5*5 -> 250 | D13: =D5*5 -> 250 | E13: =E5*5 -> 250 | F13: =F5*5 -> 250 | G13: =G5*5 -> 250 | H13: =H5*5 -> 250 | I13: =I5*5 -> 250 | J13: =J5*5 -> 250 | ... AL13: =AL5*5 -> 0 | AM13: =SUM(C13:AL13) -> 447500 | AN13: =SUM(C13:N13) -> 2500 | AO13: =SUM(O13:Z13) -> 195000 | AP13: =SUM(AA13:AL13) -> 250000 | AQ13: =AN13+AO13+AP13-AM13 -> 0 | AS13: =AM13/AM14 -> 0.33333333 | AT13: =AP13+(AP13*20%) -> 300000 | AU13: =AT13+(AT13*20%) -> 360000
A14: Income ( Sales ) - Details | C14: =SUM(C11:C13) -> 750 | D14: =SUM(D11:D13) -> 750 | E14: =SUM(E11:E13) -> 750 | F14: =SUM(F11:F13) -> 750 | G14: =SUM(G11:G13) -> 750 | H14: =SUM(H11:H13) -> 750 | I14: =SUM(I11:I13) -> 750 | J14: =SUM(J11:J13) -> 750 | ... AM14: =SUM(AM11:AM13) -> 1342500 | AN14: =(AM3*B3)+(AM4*B4)+(AM5*B5)-AM15 -> 0 | AO14: =AO19-AN19 -> 605726 | AP14: =AP19-AO19 -> 249000 | AS14: =SUM(AS11:AS13) -> 1
A15: Sales from ONLINE ( APPLICATION ) | C15: =C14 -> 750 | D15: =D14 -> 750 | E15: =E14 -> 750 | F15: =F14 -> 750 | G15: =G14 -> 750 | H15: =H14 -> 750 | I15: =I14 -> 750 | J15: =J14 -> 750 | ... AL15: =AL14 -> 0 | AM15: =SUM(C15:AL15) -> 1342500 | AN15: =SUM(C15:N15) -> 7500 | AO15: =SUM(O15:Z15) -> 585000 | AP15: =SUM(AA15:AL15) -> 750000
A16: Cards Sales Through ( Libraries & Cooperative Socities ) - Recharge Cards | C16: 1050 | D16: 12500 | E16: 34004 | F16: 1000 | G16: 0 | H16: 0 | I16: 490 | J16: 1730 | K16: 68000 | L16: 16000 | M16: 0 | N16: 0 | O16: 0 | P16: 60000 | Q16: 12000 | R16: 0 | S16: 0 | T16: 0 | U16: 60000 | V16: 24000 | W16: 0 | X16: 0 | Y16: 0 | Z16: 0 | AA16: 0 | AB16: 60000 | AC16: 24000 | AD16: 24000 | AE16: 24000 | AF16: 0 | AG16: 60000 | AH16: 24000 | AI16: 24000 | AJ16: 0 | AK16: 0 | AL16: 0 | AM16: =SUM(C16:AL16) -> 530774 | AN16: =SUM(C16:N16) -> 134774 | AO16: =SUM(O16:Z16) -> 156000 | AP16: =SUM(AA16:AL16) -> 240000
A17: Other income ( SPONSERS " AL SAYER & KFH ) | C17: 0 | D17: 0 | E17: 0 | F17: 0 | G17: 0 | H17: 0 | I17: 0 | J17: 0 | K17: 0 | L17: 0 | M17: 0 | N17: 0 | O17: 0 | P17: 7000 | Q17: 0 | R17: 0 | S17: 0 | T17: 0 | U17: 0 | V17: 0 | W17: 0 | X17: 0 | Y17: 0 | Z17: 0 | AA17: 0 | AB17: 7000 | AC17: 0 | AD17: 0 | AE17: 0 | AF17: 0 | AG17: 0 | AH17: 0 | AI17: 0 | AJ17: 0 | AK17: 0 | AL17: 0 | AM17: =SUM(C17:AL17) -> 14000 | AN17: =SUM(C17:N17) -> 0 | AO17: =SUM(O17:Z17) -> 7000 | AP17: =SUM(AA17:AL17) -> 7000
A18: Total Income | C18: =SUM(C15:C17) -> 1800 | D18: =SUM(D15:D17) -> 13250 | E18: =SUM(E15:E17) -> 34754 | F18: =SUM(F15:F17) -> 1750 | G18: =SUM(G15:G17) -> 750 | H18: =SUM(H15:H17) -> 750 | I18: =SUM(I15:I17) -> 1240 | J18: =SUM(J15:J17) -> 2480 | ... AL18: =SUM(AL15:AL17) -> 0 | AM18: =SUM(C18:AL18) -> 1887274 | AN18: 1St Year | AO18: 2nd Year | AP18: 3rd Year | AQ18: =(AN19+AO19+AP19)-AM18 -> 0
AN19: =SUM(C18:N18) -> 142274 | AO19: =SUM(O18:Z18) -> 748000 | AP19: =SUM(AA18:AL18) -> 997000
A20: Less Cost Of Sales | AO20: =AO19-AN19 -> 605726 | AP20: =AP19-AO19 -> 249000
A21: Cost of Sales (Direct) - Amendement in Educations Subjects | C21: 1500 | D21: 1500 | E21: 1500 | F21: 1500 | G21: 1500 | H21: 5000 | I21: 0 | J21: 0 | K21: 0 | L21: 0 | M21: 0 | N21: 0 | O21: 5000 | P21: 0 | Q21: 0 | R21: 0 | S21: 0 | T21: 5000 | U21: 0 | V21: 0 | W21: 0 | X21: 0 | Y21: 0 | Z21: 0 | AA21: 5000 | AB21: 0 | AC21: 0 | AD21: 0 | AE21: 0 | AF21: 5000 | AG21: 0 | AH21: 0 | AI21: 0 | AJ21: 0 | AK21: 0 | AL21: 0 | AM21: =SUM(C21:AL21) -> 32500 | AO21: =AO20/AN19 -> 4.257461 | AP21: =AP20/AO19 -> 0.3328877 | AS21: GP | AT21: GP | AU21: GP
A22: Cost of Sales (Direct) - Augmented Reality ( for Application Development ) | C22: 0 | D22: 0 | E22: 0 | F22: 0 | G22: 0 | H22: 0 | I22: 0 | J22: 0 | K22: 0 | L22: 0 | M22: =(M19/3)*33% -> 0 | N22: 0 | O22: 0 | P22: =(P19/3)*33% -> 0 | Q22: =(Q19/3)*33% -> 0 | R22: =(R19/3)*33% -> 0 | S22: =(S19/3)*33% -> 0 | T22: =(T19/3)*33% -> 0 | U22: =(U19/3)*33% -> 0 | V22: =(V19/3)*33% -> 0 | W22: =(W19/3)*33% -> 0 | ... AL22: =(AL19/3)*33% -> 0 | AM22: =SUM(C22:AL22) -> 0 | AN22: 1St Year | AO22: 2nd Year | AP22: 3rd Year | AQ22: =(AN23+AO23+AP23)-AM22-AM21 -> 0 | AS22: 1St Year | AT22: 2nd Year | AU22: 3rd Year
AM23: =AM21+AM22 -> 32500 | AN23: =SUM(C21:N21)+SUM(C22:N22) -> 12500 | AO23: =SUM(O21:Z21)+SUM(O22:Z22) -> 10000 | AP23: =SUM(AA21:AL21)+SUM(AA22:AL22) -> 10000 | AQ23: =(AM21+AM22)/409847 -> 0.079297884 | AS23: =AN19-AN23 -> 129774 | AT23: =AO19-AO23 -> 738000 | AU23: =AP19-AP23 -> 987000
A24: Gross Profit | C24: =(0+(C18))-((C22)+(C21)) -> 300 | D24: =(0+(D18))-((D22)+(D21)) -> 11750 | E24: =(0+(E18))-((E22)+(E21)) -> 33254 | F24: =(0+(F18))-((F22)+(F21)) -> 250 | G24: =(0+(G18))-((G22)+(G21)) -> -750 | H24: =(0+(H18))-((H22)+(H21)) -> -4250 | I24: =(0+(I18))-((I22)+(I21)) -> 1240 | J24: =(0+(J18))-((J22)+(J21)) -> 2480 | ... AM24: =(0+(AM18))-((AM22)+(AM21)) -> 1854774 | AO24: =AO23-AN23 -> -2500 | AP24: =AP23-AO23 -> 0
AN25: =AM18-AM21-AM22-AM24 -> 0 | AO25: =AO24/AN23 -> -0.2 | AP25: =AP24/AO23 -> 0
AN26: 1St Year | AO26: 2nd Year | AP26: 3rd Year
A27: Less Operating Expenses
A28: Salaries and Wages in Kuwait | C28: 3500 | D28: =C28 -> 3500 | E28: =D28 -> 3500 | F28: =E28 -> 3500 | G28: =F28 -> 3500 | H28: =G28 -> 3500 | I28: =H28 -> 3500 | J28: =I28 -> 3500 | K28: =J28 -> 3500 | L28: 3500 | M28: 3500 | N28: =M28 -> 3500 | O28: 9000 | P28: =O28 -> 9000 | Q28: =P28 -> 9000 | R28: =Q28 -> 9000 | S28: =R28 -> 9000 | T28: =S28 -> 9000 | U28: =T28 -> 9000 | V28: =U28 -> 9000 | W28: =V28 -> 9000 | ... Z28: =Y28 -> 9000 | AA28: 12000 | AB28: =AA28 -> 12000 | AC28: =AB28 -> 12000 | AD28: =AC28 -> 12000 | AE28: =AD28 -> 12000 | AF28: =AE28 -> 12000 | AG28: =AF28 -> 12000 | AH28: =AG28 -> 12000 | AI28: =AH28 -> 12000 | ... AL28: =AK28 -> 12000 | AM28: =SUM(C28:AL28) -> 294000 | AN28: =SUM(C24:N24) -> 129774 | AO28: =SUM(O24:Z24) -> 738000 | AP28: =SUM(AA24:AL24) -> 987000 | AQ28: =AN29+AO29+AP29-AM28 -> 0 | AT28: =SUM(C28:AB28) -> 174000
AM29: =SUM(C29:AL29) -> 0 | AN29: =SUM(C28:N28) -> 42000 | AO29: =SUM(O28:Z28) -> 108000 | AP29: =SUM(AA28:AL28) -> 144000 | AQ29: =AN30+AO30+AP30-AM29 -> 0 | AT29: =SUM(C29:AB29) -> 0
A30: Rent | C30: 450 | D30: =C30 -> 450 | E30: =D30 -> 450 | F30: =E30 -> 450 | G30: =F30 -> 450 | H30: =G30 -> 450 | I30: =H30 -> 450 | J30: =I30 -> 450 | K30: =J30 -> 450 | ... N30: =M30 -> 450 | O30: 750 | P30: =O30 -> 750 | Q30: =P30 -> 750 | R30: =Q30 -> 750 | S30: =R30 -> 750 | T30: =S30 -> 750 | U30: =T30 -> 750 | V30: =U30 -> 750 | W30: =V30 -> 750 | ... Z30: =Y30 -> 750 | AA30: 1200 | AB30: 1200 | AC30: 1200 | AD30: 1200 | AE30: 1200 | AF30: 1200 | AG30: 1200 | AH30: 1200 | AI30: 1200 | AJ30: 1200 | AK30: 1200 | AL30: 1200 | AM30: =SUM(C30:AL30) -> 28800 | AN30: =SUM(C29:N29) -> 0 | AO30: =SUM(O29:Z29) -> 0 | AP30: =SUM(AA29:AL29) -> 0 | AQ30: =AN31+AO31+AP31-AM30 -> 0
A31: Marketing & Advertising & gifts | C31: 0 | D31: 0 | E31: 0 | F31: 0 | G31: =F31 -> 0 | H31: =G31 -> 0 | I31: =H31 -> 0 | J31: =I31 -> 0 | K31: 0 | L31: 0 | M31: 0 | N31: 0 | O31: 0 | P31: 50000 | Q31: 50000 | R31: 50000 | S31: 0 | T31: 0 | U31: 50000 | V31: 50000 | W31: 50000 | X31: 0 | Y31: 0 | Z31: 0 | AA31: 0 | AB31: 75000 | AC31: 50000 | AD31: 50000 | AE31: 0 | AF31: 0 | AG31: 50000 | AH31: 50000 | AI31: 50000 | AJ31: 0 | AK31: 0 | AL31: 0 | AM31: =SUM(C31:AL31) -> 625000 | AN31: =SUM(C30:N30) -> 5400 | AO31: =SUM(O30:Z30) -> 9000 | AP31: =SUM(AA30:AL30) -> 14400 | AQ31: =AN32+AO32+AP32-AM31 -> 0 | AT31: =SUM(C31:AB31) -> 375000
A32: Other Oparating Expenses | AN32: =SUM(C31:N31) -> 0 | AO32: =SUM(O31:Z31) -> 300000 | AP32: =SUM(AA31:AL31) -> 325000 | AQ32: =AN33+AO33+AP33-AM32 -> 0 | AS32: =AM31/36 -> 17361.111
A33: Gifts | C33: 0 | D33: 0 | E33: 9000 | F33: 0 | G33: 0 | H33: 0 | I33: 0 | J33: 0 | K33: 20000 | L33: 4000 | M33: 0 | N33: =M33 -> 0 | O33: 0 | P33: 16000 | Q33: 3000 | R33: 0 | S33: 0 | T33: 0 | U33: 16000 | V33: 6000 | W33: 0 | X33: 0 | Y33: 0 | Z33: 0 | AA33: 0 | AB33: 16000 | AC33: 6000 | AD33: 6000 | AE33: 6000 | AF33: 0 | AG33: 16000 | AH33: 6000 | AI33: 6000 | AJ33: 0 | AK33: 0 | AL33: 0 | AM33: =SUM(C33:AL33) -> 136000 | AQ33: =AN34+AO34+AP34-AM33 -> 0
A34: Consultation Fees | C34: 0 | D34: =C34 -> 0 | E34: =D34 -> 0 | F34: =E34 -> 0 | G34: =F34 -> 0 | H34: =G34 -> 0 | I34: =H34 -> 0 | J34: =I34 -> 0 | K34: =J34 -> 0 | ... N34: =M34 -> 0 | O34: 500 | P34: =O34 -> 500 | Q34: =P34 -> 500 | R34: =Q34 -> 500 | S34: =R34 -> 500 | T34: =S34 -> 500 | U34: =T34 -> 500 | V34: =U34 -> 500 | W34: =V34 -> 500 | ... AL34: =AK34 -> 500 | AM34: =SUM(C34:AL34) -> 12000 | AN34: =SUM(C33:N33) -> 33000 | AO34: =SUM(O33:Z33) -> 41000 | AP34: =SUM(AA33:AL33) -> 62000 | AQ34: =AN35+AO35+AP35-AM34 -> 0 | AR34: =B34*2%-AM34 -> -12000
A35: Depreciation Expense | C35: =(0/36) -> 0 | D35: =C35 -> 0 | E35: =D35 -> 0 | F35: =E35 -> 0 | G35: =F35 -> 0 | H35: =G35 -> 0 | I35: =H35 -> 0 | J35: =I35 -> 0 | K35: =J35 -> 0 | ... N35: =M35 -> 0 | O35: =6480/3/12*1 -> 180 | P35: =6480/3/12*1 -> 180 | Q35: =6480/3/12*1 -> 180 | R35: =6480/3/12*1 -> 180 | S35: =6480/3/12*1 -> 180 | T35: =6480/3/12*1 -> 180 | U35: =6480/3/12*1 -> 180 | V35: =6480/3/12*1 -> 180 | ... AL35: =6480/3/12*1 -> 180 | AM35: =SUM(C35:AL35) -> 4320 | AN35: =SUM(C34:N34) -> 0 | AO35: =SUM(O34:Z34) -> 6000 | AP35: =SUM(AA34:AL34) -> 6000 | AQ35: =AN36+AO36+AP36-AM35 -> 0
A36: Printing & Stationery | C36: 50 | D36: =C36 -> 50 | E36: =D36 -> 50 | F36: =E36 -> 50 | G36: =F36 -> 50 | H36: =G36 -> 50 | I36: =H36 -> 50 | J36: =I36 -> 50 | K36: =J36 -> 50 | ... AL36: =AK36 -> 50 | AM36: =SUM(C36:AL36) -> 1800 | AN36: =SUM(C35:N35) -> 0 | AO36: =SUM(O35:Z35) -> 2160 | AP36: =SUM(AA35:AL35) -> 2160 | AQ36: =AN37+AO37+AP37-AM36 -> 0
A37: Subscriptions ( Internet & Mobiles ) | C37: 75 | D37: =C37 -> 75 | E37: =D37 -> 75 | F37: =E37 -> 75 | G37: =F37 -> 75 | H37: =G37 -> 75 | I37: =H37 -> 75 | J37: =I37 -> 75 | K37: =J37 -> 75 | ... N37: =M37 -> 75 | O37: 100 | P37: 100 | Q37: 100 | R37: 100 | S37: 100 | T37: 100 | U37: 100 | V37: 100 | W37: 100 | X37: 100 | Y37: 100 | Z37: 100 | AA37: 125 | AB37: 125 | AC37: 125 | AD37: 125 | AE37: 125 | AF37: 125 | AG37: 125 | AH37: 125 | AI37: 125 | AJ37: 125 | AK37: 125 | AL37: 125 | AM37: =SUM(C37:AL37) -> 3600 | AN37: =SUM(C36:N36) -> 600 | AO37: =SUM(O36:Z36) -> 600 | AP37: =SUM(AA36:AL36) -> 600 | AQ37: =AN38+AO38+AP38-AM37 -> 0
A38: Vehicle Expenses | C38: 0 | D38: =C38 -> 0 | E38: =D38 -> 0 | F38: =E38 -> 0 | G38: =F38 -> 0 | H38: =G38 -> 0 | I38: =H38 -> 0 | J38: =I38 -> 0 | K38: =J38 -> 0 | ... N38: =M38 -> 0 | O38: 0 | P38: 0 | Q38: 0 | R38: 0 | S38: 0 | T38: 0 | U38: 0 | V38: 0 | W38: 0 | X38: 0 | Y38: 0 | Z38: 0 | AA38: 0 | AB38: 0 | AC38: 0 | AD38: 0 | AE38: 0 | AF38: 0 | AG38: 0 | AH38: 0 | AI38: 0 | AJ38: 0 | AK38: 0 | AL38: 0 | AM38: =SUM(C38:AL38) -> 0 | AN38: =SUM(C37:N37) -> 900 | AO38: =SUM(O37:Z37) -> 1200 | AP38: =SUM(AA37:AL37) -> 1500 | AQ38: =AN39+AO39+AP39-AM38 -> 0
A39: Repairs and Maintenance | C39: =15*3 -> 45 | D39: =C39 -> 45 | E39: =D39 -> 45 | F39: =E39 -> 45 | G39: =F39 -> 45 | H39: =G39 -> 45 | I39: =H39 -> 45 | J39: =I39 -> 45 | K39: =J39 -> 45 | ... N39: =M39 -> 45 | O39: =15*3 -> 45 | P39: =15*3 -> 45 | Q39: =15*3 -> 45 | R39: =15*3 -> 45 | S39: =15*3 -> 45 | T39: =15*3 -> 45 | U39: =15*3 -> 45 | V39: =15*3 -> 45 | ... AL39: =15*3 -> 45 | AM39: =SUM(C39:AL39) -> 1620 | AN39: =SUM(C38:N38) -> 0 | AO39: =SUM(O38:Z38) -> 0 | AP39: =SUM(AA38:AL38) -> 0 | AQ39: =AN40+AO40+AP40-AM39 -> 0
A40: Hospitality | C40: 30 | D40: =C40 -> 30 | E40: =D40 -> 30 | F40: =E40 -> 30 | G40: =F40 -> 30 | H40: =G40 -> 30 | I40: =H40 -> 30 | J40: =I40 -> 30 | K40: =J40 -> 30 | ... AL40: =AK40 -> 30 | AM40: =SUM(C40:AL40) -> 1080 | AN40: =SUM(C39:N39) -> 540 | AO40: =SUM(O39:Z39) -> 540 | AP40: =SUM(AA39:AL39) -> 540 | AQ40: =AN41+AO41+AP41-AM40 -> 0
A41: Insurance | C41: 0 | D41: =C41 -> 0 | E41: =D41 -> 0 | F41: =E41 -> 0 | G41: =F41 -> 0 | H41: =G41 -> 0 | I41: =H41 -> 0 | J41: =I41 -> 0 | K41: =J41 -> 0 | ... N41: =M41 -> 0 | O41: 0 | P41: 0 | Q41: 0 | R41: 0 | S41: 0 | T41: 0 | U41: 0 | V41: 0 | W41: 0 | X41: 0 | Y41: 0 | Z41: 0 | AA41: 0 | AB41: 0 | AC41: 0 | AD41: 0 | AE41: 0 | AF41: 0 | AG41: 0 | AH41: 0 | AI41: 0 | AJ41: 0 | AK41: 0 | AL41: 0 | AM41: =SUM(C41:AL41) -> 0 | AN41: =SUM(C40:N40) -> 360 | AO41: =SUM(O40:Z40) -> 360 | AP41: =SUM(AA40:AL40) -> 360 | AQ41: =AN42+AO42+AP42-AM41 -> 0
A42: Profesional Fees | C42: =2000/12 -> 166.66667 | D42: =C42 -> 166.66667 | E42: =D42 -> 166.66667 | F42: =E42 -> 166.66667 | G42: =F42 -> 166.66667 | H42: =G42 -> 166.66667 | I42: =H42 -> 166.66667 | J42: =I42 -> 166.66667 | K42: =J42 -> 166.66667 | ... N42: =M42 -> 166.66667 | O42: =2000/12 -> 166.66667 | P42: =2000/12 -> 166.66667 | Q42: =2000/12 -> 166.66667 | R42: =2000/12 -> 166.66667 | S42: =2000/12 -> 166.66667 | T42: =2000/12 -> 166.66667 | U42: =2000/12 -> 166.66667 | V42: =2000/12 -> 166.66667 | ... AL42: =2000/12 -> 166.66667 | AM42: =SUM(C42:AL42) -> 6000 | AN42: =SUM(C41:N41) -> 0 | AO42: =SUM(O41:Z41) -> 0 | AP42: =SUM(AA41:AL41) -> 0 | AQ42: =AN43+AO43+AP43-AM42 -> 0
A43: Indemnity | C43: =(C28*(15/12)/26) -> 168.26923 | D43: =C43 -> 168.26923 | E43: =D43 -> 168.26923 | F43: =E43 -> 168.26923 | G43: =F43 -> 168.26923 | H43: =G43 -> 168.26923 | I43: =H43 -> 168.26923 | J43: =I43 -> 168.26923 | K43: =J43 -> 168.26923 | ... N43: =M43 -> 168.26923 | O43: =(O28*(15/12)/26) -> 432.69231 | P43: =(P28*(15/12)/26) -> 432.69231 | Q43: =(Q28*(15/12)/26) -> 432.69231 | R43: =(R28*(15/12)/26) -> 432.69231 | S43: =(S28*(15/12)/26) -> 432.69231 | T43: =(T28*(15/12)/26) -> 432.69231 | U43: =(U28*(15/12)/26) -> 432.69231 | V43: =(V28*(15/12)/26) -> 432.69231 | ... AL43: =(AL28*(15/12)/26) -> 576.92308 | AM43: =SUM(C43:AL43) -> 14134.615 | AN43: =SUM(C42:N42) -> 2000 | AO43: =SUM(O42:Z42) -> 2000 | AP43: =SUM(AA42:AL42) -> 2000 | AQ43: =AN44+AO44+AP44-AM43 -> 0
A44: Leave | C44: =(C28*(30/12)/26) -> 336.53846 | D44: =C44 -> 336.53846 | E44: =D44 -> 336.53846 | F44: =E44 -> 336.53846 | G44: =F44 -> 336.53846 | H44: =G44 -> 336.53846 | I44: =H44 -> 336.53846 | J44: =I44 -> 336.53846 | K44: =J44 -> 336.53846 | ... N44: =M44 -> 336.53846 | O44: =(O28*(30/12)/26) -> 865.38462 | P44: =(P28*(30/12)/26) -> 865.38462 | Q44: =(Q28*(30/12)/26) -> 865.38462 | R44: =(R28*(30/12)/26) -> 865.38462 | S44: =(S28*(30/12)/26) -> 865.38462 | T44: =(T28*(30/12)/26) -> 865.38462 | U44: =(U28*(30/12)/26) -> 865.38462 | V44: =(V28*(30/12)/26) -> 865.38462 | ... AL44: =(AL28*(30/12)/26) -> 1153.8462 | AM44: =SUM(C44:AL44) -> 28269.231 | AN44: =SUM(C43:N43) -> 2019.2308 | AO44: =SUM(O43:Z43) -> 5192.3077 | AP44: =SUM(AA43:AL43) -> 6923.0769 | AQ44: =AN45+AO45+AP45-AM44 -> 0
A45: Telephone & Internet | C45: =120+6.507 -> 126.507 | D45: =C45 -> 126.507 | E45: =D45 -> 126.507 | F45: =E45 -> 126.507 | G45: =F45 -> 126.507 | H45: =G45 -> 126.507 | I45: =H45 -> 126.507 | J45: =I45 -> 126.507 | K45: =J45 -> 126.507 | ... N45: =M45 -> 126.507 | O45: 120 | P45: 120 | Q45: 120 | R45: 120 | S45: 120 | T45: 120 | U45: 120 | V45: 120 | W45: 120 | X45: 120 | Y45: 120 | Z45: 120 | AA45: 120 | AB45: 120 | AC45: 120 | AD45: 120 | AE45: 120 | AF45: 120 | AG45: 120 | AH45: 120 | AI45: 120 | AJ45: 120 | AK45: 120 | AL45: 120 | AM45: =SUM(C45:AL45) -> 4398.084 | AN45: =SUM(C44:N44) -> 4038.4615 | AO45: =SUM(O44:Z44) -> 10384.615 | AP45: =SUM(AA44:AL44) -> 13846.154 | AQ45: =AN46+AO46+AP46-AM45 -> 0
A46: Travel | C46: 0 | D46: =C46 -> 0 | E46: =D46 -> 0 | F46: =E46 -> 0 | G46: =F46 -> 0 | H46: =G46 -> 0 | I46: =H46 -> 0 | J46: =I46 -> 0 | K46: =J46 -> 0 | ... N46: =M46 -> 0 | O46: 1000 | P46: 0 | Q46: 0 | R46: 0 | S46: 0 | T46: 0 | U46: 0 | V46: 0 | W46: 1000 | X46: 0 | Y46: 0 | Z46: 0 | AA46: 1000 | AB46: 0 | AC46: 0 | AD46: 0 | AE46: 0 | AF46: 0 | AG46: 0 | AH46: 0 | AI46: 1000 | AJ46: 0 | AK46: 0 | AL46: 0 | AM46: =SUM(C46:AL46) -> 4000 | AN46: =SUM(C45:N45) -> 1518.084 | AO46: =SUM(O45:Z45) -> 1440 | AP46: =SUM(AA45:AL45) -> 1440 | AQ46: =AN47+AO47+AP47-AM46 -> 0
A47: Governmental Expenses | C47: 25 | D47: =C47 -> 25 | E47: =D47 -> 25 | F47: =E47 -> 25 | G47: =F47 -> 25 | H47: =G47 -> 25 | I47: =H47 -> 25 | J47: =I47 -> 25 | K47: =J47 -> 25 | ... N47: =M47 -> 25 | O47: 25 | P47: 25 | Q47: 25 | R47: 25 | S47: 25 | T47: 25 | U47: 25 | V47: 25 | W47: 25 | X47: 25 | Y47: 25 | Z47: 25 | AA47: 25 | AB47: 25 | AC47: 25 | AD47: 25 | AE47: 25 | AF47: 25 | AG47: 25 | AH47: 25 | AI47: 25 | AJ47: 25 | AK47: 25 | AL47: 25 | AM47: =SUM(C47:AL47) -> 900 | AN47: =SUM(C46:N46) -> 0 | AO47: =SUM(O46:Z46) -> 2000 | AP47: =SUM(AA46:AL46) -> 2000 | AQ47: =AN48+AO48+AP48-AM47 -> 0
A48: Transportation | C48: 0 | D48: =C48 -> 0 | E48: =D48 -> 0 | F48: =E48 -> 0 | G48: =F48 -> 0 | H48: =G48 -> 0 | I48: =H48 -> 0 | J48: =I48 -> 0 | K48: =J48 -> 0 | ... N48: =M48 -> 0 | O48: 0 | P48: 0 | Q48: 0 | R48: 0 | S48: 0 | T48: 0 | U48: 0 | V48: 0 | W48: 0 | X48: 0 | Y48: 0 | Z48: 0 | AA48: 0 | AB48: 0 | AC48: 0 | AD48: 0 | AE48: 0 | AF48: 0 | AG48: 0 | AH48: 0 | AI48: 0 | AJ48: 0 | AK48: 0 | AL48: 0 | AM48: =SUM(C48:AL48) -> 0 | AN48: =SUM(C47:N47) -> 300 | AO48: =SUM(O47:Z47) -> 300 | AP48: =SUM(AA47:AL47) -> 300 | AQ48: =AN49+AO49+AP49-AM48 -> 0
A49: Staff Residences Expenses | C49: =(4*(50+50+10+10))/12 -> 40 | D49: =C49 -> 40 | E49: =D49 -> 40 | F49: =E49 -> 40 | G49: =F49 -> 40 | H49: =G49 -> 40 | I49: =H49 -> 40 | J49: =I49 -> 40 | K49: =J49 -> 40 | ... N49: =M49 -> 40 | O49: =(4*(50+50+10+10))/12 -> 40 | P49: =(4*(50+50+10+10))/12 -> 40 | Q49: =(4*(50+50+10+10))/12 -> 40 | R49: =(4*(50+50+10+10))/12 -> 40 | S49: =(4*(50+50+10+10))/12 -> 40 | T49: =(4*(50+50+10+10))/12 -> 40 | U49: =(4*(50+50+10+10))/12 -> 40 | V49: =(4*(50+50+10+10))/12 -> 40 | ... AL49: =(4*(50+50+10+10))/12 -> 40 | AM49: =SUM(C49:AL49) -> 1440 | AN49: =SUM(C48:N48) -> 0 | AO49: =SUM(O48:Z48) -> 0 | AP49: =SUM(AA48:AL48) -> 0 | AQ49: =AN50+AO50+AP50-AM49 -> 0
A50: Bank Charges | C50: =6+5+(C18*1.5%) -> 38 | D50: =C50 -> 38 | E50: =D50 -> 38 | F50: =E50 -> 38 | G50: =F50 -> 38 | H50: =G50 -> 38 | I50: =H50 -> 38 | J50: =I50 -> 38 | K50: =J50 -> 38 | ... AL50: =AK50 -> 38 | AM50: =SUM(C50:AL50) -> 1368 | AN50: =SUM(C49:N49) -> 480 | AO50: =SUM(O49:Z49) -> 480 | AP50: =SUM(AA49:AL49) -> 480 | AQ50: =AN51+AO51+AP51-AM50 -> 0
A51: Finance (Interest) Charges | C51: 0 | D51: =C51 -> 0 | E51: =D51 -> 0 | F51: =E51 -> 0 | G51: =F51 -> 0 | H51: =G51 -> 0 | I51: =H51 -> 0 | J51: =I51 -> 0 | K51: =J51 -> 0 | ... N51: =M51 -> 0 | O51: 0 | P51: 0 | Q51: 0 | R51: 0 | S51: 0 | T51: 0 | U51: 0 | V51: 0 | W51: 0 | X51: 0 | Y51: 0 | Z51: 0 | AA51: 0 | AB51: 0 | AC51: 0 | AD51: 0 | AE51: 0 | AF51: 0 | AG51: 0 | AH51: 0 | AI51: 0 | AJ51: 0 | AK51: 0 | AL51: 0 | AM51: =SUM(C51:AL51) -> 0 | AN51: =SUM(C50:N50) -> 456 | AO51: =SUM(O50:Z50) -> 456 | AP51: =SUM(AA50:AL50) -> 456 | AQ51: =AN52+AO52+AP52-AM51 -> 0 | AS51: =AN34+AN35+AN37+AN38+AN40+AN41+AN43+AN45+AN46+AN48+AN50+AN53+AN54+AN56 -> 44636.546 | AT51: =AO34+AO35+AO37+AO38+AO40+AO41+AO43+AO45+AO46+AO47+AO48+AO50+AO53+AO54+AO56 -> 67204.615 | AU51: =AP34+AP35+AP37+AP38+AP40+AP41+AP43+AP45+AP46+AP47+AP48+AP50+AP53+AP54+AP56 -> 91966.154
A52: IT and Software | C52: 25 | D52: =C52 -> 25 | E52: =D52 -> 25 | F52: =E52 -> 25 | G52: =F52 -> 25 | H52: =G52 -> 25 | I52: =H52 -> 25 | J52: =I52 -> 25 | K52: =J52 -> 25 | ... N52: =M52 -> 25 | O52: 25 | P52: 25 | Q52: 25 | R52: 25 | S52: 25 | T52: 25 | U52: 25 | V52: 25 | W52: 25 | X52: 25 | Y52: 25 | Z52: 25 | AA52: 25 | AB52: 25 | AC52: 25 | AD52: 25 | AE52: 25 | AF52: 25 | AG52: 25 | AH52: 25 | AI52: 25 | AJ52: 25 | AK52: 25 | AL52: 25 | AM52: =SUM(C52:AL52) -> 900 | AN52: =SUM(C51:N51) -> 0 | AO52: =SUM(O51:Z51) -> 0 | AP52: =SUM(AA51:AL51) -> 0 | AQ52: =AN53+AO53+AP53-AM52 -> 0
A53: Miscellaneous Expenses | C53: 25 | D53: =C53 -> 25 | E53: =D53 -> 25 | F53: =E53 -> 25 | G53: =F53 -> 25 | H53: =G53 -> 25 | I53: =H53 -> 25 | J53: =I53 -> 25 | K53: =J53 -> 25 | ... N53: =M53 -> 25 | O53: 25 | P53: 25 | Q53: 25 | R53: 25 | S53: 25 | T53: 25 | U53: 25 | V53: 25 | W53: 25 | X53: 25 | Y53: 25 | Z53: 25 | AA53: 25 | AB53: 25 | AC53: 25 | AD53: 25 | AE53: 25 | AF53: 25 | AG53: 25 | AH53: 25 | AI53: 25 | AJ53: 25 | AK53: 25 | AL53: 25 | AM53: =SUM(C53:AL53) -> 900 | AN53: =SUM(C52:N52) -> 300 | AO53: =SUM(O52:Z52) -> 300 | AP53: =SUM(AA52:AL52) -> 300 | AQ53: =AN54+AO54+AP54-AM53 -> 0 | AS53: Profit & Loss ( 3 Years )
A54: Cleaning Expenses | C54: 25 | D54: =C54 -> 25 | E54: =D54 -> 25 | F54: =E54 -> 25 | G54: =F54 -> 25 | H54: =G54 -> 25 | I54: =H54 -> 25 | J54: =I54 -> 25 | K54: =J54 -> 25 | ... N54: =M54 -> 25 | O54: 25 | P54: 25 | Q54: 25 | R54: 25 | S54: 25 | T54: 25 | U54: 25 | V54: 25 | W54: 25 | X54: 25 | Y54: 25 | Z54: 25 | AA54: 25 | AB54: 25 | AC54: 25 | AD54: 25 | AE54: 25 | AF54: 25 | AG54: 25 | AH54: 25 | AI54: 25 | AJ54: 25 | AK54: 25 | AL54: 25 | AM54: =SUM(C54:AL54) -> 900 | AN54: =SUM(C53:N53) -> 300 | AO54: =SUM(O53:Z53) -> 300 | AP54: =SUM(AA53:AL53) -> 300 | AQ54: =AN56+AO56+AP56-AM54 -> 0 | AS54: P&L | AT54: P&L | AU54: P&L
A55: Zakat Expenses | C55: 0 | D55: =C55 -> 0 | E55: =D55 -> 0 | F55: =E55 -> 0 | G55: =F55 -> 0 | H55: =G55 -> 0 | I55: =H55 -> 0 | J55: =I55 -> 0 | K55: =J55 -> 0 | ... N55: =M55 -> 0 | O55: 0 | P55: 0 | Q55: 0 | R55: 0 | S55: 0 | T55: 0 | U55: 0 | V55: 0 | W55: 0 | X55: 0 | Y55: 0 | Z55: 0 | AA55: 0 | AB55: 0 | AC55: 0 | AD55: 0 | AE55: 0 | AF55: 0 | AG55: 0 | AH55: 0 | AI55: 0 | AJ55: 0 | AK55: 0 | AL55: =AU87 -> 4020.9477 | AM55: =SUM(C55:AL55) -> 4020.9477 | AN55: =SUM(C55:N55) -> 0 | AO55: =SUM(O55:Z55) -> 0 | AP55: =SUM(AA55:AL55) -> 4020.9477 | AQ55: =AN57+AO57+AP57-AM55 -> -4020.9477
A56: Social Security | C56: =(0)*11% -> 0 | D56: =C56 -> 0 | E56: =D56 -> 0 | F56: =E56 -> 0 | G56: =F56 -> 0 | H56: =G56 -> 0 | I56: =H56 -> 0 | J56: =I56 -> 0 | K56: =J56 -> 0 | ... AL56: =AK56 -> 0 | AM56: =SUM(C56:AL56) -> 0 | AN56: =SUM(C54:N54) -> 300 | AO56: =SUM(O54:Z54) -> 300 | AP56: =SUM(AA54:AL54) -> 300 | AQ56: =AN57+AO57+AP57-AM56 -> 0 | AS56: 1St Year | AT56: 2nd Year | AU56: 3rd Year
A57: Total Operating Expenses | C57: =SUM(C28:C56) -> 5125.9814 | D57: =SUM(D28:D56) -> 5125.9814 | E57: =SUM(E28:E56) -> 14125.981 | F57: =SUM(F28:F56) -> 5125.9814 | G57: =SUM(G28:G56) -> 5125.9814 | H57: =SUM(H28:H56) -> 5125.9814 | I57: =SUM(I28:I56) -> 5125.9814 | J57: =SUM(J28:J56) -> 5125.9814 | ... AM57: =SUM(AM28:AM56) -> 1175450.9 | AN57: =SUM(C56:N56) -> 0 | AO57: =SUM(O56:Z56) -> 0 | AP57: =SUM(AA56:AL56) -> 0 | AQ57: =(AN58+AO58+AP58)-AM57 -> 0 | AS57: =AN19 -> 142274 | AT57: =AO19 -> 748000 | AU57: =AP19 -> 997000
AN58: =SUM(C57:N57) -> 94511.776 | AO58: =SUM(O57:Z57) -> 492012.92 | AP58: =SUM(AA57:AL57) -> 588926.18 | AS58: =-AN23 -> -12500 | AT58: =-AO23 -> -10000 | AU58: =-AP23 -> -10000
A59: Monthly - Net Profit / Loss | C59: =C24-C57 -> -4825.9814 | D59: =D24-D57 -> 6624.0186 | E59: =E24-E57 -> 19128.019 | F59: =F24-F57 -> -4875.9814 | G59: =G24-G57 -> -5875.9814 | H59: =H24-H57 -> -9375.9814 | I59: =I24-I57 -> -3885.9814 | J59: =J24-J57 -> -2645.9814 | ... AM59: =AM24-AM57 -> 679323.12 | AO59: =AO58-AN58 -> 397501.15 | AP59: =AP58-AO58 -> 96913.255 | AS59: =SUM(AS57:AS58) -> 129774 | AT59: =SUM(AT57:AT58) -> 738000 | AU59: =SUM(AU57:AU58) -> 987000
A60: Accumulated Net Profit / Loss | C60: =C59 -> -4825.9814 | D60: =C60+D59 -> 1798.0373 | E60: =D60+E59 -> 20926.056 | F60: =E60+F59 -> 16050.075 | G60: =F60+G59 -> 10174.093 | H60: =G60+H59 -> 798.11185 | I60: =H60+I59 -> -3087.8695 | J60: =I60+J59 -> -5733.8509 | K60: =J60+K59 -> 37890.168 | ... AL60: =AK60+AL59 -> 679323.12 | AN60: =AM24-AM57-AM59 -> 0 | AO60: =AO59/AN58 -> 4.2058372 | AP60: =AP59/AO58 -> 0.19697299 | AS60: =-AN29+-AN30 -> -42000 | AT60: =-AO29+-AO30 -> -108000 | AU60: =-AP29+-AP30 -> -144000
AC61: Working Capital | AM61: =AM59/AD63 -> #DIV/0! | AN61: =AN34+AN36+AN39+AN40+AN41+AN42+AN48+AN49+AN51+AN52+AN53+AN54+AN56 -> 35556 | AO61: =AO34+AO36+AO39+AO40+AO41+AO42+AO48+AO49+AO51+AO52+AO53+AO54+AO56 -> 45716 | AP61: =AP34+AP36+AP39+AP40+AP41+AP42+AP48+AP49+AP51+AP52+AP53+AP54+AP56 -> 66716 | AS61: =-AN64 -> -17492.546 | AT61: =-AO64 -> -35660.615 | AU61: =-AP64 -> -44822.154
B62: Misc. Exp. | C62: =C33+SUM(C35:C56) -> 1175.9814 | D62: =D33+SUM(D35:D56) -> 1175.9814 | E62: =E33+SUM(E35:E56) -> 10175.981 | AA62: KNF | AB62: =-AC62 -> -68772 | AC62: 68772 | AD62: 7th Month | AN62: =AN19-AN23-AN58 -> 35262.224 | AO62: =AO19-AO23-AO58 -> 245987.08 | AP62: =AP19-AP23-AP58 -> 398073.82 | AS62: =-AN32 -> 0 | AT62: =-AO32 -> -300000 | AU62: =-AP32 -> -325000
C63: =2034-C62 -> 858.01864 | E63: =C57+D57+E57 -> 24377.944 | F63: =62292-E63 -> 37914.056 | AA63: INVESTOR | AB63: =-AC63 -> -17139 | AC63: 17139 | AE63: =E63+C77 -> 30857.944 | AN63: =AN19/AN62 -> 4.0347427 | AO63: =-AO19/AO62 -> -3.0408101 | AP63: =AP19/AP62 -> 2.5045606 | AS63: =-AN34 -> -33000 | AT63: =-AO34 -> -41000 | AU63: =-AP34 -> -62000
A64: 2- Capital Expenditures | AN64: =AN35+AN31+AN37+AN38+AN39+AN40+AN41+AN42+AN43+AN45+AN46+AN47+AN48+AN49+AN50+AN51+AN52+AN53+AN54+AN56+AN57 -> 17492.546 | AO64: =AO35+AO31+AO37+AO38+AO39+AO40+AO41+AO42+AO43+AO45+AO46+AO47+AO48+AO49+AO50+AO51+AO52+AO53+AO54+AO56+AO57 -> 35660.615 | AP64: =AP35+AP31+AP37+AP38+AP39+AP40+AP41+AP42+AP43+AP45+AP46+AP47+AP48+AP49+AP50+AP51+AP52+AP53+AP54+AP56+AP57 -> 44822.154 | AS64: =SUM(AS59:AS63) -> 37281.454 | AT64: =SUM(AT59:AT63) -> 253339.38 | AU64: =SUM(AU59:AU63) -> 411177.85
A65: Construction of Buildings | AM65: =SUM(C65:AL65) -> 0 | AO65: =AN62-AO62 -> -210724.85 | AP65: =AO62-AP62 -> -152086.74 | AS65: =-AN36 -> 0 | AT65: =-AO36 -> -2160 | AU65: =-AP36 -> -2160
A66: Expansion in building | AM66: =SUM(C66:AL66) -> 0 | AS66: =-AN44 -> -2019.2308 | AT66: =-AO44 -> -5192.3077 | AU66: =-AP44 -> -6923.0769
A67: Computer equipment | C67: 2970 | D67: 0 | E67: 0 | F67: 0 | G67: 0 | H67: 0 | I67: 0 | J67: 0 | K67: 0 | L67: 0 | M67: 0 | N67: 0 | O67: 0 | P67: 0 | Q67: 0 | R67: 0 | S67: 0 | T67: 0 | U67: 0 | V67: 0 | W67: 0 | X67: 0 | Y67: 0 | Z67: 0 | AA67: 0 | AB67: 0 | AC67: 0 | AD67: 0 | AE67: 0 | AF67: 0 | AG67: 0 | AH67: 0 | AI67: 0 | AJ67: 0 | AK67: 0 | AL67: 0 | AM67: =SUM(C67:AL67) -> 2970 | AS67: =SUM(AS64:AS66) -> 35262.224 | AT67: =SUM(AT64:AT66) -> 245987.08 | AU67: =SUM(AU64:AU66) -> 402094.77
A68: Office Equipment | C68: =380+1185 -> 1565 | D68: 0 | E68: 0 | F68: 0 | G68: 0 | H68: 0 | I68: 0 | J68: 0 | K68: 0 | L68: 0 | M68: 0 | N68: 0 | O68: 0 | P68: 0 | Q68: 0 | R68: 0 | S68: 0 | T68: 0 | U68: 0 | V68: 0 | W68: 0 | X68: 0 | Y68: 0 | Z68: 0 | AA68: 0 | AB68: 0 | AC68: 0 | AD68: 0 | AE68: 0 | AF68: 0 | AG68: 0 | AH68: 0 | AI68: 0 | AJ68: 0 | AK68: 0 | AL68: 0 | AM68: =SUM(C68:AL68) -> 1565
A69: Purchase of Furnitures | C69: 1945 | D69: 0 | E69: 0 | F69: 0 | G69: 0 | H69: 0 | I69: 0 | J69: 0 | K69: 0 | L69: 0 | M69: 0 | N69: 0 | O69: 0 | P69: 0 | Q69: 0 | R69: 0 | S69: 0 | T69: 0 | U69: 0 | V69: 0 | W69: 0 | X69: 0 | Y69: 0 | Z69: 0 | AA69: 0 | AB69: 0 | AC69: 0 | AD69: 0 | AE69: 0 | AF69: 0 | AG69: 0 | AH69: 0 | AI69: 0 | AJ69: 0 | AK69: 0 | AL69: 0 | AM69: =SUM(C69:AL69) -> 1945 | AS69: =SUM(AS67:AS68) -> 35262.224 | AT69: =SUM(AT67:AT68) -> 245987.08 | AU69: =SUM(AU67:AU68) -> 402094.77
A70: Intangible assets ( copy rights- trade marks- patents- franchises ) | C70: 0 | D70: 0 | E70: 0 | F70: 0 | G70: 0 | H70: 0 | I70: 0 | J70: 0 | K70: 0 | L70: 0 | M70: 0 | N70: 0 | O70: 0 | P70: 0 | Q70: 0 | R70: 0 | S70: 0 | T70: 0 | U70: 0 | V70: 0 | W70: 0 | X70: 0 | Y70: 0 | Z70: 0 | AA70: 0 | AB70: 0 | AC70: 0 | AD70: 0 | AE70: 0 | AF70: 0 | AG70: 0 | AH70: 0 | AI70: 0 | AJ70: 0 | AK70: 0 | AL70: 0 | AM70: =SUM(C70:AL70) -> 0 | AN70: =AM77+AD63 -> 6480 | AR70: Zakat Exp. | AS70: 0 | AT70: 0 | AU70: =-AP55 -> -4020.9477
A71: Machinery | C71: 0 | D71: 0 | E71: 0 | F71: 0 | G71: 0 | H71: 0 | I71: 0 | J71: 0 | K71: 0 | L71: 0 | M71: 0 | N71: 0 | O71: 0 | P71: 0 | Q71: 0 | R71: 0 | S71: 0 | T71: 0 | U71: 0 | V71: 0 | W71: 0 | X71: 0 | Y71: 0 | Z71: 0 | AA71: 0 | AB71: 0 | AC71: 0 | AD71: 0 | AE71: 0 | AF71: 0 | AG71: 0 | AH71: 0 | AI71: 0 | AJ71: 0 | AK71: 0 | AL71: 0 | AM71: =SUM(C71:AL71) -> 0 | AS71: =SUM(AS69:AS70) -> 35262.224 | AT71: =SUM(AT69:AT70) -> 245987.08 | AU71: =SUM(AU69:AU70) -> 398073.82 | AW71: =SUM(AS71:AU71) -> 679323.12
A72: Software upgrades | C72: 0 | D72: 0 | E72: 0 | F72: 0 | G72: 0 | H72: 0 | I72: 0 | J72: 0 | K72: 0 | L72: 0 | M72: 0 | N72: 0 | O72: 0 | P72: 0 | Q72: 0 | R72: 0 | S72: 0 | T72: 0 | U72: 0 | V72: 0 | W72: 0 | X72: 0 | Y72: 0 | Z72: 0 | AA72: 0 | AB72: 0 | AC72: 0 | AD72: 0 | AE72: 0 | AF72: 0 | AG72: 0 | AH72: 0 | AI72: 0 | AJ72: 0 | AK72: 0 | AL72: 0 | AM72: =SUM(C72:AL72) -> 0 | AS72: =AS71-AN62 -> 0 | AT72: =AT71-AO62 -> 0 | AU72: =AU71-AP62 -> 0 | AV72: =AU71-AT71 -> 152086.74
A73: Vehicles | C73: 0 | D73: 0 | E73: 0 | F73: 0 | G73: 0 | H73: 0 | I73: 0 | J73: 0 | K73: 0 | L73: 0 | M73: 0 | N73: 0 | O73: 0 | P73: 0 | Q73: 0 | R73: 0 | S73: 0 | T73: 0 | U73: 0 | V73: 0 | W73: 0 | X73: 0 | Y73: 0 | Z73: 0 | AA73: 0 | AB73: 0 | AC73: 0 | AD73: 0 | AE73: 0 | AF73: 0 | AG73: 0 | AH73: 0 | AI73: 0 | AJ73: 0 | AK73: 0 | AL73: 0 | AM73: =SUM(C73:AL73) -> 0 | AS73: =AN19/AS71 -> 4.0347427 | AT73: =AO19/AT71 -> 3.0408101 | AU73: =AP19/AU71 -> 2.5045606
A74: Other Capital Expenditures #1 | C74: 0 | D74: 0 | E74: 0 | F74: 0 | G74: 0 | H74: 0 | I74: 0 | J74: 0 | K74: 0 | L74: 0 | M74: 0 | N74: 0 | O74: 0 | P74: 0 | Q74: 0 | R74: 0 | S74: 0 | T74: 0 | U74: 0 | V74: 0 | W74: 0 | X74: 0 | Y74: 0 | Z74: 0 | AA74: 0 | AB74: 0 | AC74: 0 | AD74: 0 | AE74: 0 | AF74: 0 | AG74: 0 | AH74: 0 | AI74: 0 | AJ74: 0 | AK74: 0 | AL74: 0 | AM74: =SUM(C74:AL74) -> 0 | AR74: =AS74-AT74 -> 397501.15 | AS74: =AS60+AS61+AS62+AS63+AS65+AS66 -> -94511.776 | AT74: =AT60+AT61+AT62+AT63+AT65+AT66 -> -492012.92 | AU74: =AU60+AU61+AU62+AU63+AU65+AU66 -> -584905.23 | AV74: =AU74-AT74 -> -92892.308
A75: Other Capital Expenditures #2 | C75: 0 | D75: 0 | E75: 0 | F75: 0 | G75: 0 | H75: 0 | I75: 0 | J75: 0 | K75: 0 | L75: 0 | M75: 0 | N75: 0 | O75: 0 | P75: 0 | Q75: 0 | R75: 0 | S75: 0 | T75: 0 | U75: 0 | V75: 0 | W75: 0 | X75: 0 | Y75: 0 | Z75: 0 | AA75: 0 | AB75: 0 | AC75: 0 | AD75: 0 | AE75: 0 | AF75: 0 | AG75: 0 | AH75: 0 | AI75: 0 | AJ75: 0 | AK75: 0 | AL75: 0 | AM75: =SUM(C75:AL75) -> 0 | AS75: =AS58+AS60+AS61+AS62+AS63+AS65+AS66 -> -107011.78 | AT75: =AT58+AT60+AT61+AT62+AT63+AT65+AT66 -> -502012.92 | AU75: =AU58+AU60+AU61+AU62+AU63+AU65+AU66 -> -594905.23
A76: Other Capital Expenditures #3 | C76: 0 | D76: 0 | E76: 0 | F76: 0 | G76: 0 | H76: 0 | I76: 0 | J76: 0 | K76: 0 | L76: 0 | M76: 0 | N76: 0 | O76: 0 | P76: 0 | Q76: 0 | R76: 0 | S76: 0 | T76: 0 | U76: 0 | V76: 0 | W76: 0 | X76: 0 | Y76: 0 | Z76: 0 | AA76: 0 | AB76: 0 | AC76: 0 | AD76: 0 | AE76: 0 | AF76: 0 | AG76: 0 | AH76: 0 | AI76: 0 | AJ76: 0 | AK76: 0 | AL76: 0 | AM76: =SUM(C76:AL76) -> 0 | AT76: =AT75-AS75 -> -395001.15 | AU76: =AU75-AT75 -> -92892.308
A77: Total Capital Expenditures | C77: =SUM(C67:C76) -> 6480 | D77: =SUM(D67:D76) -> 0 | E77: =SUM(E67:E76) -> 0 | F77: =SUM(F67:F76) -> 0 | G77: =SUM(G67:G76) -> 0 | H77: =SUM(H67:H76) -> 0 | I77: =SUM(I67:I76) -> 0 | J77: =SUM(J67:J76) -> 0 | ... AL77: =SUM(AL67:AL76) -> 0 | AM77: =SUM(AM65:AM73) -> 6480 | AT77: =AT71-AS71 -> 210724.85 | AU77: =AU71-AT71 -> 152086.74
AT78: =AS71+AT71 -> 281249.3 | AU78: =AT71+AU71 -> 644060.9
AS79: =AS71/AS57 -> 0.24784728 | AT79: =AT71/AT57 -> 0.32885973 | AU79: =AU71/AU57 -> 0.39927164
N80: =L83/O83-1 -> -0.80979412 | Q80: =O83/R83-1 -> -0.24974925 | AU80: Zakat
L81: First Year | N81: Second Year
L82: Aug 2020-July 2021 | N82: Aug 2021-July 2022 | Q82: Third Year | R82: Aug 2022-July 2023 | AU82: =AU57 -> 997000
K83: sales | L83: =SUM(C18:N18) -> 142274 | N83: =K83 -> sales | O83: =SUM(O18:Z18) -> 748000 | Q83: =N83 -> sales | R83: =SUM(AA18:AL18) -> 997000 | AU83: =AU58+AU60+AU61+AU62+AU63+AU65+AU66 -> -594905.23
K84: Cost of Sales | L84: =(SUM(C21:N21)+SUM(C22:N22)) -> 12500 | N84: =K84 -> Cost of Sales | O84: =(SUM(O21:Z21)+SUM(O22:Z22)) -> 10000 | Q84: =N84 -> Cost of Sales | R84: =(SUM(AA21:AL21)+SUM(AA22:AL22)) -> 10000 | AU84: =AU82+AU83 -> 402094.77
K85: Staff Costs | L85: =SUM(C28:N28)+SUM(C29:N29)+SUM(C43:N43)+SUM(C44:N44) -> 48057.692 | N85: =K85 -> Staff Costs | O85: =SUM(O28:Z28)+SUM(O29:Z29)+SUM(O43:Z43)+SUM(O44:Z44) -> 123576.92 | Q85: =N85 -> Staff Costs | R85: =SUM(AA28:AL28)+SUM(AA29:AL29)+SUM(AA43:AL43)+SUM(AA44:AL44) -> 164769.23 | AU85: =4171-4171 -> 0 | AV85: Indm. Prov. Current Year ( - ) Indm. Prov. Last Year
K86: Rent Exp. | L86: =SUM(C30:N30) -> 5400 | N86: =K86 -> Rent Exp. | O86: =SUM(O30:Z30) -> 9000 | Q86: =N86 -> Rent Exp. | R86: =SUM(AA30:AL30) -> 14400 | AU86: =AU84+AU85 -> 402094.77
K87: Marketing Exp. | L87: =SUM(C31:N31) -> 0 | N87: =K87 -> Marketing Exp. | O87: =SUM(O31:Z31) -> 300000 | Q87: =N87 -> Marketing Exp. | R87: =SUM(AA31:AL31) -> 325000 | AR87: 8240 | AS87: =AR87/500000 -> 0.01648 | AU87: =AU86*1% -> 4020.9477
K88: =A33 -> Gifts | L88: =SUM(C33:N33) -> 33000 | N88: =K88 -> Gifts | O88: =SUM(O33:Z33) -> 41000 | Q88: =N88 -> Gifts | R88: =SUM(AA33:AL33) -> 62000 | AO88: 4120 | AP88: =AO88/500000 -> 0.00824 | AR88: 44820 | AS88: =AR88/500000 -> 0.08964
K89: =A34 -> Consultation Fees | L89: =SUM(C34:N34) -> 0 | N89: =K89 -> Consultation Fees | O89: =SUM(O34:Z34) -> 6000 | Q89: =N89 -> Consultation Fees | R89: =SUM(AA34:AL34) -> 6000 | AO89: 22410 | AP89: =AO89/500000 -> 0.04482 | AR89: 89548 | AS89: =AR89/500000 -> 0.179096
K90: =A35 -> Depreciation Expense | L90: =SUM(C35:N35) -> 0 | N90: =K90 -> Depreciation Expense | O90: =SUM(O35:Z35) -> 2160 | Q90: =N90 -> Depreciation Expense | R90: =SUM(AA35:AL35) -> 2160 | AO90: 44774 | AP90: =AO90/500000 -> 0.089548
K91: =A36 -> Printing & Stationery | L91: =SUM(C36:N36) -> 600 | N91: =K91 -> Printing & Stationery | O91: =SUM(O36:Z36) -> 600 | Q91: =N91 -> Printing & Stationery | R91: =SUM(AA36:AL36) -> 600
K92: =A37 -> Subscriptions ( Internet & Mobiles ) | L92: =SUM(C37:N37) -> 900 | N92: =K92 -> Subscriptions ( Internet & Mobiles ) | O92: =SUM(O37:Z37) -> 1200 | Q92: =N92 -> Subscriptions ( Internet & Mobiles ) | R92: =SUM(AA37:AL37) -> 1500
A93: 3- Number of Kuwaitis to be hiring during those years | C93: 2019 | D93: 2020 | E93: =1+D93 -> 2021 | F93: =1+E93 -> 2022 | K93: =A38 -> Vehicle Expenses | L93: =SUM(C38:N38) -> 0 | N93: =K93 -> Vehicle Expenses | O93: =SUM(O38:Z38) -> 0 | Q93: =N93 -> Vehicle Expenses | R93: =SUM(AA38:AL38) -> 0
C94: 9 | D94: 0 | E94: 0 | K94: =A39 -> Repairs and Maintenance | L94: =SUM(C39:N39) -> 540 | N94: =K94 -> Repairs and Maintenance | O94: =SUM(O39:Z39) -> 540 | Q94: =N94 -> Repairs and Maintenance | R94: =SUM(AA39:AL39) -> 540
K95: =A40 -> Hospitality | L95: =SUM(C40:N40) -> 360 | N95: =K95 -> Hospitality | O95: =SUM(O40:Z40) -> 360 | Q95: =N95 -> Hospitality | R95: =SUM(AA40:AL40) -> 360
A96: Manpower for Kashcool Project ( 3 Years ) | K96: =A41 -> Insurance | L96: =SUM(C41:N41) -> 0 | N96: =K96 -> Insurance | O96: =SUM(O41:Z41) -> 0 | Q96: =N96 -> Insurance | R96: =SUM(AA41:AL41) -> 0
A97: Staff Salaries for First Year ( April 2020 ) | K97: =A42 -> Profesional Fees | L97: =SUM(C42:N42) -> 2000 | N97: =K97 -> Profesional Fees | O97: =SUM(O42:Z42) -> 2000 | Q97: =N97 -> Profesional Fees | R97: =SUM(AA42:AL42) -> 2000
H98: =C100+C105+C106+C107+C108+C109 -> 3 | I98: =C117+C118+C119 -> 0 | J98: =C126+C127+C128 -> 0 | K98: =A43 -> Indemnity | L98: 0 | N98: =K98 -> Indemnity | O98: 0 | Q98: =N98 -> Indemnity
A99: Position / Title | B99: Monthly Salary | C99: No. of Employees | D99: Total Monthly Salary | E99: Total Yearly Salary | F99: Nationality | G99: First Year Salary | H99: Social Security 1st Year | I99: Social Security 2nd Year | J99: Social Security 3rd Year | K99: =A44 -> Leave | L99: 0 | N99: =K99 -> Leave | O99: 0 | Q99: =N99 -> Leave | V99: =SUM(C31:AC31) -> 425000 | W99: =V99/V103 -> 0.75710709 | X99: =-H62 -> 0 | Y99: =X99/X103 -> 0 | Z99: =X99+X100 -> 0
A100: General Manager | B100: 2230 | C100: 1 | D100: =B100*C100 -> 2230 | E100: =D100*12 -> 26760 | F100: Kuwaiti | G100: =B100*7 -> 15610 | H100: =D100+D105+D107+D108 -> 2530 | I100: =H100+D117+D118+D119 -> 2530 | J100: =I100+D126+D127+D128 -> 2530 | K100: =A45 -> Telephone & Internet | L100: =SUM(C45:N45) -> 1518.084 | N100: =K100 -> Telephone & Internet | O100: =SUM(O45:Z45) -> 1440 | Q100: =N100 -> Telephone & Internet | R100: =SUM(AA45:AL45) -> 1440 | V100: =SUM(C28:L28) -> 35000 | W100: =V100/V103 -> 0.062349996 | X100: =-O62 -> 0 | Y100: =X100/X103 -> 0
...
